Workbook
Name All_Purpose_Travel: 'Q_Appendix A. Parameter Values'!$C$35
Name All_Purpose_Travel: 'Q_Appendix A. Parameter Values'!$C$35
Name All_Purpose_Travel: 'Q_Appendix A. Parameter Values'!$C$35
Name All_Purpose_Travel: 'Q_Appendix A. Parameter Values'!$C$35
Name All_Purpose_Travel: 'Q_Appendix A. Parameter Values'!$C$35
Name All_Purpose_Travel: 'Q_Appendix A. Parameter Values'!$C$35
Name All_Purpose_Travel: 'Q_Appendix A. Parameter Values'!$C$35
Name All_Purpose_Travel: 'Q_Appendix A. Parameter Values'!$C$35
Name All_Purpose_Travel: 'Q_Appendix A. Parameter Values'!$C$35
Name All_Purpose_Travel: 'Q_Appendix A. Parameter Values'!$C$35
Name All_Purpose_Travel: 'Q_Appendix A. Parameter Values'!$C$35
Name All_Purpose_Travel: 'Q_Appendix A. Parameter Values'!$C$35
Name All_Purpose_Travel: 'Q_Appendix A. Parameter Values'!$C$35
Name All_Purpose_Travel: 'Q_Appendix A. Parameter Values'!$C$35
Name All_Purpose_Travel: 'Q_Appendix A. Parameter Values'!$C$35
Name All_Purpose_Travel: 'Appendix A. Parameter Values'!$C$35
Name AvgDelay_27NB: Table3B.3_27TTS_NB[[#Totals],[Average Delay (hr/veh)]]
Name AvgDelay_27NB: Table3B.3_27TTS_NB[[#Totals],[Average Delay (hr/veh)]]
Name AvgDelay_27NB: Table3B.3_27TTS_NB[[#Totals],[Average Delay (hr/veh)]]
Name AvgDelay_27NB: Table3B.3_27TTS_NB[[#Totals],[Average Delay (hr/veh)]]
Name AvgDelay_27NB: Table3B.3_27TTS_NB[[#Totals],[Average Delay (hr/veh)]]
Name AvgDelay_27NB: Table3B.3_27TTS_NB[[#Totals],[Average Delay (hr/veh)]]
Name AvgDelay_27NB: Table3B.3_27TTS_NB[[#Totals],[Average Delay (hr/veh)]]
Name AvgDelay_27NB: Table3B.3_27TTS_NB100[[#Totals],[Average Delay (hr/veh)]]
Name AvgDelay_27NB: Table3B.3_27TTS_NB100[[#Totals],[Average Delay (hr/veh)]]
Name AvgDelay_27NB: Table3B.3_27TTS_NB100[[#Totals],[Average Delay (hr/veh)]]
Name AvgDelay_27NB: Table3B.3_27TTS_NB100[[#Totals],[Average Delay (hr/veh)]]
Name AvgDelay_27NB: Table3B.3_27TTS_NB100[[#Totals],[Average Delay (hr/veh)]]
Name AvgDelay_27NB: Table3B.3_27TTS_NB100[[#Totals],[Average Delay (hr/veh)]]
Name AvgDelay_27NB: Table3B.3_27TTS_NB100[[#Totals],[Average Delay (hr/veh)]]
Name AvgDelay_27NB: Table3B.3_27TTS_NB100[[#Totals],[Average Delay (hr/veh)]]
Name AvgDelay_27NB: Table3B.3_27TTS_NB100[[#Totals],[Average Delay (hr/veh)]]
Name AvgDelay_27NB: Table3B.3_27TTS_NB100[[#Totals],[Average Delay (hr/veh)]]
Name AvgDelay_27NB: Table3B.3_27TTS_NB100[[#Totals],[Average Delay (hr/veh)]]
Name AvgDelay_27NB: Table3B.3_27TTS_NB100[[#Totals],[Average Delay (hr/veh)]]
Name AvgDelay_27NB: Table3B.3_27TTS_NB100[[#Totals],[Average Delay (hr/veh)]]
Name AvgDelay_27NB: Table3B.3_27TTS_NB100[[#Totals],[Average Delay (hr/veh)]]
Name AvgDelay_27NB: Table3B.3_27TTS_NB100[[#Totals],[Average Delay (hr/veh)]]
Name AvgDelay_27NB: Table3B.3_27TTS_NB[[#Totals],[Average Delay (hr/veh)]]
Name AvgDelay_27PA: Table3B.5_27TTS_PA[[#Totals],[Average Delay: Per Vehicle (hr/veh)]]
Name AvgDelay_27PA: Table3B.5_27TTS_PA[[#Totals],[Average Delay: Per Vehicle (hr/veh)]]
Name AvgDelay_27PA: Table3B.5_27TTS_PA[[#Totals],[Average Delay: Per Vehicle (hr/veh)]]
Name AvgDelay_27PA: Table3B.5_27TTS_PA[[#Totals],[Average Delay: Per Vehicle (hr/veh)]]
Name AvgDelay_27PA: Table3B.5_27TTS_PA[[#Totals],[Average Delay: Per Vehicle (hr/veh)]]
Name AvgDelay_27PA: Table3B.5_27TTS_PA[[#Totals],[Average Delay: Per Vehicle (hr/veh)]]
Name AvgDelay_27PA: Table3B.5_27TTS_PA[[#Totals],[Average Delay: Per Vehicle (hr/veh)]]
Name AvgDelay_27PA: Table3B.5_27TTS_PA101[[#Totals],[Average Delay: Per Vehicle (hr/veh)]]
Name AvgDelay_27PA: Table3B.5_27TTS_PA101[[#Totals],[Average Delay: Per Vehicle (hr/veh)]]
Name AvgDelay_27PA: Table3B.5_27TTS_PA101[[#Totals],[Average Delay: Per Vehicle (hr/veh)]]
Name AvgDelay_27PA: Table3B.5_27TTS_PA101[[#Totals],[Average Delay: Per Vehicle (hr/veh)]]
Name AvgDelay_27PA: Table3B.5_27TTS_PA101[[#Totals],[Average Delay: Per Vehicle (hr/veh)]]
Name AvgDelay_27PA: Table3B.5_27TTS_PA101[[#Totals],[Average Delay: Per Vehicle (hr/veh)]]
Name AvgDelay_27PA: Table3B.5_27TTS_PA101[[#Totals],[Average Delay: Per Vehicle (hr/veh)]]
Name AvgDelay_27PA: Table3B.5_27TTS_PA101[[#Totals],[Average Delay: Per Vehicle (hr/veh)]]
Name AvgDelay_27PA: Table3B.5_27TTS_PA101[[#Totals],[Average Delay: Per Vehicle (hr/veh)]]
Name AvgDelay_27PA: Table3B.5_27TTS_PA101[[#Totals],[Average Delay: Per Vehicle (hr/veh)]]
Name AvgDelay_27PA: Table3B.5_27TTS_PA101[[#Totals],[Average Delay: Per Vehicle (hr/veh)]]
Name AvgDelay_27PA: Table3B.5_27TTS_PA101[[#Totals],[Average Delay: Per Vehicle (hr/veh)]]
Name AvgDelay_27PA: Table3B.5_27TTS_PA101[[#Totals],[Average Delay: Per Vehicle (hr/veh)]]
Name AvgDelay_27PA: Table3B.5_27TTS_PA101[[#Totals],[Average Delay: Per Vehicle (hr/veh)]]

Sheet ALL_ES-1. Executive Summary
A1: Project Benefit-Cost Analysis (BCA) Summary
A2: Project Name: | B2: =Project_Name -> Completing the I-95 Missing Move and Quonset Connector Ramps
A3: Component: | B3: Both Components, [1] Missing Moves and [2] Quonset Connector Ramps
A4: Date: | B4: =Date -> 45159
A6: This project will generate considerable safety, emissions, and time travel savings, which more than offset the cost of construction, work zone impacts, and long-term maintenance costs. The project's costs and benefits are summarized here, and reported in more detail in the "Project B&C Backup by Year" tab, which aggregates the annual benefits and costs from each area of this Benefit-Cost Analysis (BCA). This project has a favorable benefit-cost ratio of 2.18, and a net present value (NPV) of $134,680,926.58, indicating that the Completing the I-95 Missing Move and Quonset Connector Ramps Project is a worthwhile and cost-effective investment. Following a recommendation from USDOT, this BCA separates the two components of this project to evaluate their costs and benefits separately. The tabs pertaining to Component 1, The Missing Moves at I-95 and RI-4, are each labeled with the prefix "MM_" for "Missing Moves." The tabs pertaining to Component 2, the Quonset Connector Ramps, are labeled with the prefix "Q_", for "Quonset". In each section of this BCA, Component 1 costs and benefits appear first, followed by Component 2. This tab and its companion tab, "ALL_ES-2. B&C Summary Backup," tabulate the total costs and benefits of this entire project as a whole. Both components have positive B-C ratios, making each component independently worthwhile and cost-effective investments. However, because the two components complement one another in completing an essential freeway link for freight travel, RIDOT and its co-applicant Quonset Development Corporation (QDC) recommend delivery of the two components as a single project, and preliminary engineering work to date has combined the two components under one contract. Table ES-1.1 summarizes the project's costs and benefits. Table ES-1.2 shows the calculation of the project's benefits by year, discounted at both the primary (7%) and alternative (3%) discount rates. Table ES-1.3 summarizes the project's costs by year, discounted at both the primary (7%) and alternative (3%) discount rates.
E8: Table ES-1.1 Summary of Project Costs and Benefits
E10: Item | F10: Value
E11: Project Benefits Evaluation Period (Years, post-substantial completion) | F11: 30
E12: Primary Discount Rate: | F12: 0.07
E13: Alternative Discount Rate: | F13: 0.03
E14: Present Value Benefit (7%): | F14: =Table76134[[#Totals],[Project Benefits at 7% Discount Rate*]] -> 2.4884125e+08
E15: Present Value Cost (7%): | F15: =Table77135[[#Totals],[Project Costs at 7% Discount Rate]] -> 1.1416033e+08
E16: Project Benefit-Cost Ratio (7%): | F16: =F14/F15 -> 2.1797524
E17: Net Present Value (NPV) (7%) | F17: =Table76134[[#Totals],[Project Benefits at 7% Discount Rate*]]-Table77135[[#Totals],[Project Costs at 7% Discount Rate]] -> 1.3468093e+08
E18: Alternative B-C Ratio (3%) | F18: =Table76134[[#Totals],[Project Benefits at 3% Discount Rate]]/Table77135[[#Totals],[Project Costs at 3% Discount Rate]] -> 3.9748918
E19: Alternative NPV (3%) | F19: =Table76134[[#Totals],[Project Benefits at 3% Discount Rate]]-Table77135[[#Totals],[Project Costs at 3% Discount Rate]] -> 4.1151938e+08
B21: Table ES-1.2 Project Benefits by Year | H21: Table ES-1.3 Project Costs by Year
B23: Year# | C23: Year | D23: Present Value (PV) Project Benefits | E23: Project Benefits at 7% Discount Rate* | F23: Project Benefits at 3% Discount Rate | H23: Present Value (PV) Project Costs | I23: Project Costs at 7% Discount Rate | J23: Project Costs at 3% Discount Rate
B24: 1 | C24: 2022 | D24: ='ALL_ES-2. B&C Summary Backup'!M12 -> 0 | E24: ='ALL_ES-2. B&C Summary Backup'!N12 -> 0 | F24: =$D24/((1+$F$13)^$B24) -> 0 | H24: ='ALL_ES-2. B&C Summary Backup'!E58 -> 1180000 | I24: =$H24/((1+$F$12)^$B24) -> 1102803.7 | J24: =$H24/((1+$F$13)^$B24) -> 1145631.1
B25: 2 | C25: =C24+1 -> 2023 | D25: ='ALL_ES-2. B&C Summary Backup'!M13 -> -113871.34 | E25: ='ALL_ES-2. B&C Summary Backup'!N13 -> -99459.638 | F25: =$D25/((1+$F$13)^$B25) -> -107334.66 | H25: ='ALL_ES-2. B&C Summary Backup'!E59 -> 7580000 | I25: =$H25/((1+$F$12)^$B25) -> 6620665.6 | J25: =$H25/((1+$F$13)^$B25) -> 7144877
B26: 3 | C26: =C25+1 -> 2024 | D26: ='ALL_ES-2. B&C Summary Backup'!M14 -> -498662.78 | E26: ='ALL_ES-2. B&C Summary Backup'!N14 -> -407057.37 | F26: =$D26/((1+$F$13)^$B26) -> -456347.08 | H26: ='ALL_ES-2. B&C Summary Backup'!E60 -> 68400000 | I26: =$H26/((1+$F$12)^$B26) -> 55834775 | J26: =$H26/((1+$F$13)^$B26) -> 62595689
B27: 4 | C27: =C26+1 -> 2025 | D27: ='ALL_ES-2. B&C Summary Backup'!M15 -> -628195.04 | E27: ='ALL_ES-2. B&C Summary Backup'!N15 -> -479246.99 | F27: =$D27/((1+$F$13)^$B27) -> -558143.16 | H27: ='ALL_ES-2. B&C Summary Backup'!E61 -> 29100000 | I27: =$H27/((1+$F$12)^$B27) -> 22200251 | J27: =$H27/((1+$F$13)^$B27) -> 25854973
B28: 5 | C28: =C27+1 -> 2026 | D28: ='ALL_ES-2. B&C Summary Backup'!M16 -> -628195.04 | E28: ='ALL_ES-2. B&C Summary Backup'!N16 -> -447894.38 | F28: =$D28/((1+$F$13)^$B28) -> -541886.56 | H28: ='ALL_ES-2. B&C Summary Backup'!E62 -> 12525000 | I28: =$H28/((1+$F$12)^$B28) -> 8930151.9 | J28: =$H28/((1+$F$13)^$B28) -> 10804175
B29: 6 | C29: =C28+1 -> 2027 | D29: ='ALL_ES-2. B&C Summary Backup'!M17 -> 12929053 | E29: ='ALL_ES-2. B&C Summary Backup'!N17 -> 8616536.4 | F29: =$D29/((1+$F$13)^$B29) -> 10827878 | H29: ='ALL_ES-2. B&C Summary Backup'!E63 -> 16215000 | I29: =$H29/((1+$F$12)^$B29) -> 10804739 | J29: =$H29/((1+$F$13)^$B29) -> 13579807
B30: 7 | C30: =C29+1 -> 2028 | D30: ='ALL_ES-2. B&C Summary Backup'!M18 -> 14718255 | E30: ='ALL_ES-2. B&C Summary Backup'!N18 -> 9167768 | F30: =$D30/((1+$F$13)^$B30) -> 11967288 | H30: ='ALL_ES-2. B&C Summary Backup'!E64 -> 1048166.7 | I30: =$H30/((1+$F$12)^$B30) -> 652745.52 | J30: =$H30/((1+$F$13)^$B30) -> 852255.42
B31: 8 | C31: =C30+1 -> 2029 | D31: ='ALL_ES-2. B&C Summary Backup'!M19 -> 16280202 | E31: ='ALL_ES-2. B&C Summary Backup'!N19 -> 9477901.1 | F31: =$D31/((1+$F$13)^$B31) -> 12851742 | H31: ='ALL_ES-2. B&C Summary Backup'!E65 -> 1048166.7 | I31: =$H31/((1+$F$12)^$B31) -> 610042.54 | J31: =$H31/((1+$F$13)^$B31) -> 827432.45
B32: 9 | C32: =C31+1 -> 2030 | D32: ='ALL_ES-2. B&C Summary Backup'!M20 -> 17756415 | E32: ='ALL_ES-2. B&C Summary Backup'!N20 -> 9661811 | F32: =$D32/((1+$F$13)^$B32) -> 13608814 | H32: ='ALL_ES-2. B&C Summary Backup'!E66 -> 1048166.7 | I32: =$H32/((1+$F$12)^$B32) -> 570133.22 | J32: =$H32/((1+$F$13)^$B32) -> 803332.47
B33: 10 | C33: =C32+1 -> 2031 | D33: ='ALL_ES-2. B&C Summary Backup'!M21 -> 19231062 | E33: ='ALL_ES-2. B&C Summary Backup'!N21 -> 9780437.1 | F33: =$D33/((1+$F$13)^$B33) -> 14309716 | H33: ='ALL_ES-2. B&C Summary Backup'!E67 -> 1048166.7 | I33: =$H33/((1+$F$12)^$B33) -> 532834.78 | J33: =$H33/((1+$F$13)^$B33) -> 779934.44
B34: 11 | C34: =C33+1 -> 2032 | D34: ='ALL_ES-2. B&C Summary Backup'!M22 -> 20706519 | E34: ='ALL_ES-2. B&C Summary Backup'!N22 -> 9842937.6 | F34: =$D34/((1+$F$13)^$B34) -> 14958830 | H34: ='ALL_ES-2. B&C Summary Backup'!E68 -> 1048166.7 | I34: =$H34/((1+$F$12)^$B34) -> 497976.43 | J34: =$H34/((1+$F$13)^$B34) -> 757217.9
B35: 12 | C35: =C34+1 -> 2033 | D35: ='ALL_ES-2. B&C Summary Backup'!M23 -> 22181976 | E35: ='ALL_ES-2. B&C Summary Backup'!N23 -> 9855603.4 | F35: =$D35/((1+$F$13)^$B35) -> 15557992 | H35: ='ALL_ES-2. B&C Summary Backup'!E69 -> 1048166.7 | I35: =$H35/((1+$F$12)^$B35) -> 465398.54 | J35: =$H35/((1+$F$13)^$B35) -> 735163.01
B36: 13 | C36: =C35+1 -> 2034 | D36: ='ALL_ES-2. B&C Summary Backup'!M24 -> 23657433 | E36: ='ALL_ES-2. B&C Summary Backup'!N24 -> 9824684.8 | F36: =$D36/((1+$F$13)^$B36) -> 16109561 | H36: ='ALL_ES-2. B&C Summary Backup'!E70 -> 1048166.7 | I36: =$H36/((1+$F$12)^$B36) -> 434951.9 | J36: =$H36/((1+$F$13)^$B36) -> 713750.5
... B59: 36 | C59: =C58+1 -> 2057 | D59: ='ALL_ES-2. B&C Summary Backup'!M47 -> 56131944 | E59: ='ALL_ES-2. B&C Summary Backup'!N47 -> 4941717.7 | F59: =$D59/((1+$F$13)^$B59) -> 19367341 | H59: ='ALL_ES-2. B&C Summary Backup'!E93 -> 1048166.7 | I59: =$H59/((1+$F$12)^$B59) -> 91751.748 | J59: =$H59/((1+$F$13)^$B59) -> 361651.49
B60: Total | D60: =SUBTOTAL(109,Table76134[Present Value (PV) Project Benefits]) -> 1.0954682e+09 | E60: =SUBTOTAL(109,Table76134[Project Benefits at 7% Discount Rate*]) -> 2.4884125e+08 | F60: =SUBTOTAL(109,Table76134[Project Benefits at 3% Discount Rate]) -> 5.4985025e+08 | H60: =SUBTOTAL(109,Table77135[Present Value (PV) Project Costs]) -> 1.66445e+08 | I60: =SUBTOTAL(109,Table77135[Project Costs at 7% Discount Rate]) -> 1.1416033e+08 | J60: =SUBTOTAL(109,Table77135[Project Costs at 3% Discount Rate]) -> 1.3833087e+08

Sheet ALL_ES-2. B&C Summary Backup
A1: Project Benefit-Cost Analysis (BCA) Summary
A2: Project Name: | B2: =Project_Name -> Completing the I-95 Missing Move and Quonset Connector Ramps
A3: Component: | B3: Component 1, The Missing Moves
A4: Date: | B4: =Date -> 45159
A7: This tab provides a summary of project costs and benefits by year. Table ES-2.1 shows all project benefits by year. Table ES-2.2 shows all project costs by year. All estimates of project benefits and costs are derived from calculations presented in tabs 1 thru 12. All methodological assumptions and data sources are provided on the relevant sheets.
A9: Table ES-2.1 Project Benefits by Year
A11: Year # | B11: Year | C11: Safety Benefits | D11: Emissions Benefits, NOT Including CO2 | E11: Emissions Benefits, CO2 Only | F11: Travel Time Savings Benefits | G11: Foregone Cost Savings | H11: Work Zone Disbenefits | I11: Transit Facility Benefits | J11: Pedestrian Facility Benefits | K11: Cycling Facility Benefits | L11: Mortality Reduction Benefits | M11: TOTAL BENEFITS | N11: TOTAL BENEFITS at 7% Discount Rate (CO2 Discounted at 3% per NOFO) | O11: TOTAL BENEFITS at 3% Discount Rate
A12: 1 | B12: =First_Year -> 2023 | C12: ='MM_ES-2. B&C Summary Backup'!C12+'Q_ES-2. B&C Summary Backup'!C12 -> 0 | D12: ='MM_ES-2. B&C Summary Backup'!D12+'Q_ES-2. B&C Summary Backup'!D12 -> 0 | E12: ='MM_ES-2. B&C Summary Backup'!E12+'Q_ES-2. B&C Summary Backup'!E12 -> 0 | F12: ='MM_ES-2. B&C Summary Backup'!F12+'Q_ES-2. B&C Summary Backup'!F12 -> 0 | G12: ='MM_ES-2. B&C Summary Backup'!G12+'Q_ES-2. B&C Summary Backup'!G12 -> 0 | H12: ='MM_ES-2. B&C Summary Backup'!H12+'Q_ES-2. B&C Summary Backup'!H12 -> 0 | I12: ='MM_ES-2. B&C Summary Backup'!I12+'Q_ES-2. B&C Summary Backup'!I12 -> 0 | J12: ='MM_ES-2. B&C Summary Backup'!J12+'Q_ES-2. B&C Summary Backup'!J12 -> 0 | ... L12: ='MM_ES-2. B&C Summary Backup'!L12+'Q_ES-2. B&C Summary Backup'!L12 -> 0 | M12: =SUM(C12:L12) -> 0 | N12: =(($M12-$E12)/((1+'MM_ES-1. Executive Summary'!$F$12)^$A12))+($E12/(1+'MM_ES-1. Executive Summary'!$F$13)^$A12) -> 0 | O12: =$M12/((1+'MM_ES-1. Executive Summary'!$F$13)^$A12) -> 0
A13: =A12+1 -> 2 | B13: =IFERROR(IF(B12+1<Last_Year+1,B12+1,""),"") -> 2024 | C13: ='MM_ES-2. B&C Summary Backup'!C13+'Q_ES-2. B&C Summary Backup'!C13 -> 0 | D13: ='MM_ES-2. B&C Summary Backup'!D13+'Q_ES-2. B&C Summary Backup'!D13 -> 0 | E13: ='MM_ES-2. B&C Summary Backup'!E13+'Q_ES-2. B&C Summary Backup'!E13 -> 0 | F13: ='MM_ES-2. B&C Summary Backup'!F13+'Q_ES-2. B&C Summary Backup'!F13 -> 0 | G13: ='MM_ES-2. B&C Summary Backup'!G13+'Q_ES-2. B&C Summary Backup'!G13 -> 0 | H13: ='MM_ES-2. B&C Summary Backup'!H13+'Q_ES-2. B&C Summary Backup'!H13 -> -113871.34 | I13: ='MM_ES-2. B&C Summary Backup'!I13+'Q_ES-2. B&C Summary Backup'!I13 -> 0 | J13: ='MM_ES-2. B&C Summary Backup'!J13+'Q_ES-2. B&C Summary Backup'!J13 -> 0 | ... L13: ='MM_ES-2. B&C Summary Backup'!L13+'Q_ES-2. B&C Summary Backup'!L13 -> 0 | M13: =SUM(C13:L13) -> -113871.34 | N13: =(($M13-$E13)/((1+'MM_ES-1. Executive Summary'!$F$12)^$A13))+($E13/(1+'MM_ES-1. Executive Summary'!$F$13)^$A13) -> -99459.638 | O13: =$M13/((1+'MM_ES-1. Executive Summary'!$F$13)^$A13) -> -107334.66
A14: =A13+1 -> 3 | B14: =IFERROR(IF(B13+1<Last_Year+1,B13+1,""),"") -> 2025 | C14: ='MM_ES-2. B&C Summary Backup'!C14+'Q_ES-2. B&C Summary Backup'!C14 -> 0 | D14: ='MM_ES-2. B&C Summary Backup'!D14+'Q_ES-2. B&C Summary Backup'!D14 -> 0 | E14: ='MM_ES-2. B&C Summary Backup'!E14+'Q_ES-2. B&C Summary Backup'!E14 -> 0 | F14: ='MM_ES-2. B&C Summary Backup'!F14+'Q_ES-2. B&C Summary Backup'!F14 -> 0 | G14: ='MM_ES-2. B&C Summary Backup'!G14+'Q_ES-2. B&C Summary Backup'!G14 -> 0 | H14: ='MM_ES-2. B&C Summary Backup'!H14+'Q_ES-2. B&C Summary Backup'!H14 -> -498662.78 | I14: ='MM_ES-2. B&C Summary Backup'!I14+'Q_ES-2. B&C Summary Backup'!I14 -> 0 | J14: ='MM_ES-2. B&C Summary Backup'!J14+'Q_ES-2. B&C Summary Backup'!J14 -> 0 | ... L14: ='MM_ES-2. B&C Summary Backup'!L14+'Q_ES-2. B&C Summary Backup'!L14 -> 0 | M14: =SUM(C14:L14) -> -498662.78 | N14: =(($M14-$E14)/((1+'MM_ES-1. Executive Summary'!$F$12)^$A14))+($E14/(1+'MM_ES-1. Executive Summary'!$F$13)^$A14) -> -407057.37 | O14: =$M14/((1+'MM_ES-1. Executive Summary'!$F$13)^$A14) -> -456347.08
A15: =A14+1 -> 4 | B15: =IFERROR(IF(B14+1<Last_Year+1,B14+1,""),"") -> 2026 | C15: ='MM_ES-2. B&C Summary Backup'!C15+'Q_ES-2. B&C Summary Backup'!C15 -> 0 | D15: ='MM_ES-2. B&C Summary Backup'!D15+'Q_ES-2. B&C Summary Backup'!D15 -> 0 | E15: ='MM_ES-2. B&C Summary Backup'!E15+'Q_ES-2. B&C Summary Backup'!E15 -> 0 | F15: ='MM_ES-2. B&C Summary Backup'!F15+'Q_ES-2. B&C Summary Backup'!F15 -> 0 | G15: ='MM_ES-2. B&C Summary Backup'!G15+'Q_ES-2. B&C Summary Backup'!G15 -> 0 | H15: ='MM_ES-2. B&C Summary Backup'!H15+'Q_ES-2. B&C Summary Backup'!H15 -> -628195.04 | I15: ='MM_ES-2. B&C Summary Backup'!I15+'Q_ES-2. B&C Summary Backup'!I15 -> 0 | J15: ='MM_ES-2. B&C Summary Backup'!J15+'Q_ES-2. B&C Summary Backup'!J15 -> 0 | ... L15: ='MM_ES-2. B&C Summary Backup'!L15+'Q_ES-2. B&C Summary Backup'!L15 -> 0 | M15: =SUM(C15:L15) -> -628195.04 | N15: =(($M15-$E15)/((1+'MM_ES-1. Executive Summary'!$F$12)^$A15))+($E15/(1+'MM_ES-1. Executive Summary'!$F$13)^$A15) -> -479246.99 | O15: =$M15/((1+'MM_ES-1. Executive Summary'!$F$13)^$A15) -> -558143.16
A16: =A15+1 -> 5 | B16: =IFERROR(IF(B15+1<Last_Year+1,B15+1,""),"") -> 2027 | C16: ='MM_ES-2. B&C Summary Backup'!C16+'Q_ES-2. B&C Summary Backup'!C16 -> 0 | D16: ='MM_ES-2. B&C Summary Backup'!D16+'Q_ES-2. B&C Summary Backup'!D16 -> 0 | E16: ='MM_ES-2. B&C Summary Backup'!E16+'Q_ES-2. B&C Summary Backup'!E16 -> 0 | F16: ='MM_ES-2. B&C Summary Backup'!F16+'Q_ES-2. B&C Summary Backup'!F16 -> 0 | G16: ='MM_ES-2. B&C Summary Backup'!G16+'Q_ES-2. B&C Summary Backup'!G16 -> 0 | H16: ='MM_ES-2. B&C Summary Backup'!H16+'Q_ES-2. B&C Summary Backup'!H16 -> -628195.04 | I16: ='MM_ES-2. B&C Summary Backup'!I16+'Q_ES-2. B&C Summary Backup'!I16 -> 0 | J16: ='MM_ES-2. B&C Summary Backup'!J16+'Q_ES-2. B&C Summary Backup'!J16 -> 0 | ... L16: ='MM_ES-2. B&C Summary Backup'!L16+'Q_ES-2. B&C Summary Backup'!L16 -> 0 | M16: =SUM(C16:L16) -> -628195.04 | N16: =(($M16-$E16)/((1+'MM_ES-1. Executive Summary'!$F$12)^$A16))+($E16/(1+'MM_ES-1. Executive Summary'!$F$13)^$A16) -> -447894.38 | O16: =$M16/((1+'MM_ES-1. Executive Summary'!$F$13)^$A16) -> -541886.56
A17: =A16+1 -> 6 | B17: =IFERROR(IF(B16+1<Last_Year+1,B16+1,""),"") -> 2028 | C17: ='MM_ES-2. B&C Summary Backup'!C17+'Q_ES-2. B&C Summary Backup'!C17 -> 723725.8 | D17: ='MM_ES-2. B&C Summary Backup'!D17+'Q_ES-2. B&C Summary Backup'!D17 -> 66422.645 | E17: ='MM_ES-2. B&C Summary Backup'!E17+'Q_ES-2. B&C Summary Backup'!E17 -> 7962.8778 | F17: ='MM_ES-2. B&C Summary Backup'!F17+'Q_ES-2. B&C Summary Backup'!F17 -> 12531394 | G17: ='MM_ES-2. B&C Summary Backup'!G17+'Q_ES-2. B&C Summary Backup'!G17 -> 0 | H17: ='MM_ES-2. B&C Summary Backup'!H17+'Q_ES-2. B&C Summary Backup'!H17 -> -400452.36 | I17: ='MM_ES-2. B&C Summary Backup'!I17+'Q_ES-2. B&C Summary Backup'!I17 -> 0 | J17: ='MM_ES-2. B&C Summary Backup'!J17+'Q_ES-2. B&C Summary Backup'!J17 -> 0 | ... L17: ='MM_ES-2. B&C Summary Backup'!L17+'Q_ES-2. B&C Summary Backup'!L17 -> 0 | M17: =SUM(C17:L17) -> 12929053 | N17: =(($M17-$E17)/((1+'MM_ES-1. Executive Summary'!$F$12)^$A17))+($E17/(1+'MM_ES-1. Executive Summary'!$F$13)^$A17) -> 8616536.4 | O17: =$M17/((1+'MM_ES-1. Executive Summary'!$F$13)^$A17) -> 10827878
A18: =A17+1 -> 7 | B18: =IFERROR(IF(B17+1<Last_Year+1,B17+1,""),"") -> 2029 | C18: ='MM_ES-2. B&C Summary Backup'!C18+'Q_ES-2. B&C Summary Backup'!C18 -> 723725.8 | D18: ='MM_ES-2. B&C Summary Backup'!D18+'Q_ES-2. B&C Summary Backup'!D18 -> 78096.082 | E18: ='MM_ES-2. B&C Summary Backup'!E18+'Q_ES-2. B&C Summary Backup'!E18 -> 10393.987 | F18: ='MM_ES-2. B&C Summary Backup'!F18+'Q_ES-2. B&C Summary Backup'!F18 -> 13992394 | G18: ='MM_ES-2. B&C Summary Backup'!G18+'Q_ES-2. B&C Summary Backup'!G18 -> 0 | H18: ='MM_ES-2. B&C Summary Backup'!H18+'Q_ES-2. B&C Summary Backup'!H18 -> -86354.842 | I18: ='MM_ES-2. B&C Summary Backup'!I18+'Q_ES-2. B&C Summary Backup'!I18 -> 0 | J18: ='MM_ES-2. B&C Summary Backup'!J18+'Q_ES-2. B&C Summary Backup'!J18 -> 0 | ... L18: ='MM_ES-2. B&C Summary Backup'!L18+'Q_ES-2. B&C Summary Backup'!L18 -> 0 | M18: =SUM(C18:L18) -> 14718255 | N18: =(($M18-$E18)/((1+'MM_ES-1. Executive Summary'!$F$12)^$A18))+($E18/(1+'MM_ES-1. Executive Summary'!$F$13)^$A18) -> 9167768 | O18: =$M18/((1+'MM_ES-1. Executive Summary'!$F$13)^$A18) -> 11967288
A19: =A18+1 -> 8 | B19: =IFERROR(IF(B18+1<Last_Year+1,B18+1,""),"") -> 2030 | C19: ='MM_ES-2. B&C Summary Backup'!C19+'Q_ES-2. B&C Summary Backup'!C19 -> 723725.8 | D19: ='MM_ES-2. B&C Summary Backup'!D19+'Q_ES-2. B&C Summary Backup'!D19 -> 90182.249 | E19: ='MM_ES-2. B&C Summary Backup'!E19+'Q_ES-2. B&C Summary Backup'!E19 -> 12899.308 | F19: ='MM_ES-2. B&C Summary Backup'!F19+'Q_ES-2. B&C Summary Backup'!F19 -> 15453395 | G19: ='MM_ES-2. B&C Summary Backup'!G19+'Q_ES-2. B&C Summary Backup'!G19 -> 0 | H19: ='MM_ES-2. B&C Summary Backup'!H19+'Q_ES-2. B&C Summary Backup'!H19 -> 0 | I19: ='MM_ES-2. B&C Summary Backup'!I19+'Q_ES-2. B&C Summary Backup'!I19 -> 0 | J19: ='MM_ES-2. B&C Summary Backup'!J19+'Q_ES-2. B&C Summary Backup'!J19 -> 0 | ... L19: ='MM_ES-2. B&C Summary Backup'!L19+'Q_ES-2. B&C Summary Backup'!L19 -> 0 | M19: =SUM(C19:L19) -> 16280202 | N19: =(($M19-$E19)/((1+'MM_ES-1. Executive Summary'!$F$12)^$A19))+($E19/(1+'MM_ES-1. Executive Summary'!$F$13)^$A19) -> 9477901.1 | O19: =$M19/((1+'MM_ES-1. Executive Summary'!$F$13)^$A19) -> 12851742
A20: =A19+1 -> 9 | B20: =IFERROR(IF(B19+1<Last_Year+1,B19+1,""),"") -> 2031 | C20: ='MM_ES-2. B&C Summary Backup'!C20+'Q_ES-2. B&C Summary Backup'!C20 -> 723725.8 | D20: ='MM_ES-2. B&C Summary Backup'!D20+'Q_ES-2. B&C Summary Backup'!D20 -> 102573.45 | E20: ='MM_ES-2. B&C Summary Backup'!E20+'Q_ES-2. B&C Summary Backup'!E20 -> 15720.698 | F20: ='MM_ES-2. B&C Summary Backup'!F20+'Q_ES-2. B&C Summary Backup'!F20 -> 16914395 | G20: ='MM_ES-2. B&C Summary Backup'!G20+'Q_ES-2. B&C Summary Backup'!G20 -> 0 | H20: ='MM_ES-2. B&C Summary Backup'!H20+'Q_ES-2. B&C Summary Backup'!H20 -> 0 | I20: ='MM_ES-2. B&C Summary Backup'!I20+'Q_ES-2. B&C Summary Backup'!I20 -> 0 | J20: ='MM_ES-2. B&C Summary Backup'!J20+'Q_ES-2. B&C Summary Backup'!J20 -> 0 | ... L20: ='MM_ES-2. B&C Summary Backup'!L20+'Q_ES-2. B&C Summary Backup'!L20 -> 0 | M20: =SUM(C20:L20) -> 17756415 | N20: =(($M20-$E20)/((1+'MM_ES-1. Executive Summary'!$F$12)^$A20))+($E20/(1+'MM_ES-1. Executive Summary'!$F$13)^$A20) -> 9661811 | O20: =$M20/((1+'MM_ES-1. Executive Summary'!$F$13)^$A20) -> 13608814
A21: =A20+1 -> 10 | B21: =IFERROR(IF(B20+1<Last_Year+1,B20+1,""),"") -> 2032 | C21: ='MM_ES-2. B&C Summary Backup'!C21+'Q_ES-2. B&C Summary Backup'!C21 -> 723725.8 | D21: ='MM_ES-2. B&C Summary Backup'!D21+'Q_ES-2. B&C Summary Backup'!D21 -> 113528.54 | E21: ='MM_ES-2. B&C Summary Backup'!E21+'Q_ES-2. B&C Summary Backup'!E21 -> 18411.549 | F21: ='MM_ES-2. B&C Summary Backup'!F21+'Q_ES-2. B&C Summary Backup'!F21 -> 18375396 | G21: ='MM_ES-2. B&C Summary Backup'!G21+'Q_ES-2. B&C Summary Backup'!G21 -> 0 | H21: ='MM_ES-2. B&C Summary Backup'!H21+'Q_ES-2. B&C Summary Backup'!H21 -> 0 | I21: ='MM_ES-2. B&C Summary Backup'!I21+'Q_ES-2. B&C Summary Backup'!I21 -> 0 | J21: ='MM_ES-2. B&C Summary Backup'!J21+'Q_ES-2. B&C Summary Backup'!J21 -> 0 | ... L21: ='MM_ES-2. B&C Summary Backup'!L21+'Q_ES-2. B&C Summary Backup'!L21 -> 0 | M21: =SUM(C21:L21) -> 19231062 | N21: =(($M21-$E21)/((1+'MM_ES-1. Executive Summary'!$F$12)^$A21))+($E21/(1+'MM_ES-1. Executive Summary'!$F$13)^$A21) -> 9780437.1 | O21: =$M21/((1+'MM_ES-1. Executive Summary'!$F$13)^$A21) -> 14309716
A22: =A21+1 -> 11 | B22: =IFERROR(IF(B21+1<Last_Year+1,B21+1,""),"") -> 2033 | C22: ='MM_ES-2. B&C Summary Backup'!C22+'Q_ES-2. B&C Summary Backup'!C22 -> 723725.8 | D22: ='MM_ES-2. B&C Summary Backup'!D22+'Q_ES-2. B&C Summary Backup'!D22 -> 124483.64 | E22: ='MM_ES-2. B&C Summary Backup'!E22+'Q_ES-2. B&C Summary Backup'!E22 -> 21912.919 | F22: ='MM_ES-2. B&C Summary Backup'!F22+'Q_ES-2. B&C Summary Backup'!F22 -> 19836396 | G22: ='MM_ES-2. B&C Summary Backup'!G22+'Q_ES-2. B&C Summary Backup'!G22 -> 0 | H22: ='MM_ES-2. B&C Summary Backup'!H22+'Q_ES-2. B&C Summary Backup'!H22 -> 0 | I22: ='MM_ES-2. B&C Summary Backup'!I22+'Q_ES-2. B&C Summary Backup'!I22 -> 0 | J22: ='MM_ES-2. B&C Summary Backup'!J22+'Q_ES-2. B&C Summary Backup'!J22 -> 0 | ... L22: ='MM_ES-2. B&C Summary Backup'!L22+'Q_ES-2. B&C Summary Backup'!L22 -> 0 | M22: =SUM(C22:L22) -> 20706519 | N22: =(($M22-$E22)/((1+'MM_ES-1. Executive Summary'!$F$12)^$A22))+($E22/(1+'MM_ES-1. Executive Summary'!$F$13)^$A22) -> 9842937.6 | O22: =$M22/((1+'MM_ES-1. Executive Summary'!$F$13)^$A22) -> 14958830
A23: =A22+1 -> 12 | B23: =IFERROR(IF(B22+1<Last_Year+1,B22+1,""),"") -> 2034 | C23: ='MM_ES-2. B&C Summary Backup'!C23+'Q_ES-2. B&C Summary Backup'!C23 -> 723725.8 | D23: ='MM_ES-2. B&C Summary Backup'!D23+'Q_ES-2. B&C Summary Backup'!D23 -> 135438.74 | E23: ='MM_ES-2. B&C Summary Backup'!E23+'Q_ES-2. B&C Summary Backup'!E23 -> 25414.29 | F23: ='MM_ES-2. B&C Summary Backup'!F23+'Q_ES-2. B&C Summary Backup'!F23 -> 21297397 | G23: ='MM_ES-2. B&C Summary Backup'!G23+'Q_ES-2. B&C Summary Backup'!G23 -> 0 | H23: 0 | I23: ='MM_ES-2. B&C Summary Backup'!I23+'Q_ES-2. B&C Summary Backup'!I23 -> 0 | J23: ='MM_ES-2. B&C Summary Backup'!J23+'Q_ES-2. B&C Summary Backup'!J23 -> 0 | K23: ='MM_ES-2. B&C Summary Backup'!K23+'Q_ES-2. B&C Summary Backup'!K23 -> 0 | L23: ='MM_ES-2. B&C Summary Backup'!L23+'Q_ES-2. B&C Summary Backup'!L23 -> 0 | M23: =SUM(C23:L23) -> 22181976 | N23: =(($M23-$E23)/((1+'MM_ES-1. Executive Summary'!$F$12)^$A23))+($E23/(1+'MM_ES-1. Executive Summary'!$F$13)^$A23) -> 9855603.4 | O23: =$M23/((1+'MM_ES-1. Executive Summary'!$F$13)^$A23) -> 15557992
A24: =A23+1 -> 13 | B24: =IFERROR(IF(B23+1<Last_Year+1,B23+1,""),"") -> 2035 | C24: ='MM_ES-2. B&C Summary Backup'!C24+'Q_ES-2. B&C Summary Backup'!C24 -> 723725.8 | D24: ='MM_ES-2. B&C Summary Backup'!D24+'Q_ES-2. B&C Summary Backup'!D24 -> 146393.83 | E24: ='MM_ES-2. B&C Summary Backup'!E24+'Q_ES-2. B&C Summary Backup'!E24 -> 28915.661 | F24: ='MM_ES-2. B&C Summary Backup'!F24+'Q_ES-2. B&C Summary Backup'!F24 -> 22758398 | G24: ='MM_ES-2. B&C Summary Backup'!G24+'Q_ES-2. B&C Summary Backup'!G24 -> 0 | H24: 0 | I24: ='MM_ES-2. B&C Summary Backup'!I24+'Q_ES-2. B&C Summary Backup'!I24 -> 0 | J24: ='MM_ES-2. B&C Summary Backup'!J24+'Q_ES-2. B&C Summary Backup'!J24 -> 0 | K24: ='MM_ES-2. B&C Summary Backup'!K24+'Q_ES-2. B&C Summary Backup'!K24 -> 0 | L24: ='MM_ES-2. B&C Summary Backup'!L24+'Q_ES-2. B&C Summary Backup'!L24 -> 0 | M24: =SUM(C24:L24) -> 23657433 | N24: =(($M24-$E24)/((1+'MM_ES-1. Executive Summary'!$F$12)^$A24))+($E24/(1+'MM_ES-1. Executive Summary'!$F$13)^$A24) -> 9824684.8 | O24: =$M24/((1+'MM_ES-1. Executive Summary'!$F$13)^$A24) -> 16109561
A25: =A24+1 -> 14 | B25: =IFERROR(IF(B24+1<Last_Year+1,B24+1,""),"") -> 2036 | C25: ='MM_ES-2. B&C Summary Backup'!C25+'Q_ES-2. B&C Summary Backup'!C25 -> 723725.8 | D25: ='MM_ES-2. B&C Summary Backup'!D25+'Q_ES-2. B&C Summary Backup'!D25 -> 157348.93 | E25: ='MM_ES-2. B&C Summary Backup'!E25+'Q_ES-2. B&C Summary Backup'!E25 -> 32417.032 | F25: ='MM_ES-2. B&C Summary Backup'!F25+'Q_ES-2. B&C Summary Backup'!F25 -> 24219398 | G25: ='MM_ES-2. B&C Summary Backup'!G25+'Q_ES-2. B&C Summary Backup'!G25 -> 0 | H25: 0 | I25: ='MM_ES-2. B&C Summary Backup'!I25+'Q_ES-2. B&C Summary Backup'!I25 -> 0 | J25: ='MM_ES-2. B&C Summary Backup'!J25+'Q_ES-2. B&C Summary Backup'!J25 -> 0 | K25: ='MM_ES-2. B&C Summary Backup'!K25+'Q_ES-2. B&C Summary Backup'!K25 -> 0 | L25: ='MM_ES-2. B&C Summary Backup'!L25+'Q_ES-2. B&C Summary Backup'!L25 -> 0 | M25: =SUM(C25:L25) -> 25132890 | N25: =(($M25-$E25)/((1+'MM_ES-1. Executive Summary'!$F$12)^$A25))+($E25/(1+'MM_ES-1. Executive Summary'!$F$13)^$A25) -> 9755827.6 | O25: =$M25/((1+'MM_ES-1. Executive Summary'!$F$13)^$A25) -> 16615801
A26: =A25+1 -> 15 | B26: =IFERROR(IF(B25+1<Last_Year+1,B25+1,""),"") -> 2037 | C26: ='MM_ES-2. B&C Summary Backup'!C26+'Q_ES-2. B&C Summary Backup'!C26 -> 723725.8 | D26: ='MM_ES-2. B&C Summary Backup'!D26+'Q_ES-2. B&C Summary Backup'!D26 -> 168304.03 | E26: ='MM_ES-2. B&C Summary Backup'!E26+'Q_ES-2. B&C Summary Backup'!E26 -> 35918.402 | F26: ='MM_ES-2. B&C Summary Backup'!F26+'Q_ES-2. B&C Summary Backup'!F26 -> 25680399 | G26: ='MM_ES-2. B&C Summary Backup'!G26+'Q_ES-2. B&C Summary Backup'!G26 -> 0 | H26: 0 | I26: ='MM_ES-2. B&C Summary Backup'!I26+'Q_ES-2. B&C Summary Backup'!I26 -> 0 | J26: ='MM_ES-2. B&C Summary Backup'!J26+'Q_ES-2. B&C Summary Backup'!J26 -> 0 | K26: ='MM_ES-2. B&C Summary Backup'!K26+'Q_ES-2. B&C Summary Backup'!K26 -> 0 | L26: ='MM_ES-2. B&C Summary Backup'!L26+'Q_ES-2. B&C Summary Backup'!L26 -> 0 | M26: =SUM(C26:L26) -> 26608347 | N26: =(($M26-$E26)/((1+'MM_ES-1. Executive Summary'!$F$12)^$A26))+($E26/(1+'MM_ES-1. Executive Summary'!$F$13)^$A26) -> 9654125.6 | O26: =$M26/((1+'MM_ES-1. Executive Summary'!$F$13)^$A26) -> 17078885
A27: =A26+1 -> 16 | B27: =IFERROR(IF(B26+1<Last_Year+1,B26+1,""),"") -> 2038 | C27: ='MM_ES-2. B&C Summary Backup'!C27+'Q_ES-2. B&C Summary Backup'!C27 -> 723725.8 | D27: ='MM_ES-2. B&C Summary Backup'!D27+'Q_ES-2. B&C Summary Backup'!D27 -> 179259.13 | E27: ='MM_ES-2. B&C Summary Backup'!E27+'Q_ES-2. B&C Summary Backup'!E27 -> 39419.773 | F27: ='MM_ES-2. B&C Summary Backup'!F27+'Q_ES-2. B&C Summary Backup'!F27 -> 27141399 | G27: ='MM_ES-2. B&C Summary Backup'!G27+'Q_ES-2. B&C Summary Backup'!G27 -> 0 | H27: 0 | I27: ='MM_ES-2. B&C Summary Backup'!I27+'Q_ES-2. B&C Summary Backup'!I27 -> 0 | J27: ='MM_ES-2. B&C Summary Backup'!J27+'Q_ES-2. B&C Summary Backup'!J27 -> 0 | K27: ='MM_ES-2. B&C Summary Backup'!K27+'Q_ES-2. B&C Summary Backup'!K27 -> 0 | L27: ='MM_ES-2. B&C Summary Backup'!L27+'Q_ES-2. B&C Summary Backup'!L27 -> 0 | M27: =SUM(C27:L27) -> 28083804 | N27: =(($M27-$E27)/((1+'MM_ES-1. Executive Summary'!$F$12)^$A27))+($E27/(1+'MM_ES-1. Executive Summary'!$F$13)^$A27) -> 9524168.3 | O27: =$M27/((1+'MM_ES-1. Executive Summary'!$F$13)^$A27) -> 17500898
A28: =A27+1 -> 17 | B28: =IFERROR(IF(B27+1<Last_Year+1,B27+1,""),"") -> 2039 | C28: ='MM_ES-2. B&C Summary Backup'!C28+'Q_ES-2. B&C Summary Backup'!C28 -> 723725.8 | D28: ='MM_ES-2. B&C Summary Backup'!D28+'Q_ES-2. B&C Summary Backup'!D28 -> 190214.22 | E28: ='MM_ES-2. B&C Summary Backup'!E28+'Q_ES-2. B&C Summary Backup'!E28 -> 42921.144 | F28: ='MM_ES-2. B&C Summary Backup'!F28+'Q_ES-2. B&C Summary Backup'!F28 -> 28602400 | G28: ='MM_ES-2. B&C Summary Backup'!G28+'Q_ES-2. B&C Summary Backup'!G28 -> 0 | H28: 0 | I28: ='MM_ES-2. B&C Summary Backup'!I28+'Q_ES-2. B&C Summary Backup'!I28 -> 0 | J28: ='MM_ES-2. B&C Summary Backup'!J28+'Q_ES-2. B&C Summary Backup'!J28 -> 0 | K28: ='MM_ES-2. B&C Summary Backup'!K28+'Q_ES-2. B&C Summary Backup'!K28 -> 0 | L28: ='MM_ES-2. B&C Summary Backup'!L28+'Q_ES-2. B&C Summary Backup'!L28 -> 0 | M28: =SUM(C28:L28) -> 29559261 | N28: =(($M28-$E28)/((1+'MM_ES-1. Executive Summary'!$F$12)^$A28))+($E28/(1+'MM_ES-1. Executive Summary'!$F$13)^$A28) -> 9370085.3 | O28: =$M28/((1+'MM_ES-1. Executive Summary'!$F$13)^$A28) -> 17883839
A29: =A28+1 -> 18 | B29: =IFERROR(IF(B28+1<Last_Year+1,B28+1,""),"") -> 2040 | C29: ='MM_ES-2. B&C Summary Backup'!C29+'Q_ES-2. B&C Summary Backup'!C29 -> 723725.8 | D29: ='MM_ES-2. B&C Summary Backup'!D29+'Q_ES-2. B&C Summary Backup'!D29 -> 201169.32 | E29: ='MM_ES-2. B&C Summary Backup'!E29+'Q_ES-2. B&C Summary Backup'!E29 -> 46422.515 | F29: ='MM_ES-2. B&C Summary Backup'!F29+'Q_ES-2. B&C Summary Backup'!F29 -> 30063401 | G29: ='MM_ES-2. B&C Summary Backup'!G29+'Q_ES-2. B&C Summary Backup'!G29 -> 0 | H29: 0 | I29: ='MM_ES-2. B&C Summary Backup'!I29+'Q_ES-2. B&C Summary Backup'!I29 -> 0 | J29: ='MM_ES-2. B&C Summary Backup'!J29+'Q_ES-2. B&C Summary Backup'!J29 -> 0 | K29: ='MM_ES-2. B&C Summary Backup'!K29+'Q_ES-2. B&C Summary Backup'!K29 -> 0 | L29: ='MM_ES-2. B&C Summary Backup'!L29+'Q_ES-2. B&C Summary Backup'!L29 -> 0 | M29: =SUM(C29:L29) -> 31034718 | N29: =(($M29-$E29)/((1+'MM_ES-1. Executive Summary'!$F$12)^$A29))+($E29/(1+'MM_ES-1. Executive Summary'!$F$13)^$A29) -> 9195586.8 | O29: =$M29/((1+'MM_ES-1. Executive Summary'!$F$13)^$A29) -> 18229626
A30: =A29+1 -> 19 | B30: =IFERROR(IF(B29+1<Last_Year+1,B29+1,""),"") -> 2041 | C30: ='MM_ES-2. B&C Summary Backup'!C30+'Q_ES-2. B&C Summary Backup'!C30 -> 723725.8 | D30: ='MM_ES-2. B&C Summary Backup'!D30+'Q_ES-2. B&C Summary Backup'!D30 -> 212124.42 | E30: ='MM_ES-2. B&C Summary Backup'!E30+'Q_ES-2. B&C Summary Backup'!E30 -> 49923.885 | F30: ='MM_ES-2. B&C Summary Backup'!F30+'Q_ES-2. B&C Summary Backup'!F30 -> 31524401 | G30: ='MM_ES-2. B&C Summary Backup'!G30+'Q_ES-2. B&C Summary Backup'!G30 -> 0 | H30: 0 | I30: ='MM_ES-2. B&C Summary Backup'!I30+'Q_ES-2. B&C Summary Backup'!I30 -> 0 | J30: ='MM_ES-2. B&C Summary Backup'!J30+'Q_ES-2. B&C Summary Backup'!J30 -> 0 | K30: ='MM_ES-2. B&C Summary Backup'!K30+'Q_ES-2. B&C Summary Backup'!K30 -> 0 | L30: ='MM_ES-2. B&C Summary Backup'!L30+'Q_ES-2. B&C Summary Backup'!L30 -> 0 | M30: =SUM(C30:L30) -> 32510175 | N30: =(($M30-$E30)/((1+'MM_ES-1. Executive Summary'!$F$12)^$A30))+($E30/(1+'MM_ES-1. Executive Summary'!$F$13)^$A30) -> 9004000.9 | O30: =$M30/((1+'MM_ES-1. Executive Summary'!$F$13)^$A30) -> 18540099
A31: =A30+1 -> 20 | B31: =IFERROR(IF(B30+1<Last_Year+1,B30+1,""),"") -> 2042 | C31: ='MM_ES-2. B&C Summary Backup'!C31+'Q_ES-2. B&C Summary Backup'!C31 -> 723725.8 | D31: ='MM_ES-2. B&C Summary Backup'!D31+'Q_ES-2. B&C Summary Backup'!D31 -> 223079.51 | E31: ='MM_ES-2. B&C Summary Backup'!E31+'Q_ES-2. B&C Summary Backup'!E31 -> 53425.256 | F31: ='MM_ES-2. B&C Summary Backup'!F31+'Q_ES-2. B&C Summary Backup'!F31 -> 32985402 | G31: ='MM_ES-2. B&C Summary Backup'!G31+'Q_ES-2. B&C Summary Backup'!G31 -> 0 | H31: 0 | I31: ='MM_ES-2. B&C Summary Backup'!I31+'Q_ES-2. B&C Summary Backup'!I31 -> 0 | J31: ='MM_ES-2. B&C Summary Backup'!J31+'Q_ES-2. B&C Summary Backup'!J31 -> 0 | K31: ='MM_ES-2. B&C Summary Backup'!K31+'Q_ES-2. B&C Summary Backup'!K31 -> 0 | L31: ='MM_ES-2. B&C Summary Backup'!L31+'Q_ES-2. B&C Summary Backup'!L31 -> 0 | M31: =SUM(C31:L31) -> 33985632 | N31: =(($M31-$E31)/((1+'MM_ES-1. Executive Summary'!$F$12)^$A31))+($E31/(1+'MM_ES-1. Executive Summary'!$F$13)^$A31) -> 8798307.4 | O31: =$M31/((1+'MM_ES-1. Executive Summary'!$F$13)^$A31) -> 18817021
A32: =A31+1 -> 21 | B32: =IFERROR(IF(B31+1<Last_Year+1,B31+1,""),"") -> 2043 | C32: ='MM_ES-2. B&C Summary Backup'!C32+'Q_ES-2. B&C Summary Backup'!C32 -> 723725.8 | D32: ='MM_ES-2. B&C Summary Backup'!D32+'Q_ES-2. B&C Summary Backup'!D32 -> 234034.61 | E32: ='MM_ES-2. B&C Summary Backup'!E32+'Q_ES-2. B&C Summary Backup'!E32 -> 56926.627 | F32: ='MM_ES-2. B&C Summary Backup'!F32+'Q_ES-2. B&C Summary Backup'!F32 -> 34446402 | G32: ='MM_ES-2. B&C Summary Backup'!G32+'Q_ES-2. B&C Summary Backup'!G32 -> 0 | H32: 0 | I32: ='MM_ES-2. B&C Summary Backup'!I32+'Q_ES-2. B&C Summary Backup'!I32 -> 0 | J32: ='MM_ES-2. B&C Summary Backup'!J32+'Q_ES-2. B&C Summary Backup'!J32 -> 0 | K32: ='MM_ES-2. B&C Summary Backup'!K32+'Q_ES-2. B&C Summary Backup'!K32 -> 0 | L32: ='MM_ES-2. B&C Summary Backup'!L32+'Q_ES-2. B&C Summary Backup'!L32 -> 0 | M32: =SUM(C32:L32) -> 35461089 | N32: =(($M32-$E32)/((1+'MM_ES-1. Executive Summary'!$F$12)^$A32))+($E32/(1+'MM_ES-1. Executive Summary'!$F$13)^$A32) -> 8581169.5 | O32: =$M32/((1+'MM_ES-1. Executive Summary'!$F$13)^$A32) -> 19062083
A33: =A32+1 -> 22 | B33: =IFERROR(IF(B32+1<Last_Year+1,B32+1,""),"") -> 2044 | C33: ='MM_ES-2. B&C Summary Backup'!C33+'Q_ES-2. B&C Summary Backup'!C33 -> 723725.8 | D33: ='MM_ES-2. B&C Summary Backup'!D33+'Q_ES-2. B&C Summary Backup'!D33 -> 244989.71 | E33: ='MM_ES-2. B&C Summary Backup'!E33+'Q_ES-2. B&C Summary Backup'!E33 -> 60427.998 | F33: ='MM_ES-2. B&C Summary Backup'!F33+'Q_ES-2. B&C Summary Backup'!F33 -> 35907403 | G33: ='MM_ES-2. B&C Summary Backup'!G33+'Q_ES-2. B&C Summary Backup'!G33 -> 0 | H33: 0 | I33: ='MM_ES-2. B&C Summary Backup'!I33+'Q_ES-2. B&C Summary Backup'!I33 -> 0 | J33: ='MM_ES-2. B&C Summary Backup'!J33+'Q_ES-2. B&C Summary Backup'!J33 -> 0 | K33: ='MM_ES-2. B&C Summary Backup'!K33+'Q_ES-2. B&C Summary Backup'!K33 -> 0 | L33: ='MM_ES-2. B&C Summary Backup'!L33+'Q_ES-2. B&C Summary Backup'!L33 -> 0 | M33: =SUM(C33:L33) -> 36936546 | N33: =(($M33-$E33)/((1+'MM_ES-1. Executive Summary'!$F$12)^$A33))+($E33/(1+'MM_ES-1. Executive Summary'!$F$13)^$A33) -> 8354962.3 | O33: =$M33/((1+'MM_ES-1. Executive Summary'!$F$13)^$A33) -> 19276907
A34: =A33+1 -> 23 | B34: =IFERROR(IF(B33+1<Last_Year+1,B33+1,""),"") -> 2045 | C34: ='MM_ES-2. B&C Summary Backup'!C34+'Q_ES-2. B&C Summary Backup'!C34 -> 723725.8 | D34: ='MM_ES-2. B&C Summary Backup'!D34+'Q_ES-2. B&C Summary Backup'!D34 -> 255944.8 | E34: ='MM_ES-2. B&C Summary Backup'!E34+'Q_ES-2. B&C Summary Backup'!E34 -> 63929.368 | F34: ='MM_ES-2. B&C Summary Backup'!F34+'Q_ES-2. B&C Summary Backup'!F34 -> 37368403 | G34: ='MM_ES-2. B&C Summary Backup'!G34+'Q_ES-2. B&C Summary Backup'!G34 -> 0 | H34: 0 | I34: ='MM_ES-2. B&C Summary Backup'!I34+'Q_ES-2. B&C Summary Backup'!I34 -> 0 | J34: ='MM_ES-2. B&C Summary Backup'!J34+'Q_ES-2. B&C Summary Backup'!J34 -> 0 | K34: ='MM_ES-2. B&C Summary Backup'!K34+'Q_ES-2. B&C Summary Backup'!K34 -> 0 | L34: ='MM_ES-2. B&C Summary Backup'!L34+'Q_ES-2. B&C Summary Backup'!L34 -> 0 | M34: =SUM(C34:L34) -> 38412003 | N34: =(($M34-$E34)/((1+'MM_ES-1. Executive Summary'!$F$12)^$A34))+($E34/(1+'MM_ES-1. Executive Summary'!$F$13)^$A34) -> 8121799.2 | O34: =$M34/((1+'MM_ES-1. Executive Summary'!$F$13)^$A34) -> 19463045
... A47: =A46+1 -> 36 | B47: =IFERROR(IF(B46+1<Last_Year+1,B46+1,""),"") -> 2058 | C47: ='MM_ES-2. B&C Summary Backup'!C47+'Q_ES-2. B&C Summary Backup'!C47 -> 723725.8 | D47: ='MM_ES-2. B&C Summary Backup'!D47+'Q_ES-2. B&C Summary Backup'!D47 -> 398361.06 | E47: ='MM_ES-2. B&C Summary Backup'!E47+'Q_ES-2. B&C Summary Backup'!E47 -> 109447.19 | F47: ='MM_ES-2. B&C Summary Backup'!F47+'Q_ES-2. B&C Summary Backup'!F47 -> 54900410 | G47: ='MM_ES-2. B&C Summary Backup'!G47+'Q_ES-2. B&C Summary Backup'!G47 -> 0 | H47: 0 | I47: ='MM_ES-2. B&C Summary Backup'!I47+'Q_ES-2. B&C Summary Backup'!I47 -> 0 | J47: ='MM_ES-2. B&C Summary Backup'!J47+'Q_ES-2. B&C Summary Backup'!J47 -> 0 | K47: ='MM_ES-2. B&C Summary Backup'!K47+'Q_ES-2. B&C Summary Backup'!K47 -> 0 | L47: ='MM_ES-2. B&C Summary Backup'!L47+'Q_ES-2. B&C Summary Backup'!L47 -> 0 | M47: =SUM(C47:L47) -> 56131944 | N47: =(($M47-$E47)/((1+'MM_ES-1. Executive Summary'!$F$12)^$A47))+($E47/(1+'MM_ES-1. Executive Summary'!$F$13)^$A47) -> 4941717.7 | O47: =$M47/((1+'MM_ES-1. Executive Summary'!$F$13)^$A47) -> 19367341
A48: =A47+1 -> 37 | B48: =IFERROR(IF(B47+1<Last_Year+1,B47+1,""),"") | C48: ='MM_ES-2. B&C Summary Backup'!C48+'Q_ES-2. B&C Summary Backup'!C48 -> 0 | D48: ='MM_ES-2. B&C Summary Backup'!D48+'Q_ES-2. B&C Summary Backup'!D48 -> 0 | E48: ='MM_ES-2. B&C Summary Backup'!E48+'Q_ES-2. B&C Summary Backup'!E48 -> 0 | F48: ='MM_ES-2. B&C Summary Backup'!F48+'Q_ES-2. B&C Summary Backup'!F48 -> 0 | G48: ='MM_ES-2. B&C Summary Backup'!G48+'Q_ES-2. B&C Summary Backup'!G48 -> 0 | I48: ='MM_ES-2. B&C Summary Backup'!I48+'Q_ES-2. B&C Summary Backup'!I48 -> 0 | J48: ='MM_ES-2. B&C Summary Backup'!J48+'Q_ES-2. B&C Summary Backup'!J48 -> 0 | K48: ='MM_ES-2. B&C Summary Backup'!K48+'Q_ES-2. B&C Summary Backup'!K48 -> 0 | L48: ='MM_ES-2. B&C Summary Backup'!L48+'Q_ES-2. B&C Summary Backup'!L48 -> 0 | M48: =SUM(C48:L48) -> 0 | N48: 0 | O48: 0
A49: =A48+1 -> 38 | B49: =IFERROR(IF(B48+1<Last_Year+1,B48+1,""),"") | C49: ='MM_ES-2. B&C Summary Backup'!C49+'Q_ES-2. B&C Summary Backup'!C49 -> 0 | D49: ='MM_ES-2. B&C Summary Backup'!D49+'Q_ES-2. B&C Summary Backup'!D49 -> 0 | E49: ='MM_ES-2. B&C Summary Backup'!E49+'Q_ES-2. B&C Summary Backup'!E49 -> 0 | F49: ='MM_ES-2. B&C Summary Backup'!F49+'Q_ES-2. B&C Summary Backup'!F49 -> 0 | G49: ='MM_ES-2. B&C Summary Backup'!G49+'Q_ES-2. B&C Summary Backup'!G49 -> 0 | I49: ='MM_ES-2. B&C Summary Backup'!I49+'Q_ES-2. B&C Summary Backup'!I49 -> 0 | J49: ='MM_ES-2. B&C Summary Backup'!J49+'Q_ES-2. B&C Summary Backup'!J49 -> 0 | K49: ='MM_ES-2. B&C Summary Backup'!K49+'Q_ES-2. B&C Summary Backup'!K49 -> 0 | L49: ='MM_ES-2. B&C Summary Backup'!L49+'Q_ES-2. B&C Summary Backup'!L49 -> 0 | M49: =SUM(C49:L49) -> 0 | N49: 0 | O49: 0
A50: =A49+1 -> 39 | B50: =IFERROR(IF(B49+1<Last_Year+1,B49+1,""),"") | C50: ='MM_ES-2. B&C Summary Backup'!C50+'Q_ES-2. B&C Summary Backup'!C50 -> 0 | D50: ='MM_ES-2. B&C Summary Backup'!D50+'Q_ES-2. B&C Summary Backup'!D50 -> 0 | E50: ='MM_ES-2. B&C Summary Backup'!E50+'Q_ES-2. B&C Summary Backup'!E50 -> 0 | F50: ='MM_ES-2. B&C Summary Backup'!F50+'Q_ES-2. B&C Summary Backup'!F50 -> 0 | G50: ='MM_ES-2. B&C Summary Backup'!G50+'Q_ES-2. B&C Summary Backup'!G50 -> 0 | I50: ='MM_ES-2. B&C Summary Backup'!I50+'Q_ES-2. B&C Summary Backup'!I50 -> 0 | J50: ='MM_ES-2. B&C Summary Backup'!J50+'Q_ES-2. B&C Summary Backup'!J50 -> 0 | K50: ='MM_ES-2. B&C Summary Backup'!K50+'Q_ES-2. B&C Summary Backup'!K50 -> 0 | L50: ='MM_ES-2. B&C Summary Backup'!L50+'Q_ES-2. B&C Summary Backup'!L50 -> 0 | M50: =SUM(C50:L50) -> 0 | N50: 0 | O50: 0
A51: =A50+1 -> 40 | B51: =IFERROR(IF(B50+1<Last_Year+1,B50+1,""),"") | C51: ='MM_ES-2. B&C Summary Backup'!C51+'Q_ES-2. B&C Summary Backup'!C51 -> 0 | D51: ='MM_ES-2. B&C Summary Backup'!D51+'Q_ES-2. B&C Summary Backup'!D51 -> 0 | E51: ='MM_ES-2. B&C Summary Backup'!E51+'Q_ES-2. B&C Summary Backup'!E51 -> 0 | F51: ='MM_ES-2. B&C Summary Backup'!F51+'Q_ES-2. B&C Summary Backup'!F51 -> 0 | G51: ='MM_ES-2. B&C Summary Backup'!G51+'Q_ES-2. B&C Summary Backup'!G51 -> 0 | I51: ='MM_ES-2. B&C Summary Backup'!I51+'Q_ES-2. B&C Summary Backup'!I51 -> 0 | J51: ='MM_ES-2. B&C Summary Backup'!J51+'Q_ES-2. B&C Summary Backup'!J51 -> 0 | K51: ='MM_ES-2. B&C Summary Backup'!K51+'Q_ES-2. B&C Summary Backup'!K51 -> 0 | L51: ='MM_ES-2. B&C Summary Backup'!L51+'Q_ES-2. B&C Summary Backup'!L51 -> 0 | M51: =SUM(C51:L51) -> 0 | N51: 0 | O51: 0
A52: Present Value Benefits | C52: ='MM_ES-2. B&C Summary Backup'!C52+'Q_ES-2. B&C Summary Backup'!C52 -> 22435500 | D52: ='MM_ES-2. B&C Summary Backup'!D52+'Q_ES-2. B&C Summary Backup'!D52 -> 7247784.1 | E52: ='MM_ES-2. B&C Summary Backup'!E52+'Q_ES-2. B&C Summary Backup'!E52 -> 1773069.8 | F52: ='MM_ES-2. B&C Summary Backup'!F52+'Q_ES-2. B&C Summary Backup'!F52 -> 1.0663676e+09 | G52: ='MM_ES-2. B&C Summary Backup'!G52+'Q_ES-2. B&C Summary Backup'!G52 -> 0 | H52: ='MM_ES-2. B&C Summary Backup'!H52+'Q_ES-2. B&C Summary Backup'!H52 -> -2355731.4 | I52: ='MM_ES-2. B&C Summary Backup'!I52+'Q_ES-2. B&C Summary Backup'!I52 -> 0 | J52: ='MM_ES-2. B&C Summary Backup'!J52+'Q_ES-2. B&C Summary Backup'!J52 -> 0 | ... L52: ='MM_ES-2. B&C Summary Backup'!L52+'Q_ES-2. B&C Summary Backup'!L52 -> 0 | M52: =SUM(M12:M47) -> 1.0954682e+09 | N52: =SUM(N12:N47) -> 2.4884125e+08 | O52: =SUM(O12:O47) -> 5.4985025e+08
A55: Table ES-2.2 Project Costs by Year
A57: Year # | B57: Year | C57: Future Eligible Project Costs | D57: Lifecycle Management Costs | E57: TOTAL COSTS | F57: TOTAL COSTS at 7% Discount Rate | G57: TOTAL COSTS at 3% Discount Rate
A58: 1 | B58: =First_Year -> 2023 | C58: ='MM_ES-2. B&C Summary Backup'!C58+'Q_ES-2. B&C Summary Backup'!C58 -> 1180000 | D58: ='MM_ES-2. B&C Summary Backup'!D58+'Q_ES-2. B&C Summary Backup'!D58 -> 0 | E58: =SUM(C58:D58) -> 1180000 | F58: =$E58/((1+'MM_ES-1. Executive Summary'!$F$12)^$A12) -> 1102803.7 | G58: =$E58/((1+'MM_ES-1. Executive Summary'!$F$13)^$A12) -> 1145631.1
A59: =A58+1 -> 2 | B59: =IFERROR(IF(B58+1<Last_Year+1,B58+1,""),"") -> 2024 | C59: ='MM_ES-2. B&C Summary Backup'!C59+'Q_ES-2. B&C Summary Backup'!C59 -> 7580000 | D59: ='MM_ES-2. B&C Summary Backup'!D59+'Q_ES-2. B&C Summary Backup'!D59 -> 0 | E59: =SUM(C59:D59) -> 7580000 | F59: =$E59/((1+'MM_ES-1. Executive Summary'!$F$12)^$A13) -> 6620665.6 | G59: =$E59/((1+'MM_ES-1. Executive Summary'!$F$13)^$A13) -> 7144877
A60: =A59+1 -> 3 | B60: =IFERROR(IF(B59+1<Last_Year+1,B59+1,""),"") -> 2025 | C60: ='MM_ES-2. B&C Summary Backup'!C60+'Q_ES-2. B&C Summary Backup'!C60 -> 68400000 | D60: ='MM_ES-2. B&C Summary Backup'!D60+'Q_ES-2. B&C Summary Backup'!D60 -> 0 | E60: =SUM(C60:D60) -> 68400000 | F60: =$E60/((1+'MM_ES-1. Executive Summary'!$F$12)^$A14) -> 55834775 | G60: =$E60/((1+'MM_ES-1. Executive Summary'!$F$13)^$A14) -> 62595689
A61: =A60+1 -> 4 | B61: =IFERROR(IF(B60+1<Last_Year+1,B60+1,""),"") -> 2026 | C61: ='MM_ES-2. B&C Summary Backup'!C61+'Q_ES-2. B&C Summary Backup'!C61 -> 29100000 | D61: ='MM_ES-2. B&C Summary Backup'!D61+'Q_ES-2. B&C Summary Backup'!D61 -> 0 | E61: =SUM(C61:D61) -> 29100000 | F61: =$E61/((1+'MM_ES-1. Executive Summary'!$F$12)^$A15) -> 22200251 | G61: =$E61/((1+'MM_ES-1. Executive Summary'!$F$13)^$A15) -> 25854973
A62: =A61+1 -> 5 | B62: =IFERROR(IF(B61+1<Last_Year+1,B61+1,""),"") -> 2027 | C62: ='MM_ES-2. B&C Summary Backup'!C62+'Q_ES-2. B&C Summary Backup'!C62 -> 12525000 | D62: ='MM_ES-2. B&C Summary Backup'!D62+'Q_ES-2. B&C Summary Backup'!D62 -> 0 | E62: =SUM(C62:D62) -> 12525000 | F62: =$E62/((1+'MM_ES-1. Executive Summary'!$F$12)^$A16) -> 8930151.9 | G62: =$E62/((1+'MM_ES-1. Executive Summary'!$F$13)^$A16) -> 10804175
A63: =A62+1 -> 6 | B63: =IFERROR(IF(B62+1<Last_Year+1,B62+1,""),"") -> 2028 | C63: ='MM_ES-2. B&C Summary Backup'!C63+'Q_ES-2. B&C Summary Backup'!C63 -> 16215000 | D63: ='MM_ES-2. B&C Summary Backup'!D63+'Q_ES-2. B&C Summary Backup'!D63 -> 0 | E63: =SUM(C63:D63) -> 16215000 | F63: =$E63/((1+'MM_ES-1. Executive Summary'!$F$12)^$A17) -> 10804739 | G63: =$E63/((1+'MM_ES-1. Executive Summary'!$F$13)^$A17) -> 13579807
A64: =A63+1 -> 7 | B64: =IFERROR(IF(B63+1<Last_Year+1,B63+1,""),"") -> 2029 | C64: ='MM_ES-2. B&C Summary Backup'!C64+'Q_ES-2. B&C Summary Backup'!C64 -> 0 | D64: ='MM_ES-2. B&C Summary Backup'!D64+'Q_ES-2. B&C Summary Backup'!D64 -> 1048166.7 | E64: =SUM(C64:D64) -> 1048166.7 | F64: =$E64/((1+'MM_ES-1. Executive Summary'!$F$12)^$A18) -> 652745.52 | G64: =$E64/((1+'MM_ES-1. Executive Summary'!$F$13)^$A18) -> 852255.42
A65: =A64+1 -> 8 | B65: =IFERROR(IF(B64+1<Last_Year+1,B64+1,""),"") -> 2030 | C65: ='MM_ES-2. B&C Summary Backup'!C65+'Q_ES-2. B&C Summary Backup'!C65 -> 0 | D65: ='MM_ES-2. B&C Summary Backup'!D65+'Q_ES-2. B&C Summary Backup'!D65 -> 1048166.7 | E65: =SUM(C65:D65) -> 1048166.7 | F65: =$E65/((1+'MM_ES-1. Executive Summary'!$F$12)^$A19) -> 610042.54 | G65: =$E65/((1+'MM_ES-1. Executive Summary'!$F$13)^$A19) -> 827432.45
A66: =A65+1 -> 9 | B66: =IFERROR(IF(B65+1<Last_Year+1,B65+1,""),"") -> 2031 | C66: ='MM_ES-2. B&C Summary Backup'!C66+'Q_ES-2. B&C Summary Backup'!C66 -> 0 | D66: ='MM_ES-2. B&C Summary Backup'!D66+'Q_ES-2. B&C Summary Backup'!D66 -> 1048166.7 | E66: =SUM(C66:D66) -> 1048166.7 | F66: =$E66/((1+'MM_ES-1. Executive Summary'!$F$12)^$A20) -> 570133.22 | G66: =$E66/((1+'MM_ES-1. Executive Summary'!$F$13)^$A20) -> 803332.47
A67: =A66+1 -> 10 | B67: =IFERROR(IF(B66+1<Last_Year+1,B66+1,""),"") -> 2032 | C67: ='MM_ES-2. B&C Summary Backup'!C67+'Q_ES-2. B&C Summary Backup'!C67 -> 0 | D67: ='MM_ES-2. B&C Summary Backup'!D67+'Q_ES-2. B&C Summary Backup'!D67 -> 1048166.7 | E67: =SUM(C67:D67) -> 1048166.7 | F67: =$E67/((1+'MM_ES-1. Executive Summary'!$F$12)^$A21) -> 532834.78 | G67: =$E67/((1+'MM_ES-1. Executive Summary'!$F$13)^$A21) -> 779934.44
A68: =A67+1 -> 11 | B68: =IFERROR(IF(B67+1<Last_Year+1,B67+1,""),"") -> 2033 | C68: ='MM_ES-2. B&C Summary Backup'!C68+'Q_ES-2. B&C Summary Backup'!C68 -> 0 | D68: ='MM_ES-2. B&C Summary Backup'!D68+'Q_ES-2. B&C Summary Backup'!D68 -> 1048166.7 | E68: =SUM(C68:D68) -> 1048166.7 | F68: =$E68/((1+'MM_ES-1. Executive Summary'!$F$12)^$A22) -> 497976.43 | G68: =$E68/((1+'MM_ES-1. Executive Summary'!$F$13)^$A22) -> 757217.9
A69: =A68+1 -> 12 | B69: =IFERROR(IF(B68+1<Last_Year+1,B68+1,""),"") -> 2034 | C69: ='MM_ES-2. B&C Summary Backup'!C69+'Q_ES-2. B&C Summary Backup'!C69 -> 0 | D69: ='MM_ES-2. B&C Summary Backup'!D69+'Q_ES-2. B&C Summary Backup'!D69 -> 1048166.7 | E69: =SUM(C69:D69) -> 1048166.7 | F69: =$E69/((1+'MM_ES-1. Executive Summary'!$F$12)^$A23) -> 465398.54 | G69: =$E69/((1+'MM_ES-1. Executive Summary'!$F$13)^$A23) -> 735163.01
A70: =A69+1 -> 13 | B70: =IFERROR(IF(B69+1<Last_Year+1,B69+1,""),"") -> 2035 | C70: ='MM_ES-2. B&C Summary Backup'!C70+'Q_ES-2. B&C Summary Backup'!C70 -> 0 | D70: ='MM_ES-2. B&C Summary Backup'!D70+'Q_ES-2. B&C Summary Backup'!D70 -> 1048166.7 | E70: =SUM(C70:D70) -> 1048166.7 | F70: =$E70/((1+'MM_ES-1. Executive Summary'!$F$12)^$A24) -> 434951.9 | G70: =$E70/((1+'MM_ES-1. Executive Summary'!$F$13)^$A24) -> 713750.5
... A93: =A92+1 -> 36 | B93: =IFERROR(IF(B92+1<Last_Year+1,B92+1,""),"") -> 2058 | C93: ='MM_ES-2. B&C Summary Backup'!C93+'Q_ES-2. B&C Summary Backup'!C93 -> 0 | D93: ='MM_ES-2. B&C Summary Backup'!D93+'Q_ES-2. B&C Summary Backup'!D93 -> 1048166.7 | E93: =SUM(C93:D93) -> 1048166.7 | F93: =$E93/((1+'MM_ES-1. Executive Summary'!$F$12)^$A47) -> 91751.748 | G93: =$E93/((1+'MM_ES-1. Executive Summary'!$F$13)^$A47) -> 361651.49
A94: =A93+1 -> 37 | B94: =IFERROR(IF(B93+1<Last_Year+1,B93+1,""),"") | C94: 0 | E94: =SUM(C94:D94) -> 0 | F94: 0 | G94: 0
A95: =A94+1 -> 38 | B95: =IFERROR(IF(B94+1<Last_Year+1,B94+1,""),"") | C95: 0 | E95: =SUM(C95:D95) -> 0 | F95: 0 | G95: 0
A96: =A95+1 -> 39 | B96: =IFERROR(IF(B95+1<Last_Year+1,B95+1,""),"") | C96: 0 | E96: =SUM(C96:D96) -> 0 | F96: 0 | G96: 0
A97: =A96+1 -> 40 | B97: =IFERROR(IF(B96+1<Last_Year+1,B96+1,""),"") | C97: 0 | E97: =SUM(C97:D97) -> 0 | F97: 0 | G97: 0
A98: Present Value Costs | C98: =SUM(C58:C93) -> 135000000 | D98: =SUM(D58:D93) -> 31445000 | E98: =SUM(E58:E93) -> 1.66445e+08 | F98: =SUM(F58:F93) -> 1.1416033e+08 | G98: =SUM(G58:G93) -> 1.3833087e+08

Sheet MM_ES-1. Executive Summary
A1: Project Benefit-Cost Analysis (BCA) Summary
A2: Project Name: | B2: =Project_Name -> Completing the I-95 Missing Move and Quonset Connector Ramps
A3: Component: | B3: Component 1, The Missing Moves
A4: Date: | B4: =Date -> 45159
A6: Component 1 of this project , the Missing Moves, will generate considerable safety, emissions, and time travel savings, which more than offset the cost of construction, work zone impacts, and long-term maintenance costs. The project's costs and benefits are summarized here, and reported in more detail in the "Project B&C Backup by Year" tab, which aggregates the annual benefits and costs from each area of this Benefit-Cost Analysis. Component 1 of this project has a favorable benefit-cost ratio of 2.17 and a net present value (NPV) of $91,729,383.89, indicating that Component 1 of the Completing the I-95 Missing Moves and Quonset Connector Ramps project is a worthwhile and cost-effective investment. Table ES-1.1 summarizes the project's costs and benefits. Table ES-1.2 shows the calculation of the project's benefits by year, discounted at both the primary (7%) and alternative (3%) discount rates. Table ES-1.3 summarizes the project's costs by year, discounted at both the primary (7%) and alternative (3%) discount rates.
E8: Table ES-1.1 Summary of Project Costs and Benefits
E10: Item | F10: Value
E11: Project Benefits Evaluation Period (Years, post-substantial completion) | F11: 30
E12: Primary Discount Rate: | F12: 0.07
E13: Alternative Discount Rate: | F13: 0.03
E14: Present Value Benefit (7%): | F14: =Table76[[#Totals],[Project Benefits at 7% Discount Rate*]] -> 1.7024645e+08
E15: Present Value Cost (7%): | F15: =Table77[[#Totals],[Project Costs at 7% Discount Rate]] -> 78517069
E16: Project Benefit-Cost Ratio (7%): | F16: =F14/F15 -> 2.1682732
E17: Net Present Value (NPV) (7%) | F17: =Table76[[#Totals],[Project Benefits at 7% Discount Rate*]]-Table77[[#Totals],[Project Costs at 7% Discount Rate]] -> 91729384
E18: Alternative B-C Ratio (3%) | F18: =Table76[[#Totals],[Project Benefits at 3% Discount Rate]]/Table77[[#Totals],[Project Costs at 3% Discount Rate]] -> 4.1362787
E19: Alternative NPV (3%) | F19: =Table76[[#Totals],[Project Benefits at 3% Discount Rate]]-Table77[[#Totals],[Project Costs at 3% Discount Rate]] -> 3.0122807e+08
B21: Table ES-1.2 Project Benefits by Year | H21: Table ES-1.3 Project Costs by Year
B23: Year# | C23: Year | D23: Present Value (PV) Project Benefits | E23: Project Benefits at 7% Discount Rate* | F23: Project Benefits at 3% Discount Rate | H23: Present Value (PV) Project Costs | I23: Project Costs at 7% Discount Rate | J23: Project Costs at 3% Discount Rate
B24: 1 | C24: 2022 | D24: ='MM_ES-2. B&C Summary Backup'!M12 -> 0 | E24: ='MM_ES-2. B&C Summary Backup'!N12 -> 0 | F24: =$D24/((1+$F$13)^$B24) -> 0 | H24: ='MM_ES-2. B&C Summary Backup'!E58 -> 700000 | I24: =$H24/((1+$F$12)^$B24) -> 654205.61 | J24: =$H24/((1+$F$13)^$B24) -> 679611.65
B25: 2 | C25: =C24+1 -> 2023 | D25: ='MM_ES-2. B&C Summary Backup'!M13 -> -113871.34 | E25: ='MM_ES-2. B&C Summary Backup'!N13 -> -99459.638 | F25: =$D25/((1+$F$13)^$B25) -> -107334.66 | H25: ='MM_ES-2. B&C Summary Backup'!E59 -> 5390000 | I25: =$H25/((1+$F$12)^$B25) -> 4707834.7 | J25: =$H25/((1+$F$13)^$B25) -> 5080592
B26: 3 | C26: =C25+1 -> 2024 | D26: ='MM_ES-2. B&C Summary Backup'!M14 -> -455485.36 | E26: ='MM_ES-2. B&C Summary Backup'!N14 -> -371811.73 | F26: =$D26/((1+$F$13)^$B26) -> -416833.63 | H26: ='MM_ES-2. B&C Summary Backup'!E60 -> 48500000 | I26: =$H26/((1+$F$12)^$B26) -> 39590447 | J26: =$H26/((1+$F$13)^$B26) -> 44384370
B27: 4 | C27: =C26+1 -> 2025 | D27: ='MM_ES-2. B&C Summary Backup'!M15 -> -455485.36 | E27: ='MM_ES-2. B&C Summary Backup'!N15 -> -347487.6 | F27: =$D27/((1+$F$13)^$B27) -> -404692.84 | H27: ='MM_ES-2. B&C Summary Backup'!E61 -> 18200000 | I27: =$H27/((1+$F$12)^$B27) -> 13884693 | J27: =$H27/((1+$F$13)^$B27) -> 16170464
B28: 5 | C28: =C27+1 -> 2026 | D28: ='MM_ES-2. B&C Summary Backup'!M16 -> -455485.36 | E28: ='MM_ES-2. B&C Summary Backup'!N16 -> -324754.77 | F28: =$D28/((1+$F$13)^$B28) -> -392905.67 | H28: ='MM_ES-2. B&C Summary Backup'!E62 -> 7400000 | I28: =$H28/((1+$F$12)^$B28) -> 5276097.7 | J28: =$H28/((1+$F$13)^$B28) -> 6383305
B29: 6 | C29: =C28+1 -> 2027 | D29: ='MM_ES-2. B&C Summary Backup'!M17 -> 4342494 | E29: ='MM_ES-2. B&C Summary Backup'!N17 -> 2894639.2 | F29: =$D29/((1+$F$13)^$B29) -> 3636770.3 | H29: ='MM_ES-2. B&C Summary Backup'!E63 -> 10810000 | I29: =$H29/((1+$F$12)^$B29) -> 7203159.4 | J29: =$H29/((1+$F$13)^$B29) -> 9053204.8
B30: 7 | C30: =C29+1 -> 2028 | D30: ='MM_ES-2. B&C Summary Backup'!M18 -> 6035354.2 | E30: ='MM_ES-2. B&C Summary Backup'!N18 -> 3760198.7 | F30: =$D30/((1+$F$13)^$B30) -> 4907295.3 | H30: ='MM_ES-2. B&C Summary Backup'!E64 -> 870833.33 | I30: =$H30/((1+$F$12)^$B30) -> 542311.23 | J30: =$H30/((1+$F$13)^$B30) -> 708067.19
B31: 8 | C31: =C30+1 -> 2029 | D31: ='MM_ES-2. B&C Summary Backup'!M19 -> 7500938.4 | E31: ='MM_ES-2. B&C Summary Backup'!N19 -> 4368025.3 | F31: =$D31/((1+$F$13)^$B31) -> 5921310 | H31: ='MM_ES-2. B&C Summary Backup'!E65 -> 870833.33 | I31: =$H31/((1+$F$12)^$B31) -> 506832.93 | J31: =$H31/((1+$F$13)^$B31) -> 687443.87
B32: 9 | C32: =C31+1 -> 2030 | D32: ='MM_ES-2. B&C Summary Backup'!M20 -> 8967172.5 | E32: ='MM_ES-2. B&C Summary Backup'!N20 -> 4880821.4 | F32: =$D32/((1+$F$13)^$B32) -> 6872591 | H32: ='MM_ES-2. B&C Summary Backup'!E66 -> 870833.33 | I32: =$H32/((1+$F$12)^$B32) -> 473675.63 | J32: =$H32/((1+$F$13)^$B32) -> 667421.24
B33: 10 | C33: =C32+1 -> 2031 | D33: ='MM_ES-2. B&C Summary Backup'!M21 -> 10432679 | E33: ='MM_ES-2. B&C Summary Backup'!N21 -> 5307618.7 | F33: =$D33/((1+$F$13)^$B33) -> 7762893.1 | H33: ='MM_ES-2. B&C Summary Backup'!E67 -> 870833.33 | I33: =$H33/((1+$F$12)^$B33) -> 442687.51 | J33: =$H33/((1+$F$13)^$B33) -> 647981.78
B34: 11 | C34: =C33+1 -> 2032 | D34: ='MM_ES-2. B&C Summary Backup'!M22 -> 11899108 | E34: ='MM_ES-2. B&C Summary Backup'!N22 -> 5658526.4 | F34: =$D34/((1+$F$13)^$B34) -> 8596168.5 | H34: ='MM_ES-2. B&C Summary Backup'!E68 -> 870833.33 | I34: =$H34/((1+$F$12)^$B34) -> 413726.64 | J34: =$H34/((1+$F$13)^$B34) -> 629108.53
B35: 12 | C35: =C34+1 -> 2033 | D35: ='MM_ES-2. B&C Summary Backup'!M23 -> 13365536 | E35: ='MM_ES-2. B&C Summary Backup'!N23 -> 5941027.5 | F35: =$D35/((1+$F$13)^$B35) -> 9374318 | H35: ='MM_ES-2. B&C Summary Backup'!E69 -> 870833.33 | I35: =$H35/((1+$F$12)^$B35) -> 386660.41 | J35: =$H35/((1+$F$13)^$B35) -> 610784.98
B36: 13 | C36: =C35+1 -> 2034 | D36: ='MM_ES-2. B&C Summary Backup'!M24 -> 14831964 | E36: ='MM_ES-2. B&C Summary Backup'!N24 -> 6162567.9 | F36: =$D36/((1+$F$13)^$B36) -> 10099846 | H36: ='MM_ES-2. B&C Summary Backup'!E70 -> 870833.33 | I36: =$H36/((1+$F$12)^$B36) -> 361364.87 | J36: =$H36/((1+$F$13)^$B36) -> 592995.13
... B59: 36 | C59: =C58+1 -> 2057 | D59: ='MM_ES-2. B&C Summary Backup'!M47 -> 47108665 | E59: ='MM_ES-2. B&C Summary Backup'!N47 -> 4154421.8 | F59: =$D59/((1+$F$13)^$B59) -> 16254017 | H59: ='MM_ES-2. B&C Summary Backup'!E93 -> 870833.33 | I59: =$H59/((1+$F$12)^$B59) -> 76228.794 | J59: =$H59/((1+$F$13)^$B59) -> 300465.74
B60: Total | D60: =SUBTOTAL(109,Table76[Present Value (PV) Project Benefits]) -> 8.2031318e+08 | E60: =SUBTOTAL(109,Table76[Project Benefits at 7% Discount Rate*]) -> 1.7024645e+08 | F60: =SUBTOTAL(109,Table76[Project Benefits at 3% Discount Rate]) -> 3.972744e+08 | H60: =SUBTOTAL(109,Table77[Present Value (PV) Project Costs]) -> 1.17125e+08 | I60: =SUBTOTAL(109,Table77[Project Costs at 7% Discount Rate]) -> 78517069 | J60: =SUBTOTAL(109,Table77[Project Costs at 3% Discount Rate]) -> 96046331

Sheet MM_ES-2. B&C Summary Backup
A1: Project Benefit-Cost Analysis (BCA) Summary
A2: Project Name: | B2: =Project_Name -> Completing the I-95 Missing Move and Quonset Connector Ramps
A3: Component: | B3: Component 1, The Missing Moves
A4: Date: | B4: =Date -> 45159
A7: This tab provides a summary of project costs and benefits by year. Table ES-2.1 shows all project benefits by year. Table ES-2.2 shows all project costs by year. All estimates of project benefits and costs are derived from calculations presented in tabs 1 thrugh 12. All methodological assumptions and data sources are provided on the relevant sheets.
A9: Table ES-2.1 Project Benefits by Year
A11: Year # | B11: Year | C11: Safety Benefits | D11: Emissions Benefits, NOT Including CO2 | E11: Emissions Benefits, CO2 Only | F11: Travel Time Savings Benefits | G11: Foregone Cost Savings | H11: Work Zone Disbenefits | I11: Transit Facility Benefits | J11: Pedestrian Facility Benefits | K11: Cycling Facility Benefits | L11: Mortality Reduction Benefits | M11: TOTAL BENEFITS | N11: TOTAL BENEFITS at 7% Discount Rate (CO2 Discounted at 3% per NOFO) | O11: TOTAL BENEFITS at 3% Discount Rate
A12: 1 | B12: =First_Year -> 2023 | H12: =-'MM_11. Work Zone Impact Costs'!B27 -> 0 | M12: =SUM(C12:L12) -> 0 | N12: =(($M12-$E12)/((1+'MM_ES-1. Executive Summary'!$F$12)^$A12))+($E12/(1+'MM_ES-1. Executive Summary'!$F$13)^$A12) -> 0 | O12: =$M12/((1+'MM_ES-1. Executive Summary'!$F$13)^$A12) -> 0
A13: =A12+1 -> 2 | B13: =IFERROR(IF(B12+1<Last_Year+1,B12+1,""),"") -> 2024 | H13: =-'MM_11. Work Zone Impact Costs'!B28 -> -113871.34 | M13: =SUM(C13:L13) -> -113871.34 | N13: =(($M13-$E13)/((1+'MM_ES-1. Executive Summary'!$F$12)^$A13))+($E13/(1+'MM_ES-1. Executive Summary'!$F$13)^$A13) -> -99459.638 | O13: =$M13/((1+'MM_ES-1. Executive Summary'!$F$13)^$A13) -> -107334.66
A14: =A13+1 -> 3 | B14: =IFERROR(IF(B13+1<Last_Year+1,B13+1,""),"") -> 2025 | H14: =-'MM_11. Work Zone Impact Costs'!B29 -> -455485.36 | M14: =SUM(C14:L14) -> -455485.36 | N14: =(($M14-$E14)/((1+'MM_ES-1. Executive Summary'!$F$12)^$A14))+($E14/(1+'MM_ES-1. Executive Summary'!$F$13)^$A14) -> -371811.73 | O14: =$M14/((1+'MM_ES-1. Executive Summary'!$F$13)^$A14) -> -416833.63
A15: =A14+1 -> 4 | B15: =IFERROR(IF(B14+1<Last_Year+1,B14+1,""),"") -> 2026 | H15: =-'MM_11. Work Zone Impact Costs'!B30 -> -455485.36 | M15: =SUM(C15:L15) -> -455485.36 | N15: =(($M15-$E15)/((1+'MM_ES-1. Executive Summary'!$F$12)^$A15))+($E15/(1+'MM_ES-1. Executive Summary'!$F$13)^$A15) -> -347487.6 | O15: =$M15/((1+'MM_ES-1. Executive Summary'!$F$13)^$A15) -> -404692.84
A16: =A15+1 -> 5 | B16: =IFERROR(IF(B15+1<Last_Year+1,B15+1,""),"") -> 2027 | H16: =-'MM_11. Work Zone Impact Costs'!B31 -> -455485.36 | M16: =SUM(C16:L16) -> -455485.36 | N16: =(($M16-$E16)/((1+'MM_ES-1. Executive Summary'!$F$12)^$A16))+($E16/(1+'MM_ES-1. Executive Summary'!$F$13)^$A16) -> -324754.77 | O16: =$M16/((1+'MM_ES-1. Executive Summary'!$F$13)^$A16) -> -392905.67
A17: =A16+1 -> 6 | B17: =IFERROR(IF(B16+1<Last_Year+1,B16+1,""),"") -> 2028 | C17: ='MM_1B. Safety Backup'!G21 -> 596682 | D17: =SUM('MM_2B. Emissions Backup'!C187:E187) -> 16416.52 | E17: ='MM_2B. Emissions Backup'!F187 -> 6147.7958 | F17: ='MM_3D. TTS Backup All Years'!G97 -> 3950990.3 | H17: =-'MM_11. Work Zone Impact Costs'!B32 -> -227742.68 | M17: =SUM(C17:L17) -> 4342494 | N17: =(($M17-$E17)/((1+'MM_ES-1. Executive Summary'!$F$12)^$A17))+($E17/(1+'MM_ES-1. Executive Summary'!$F$13)^$A17) -> 2894639.2 | O17: =$M17/((1+'MM_ES-1. Executive Summary'!$F$13)^$A17) -> 3636770.3
A18: =A17+1 -> 7 | B18: =IFERROR(IF(B17+1<Last_Year+1,B17+1,""),"") -> 2029 | C18: ='MM_1B. Safety Backup'!G22 -> 596682 | D18: =SUM('MM_2B. Emissions Backup'!C188:E188) -> 27685.589 | E18: ='MM_2B. Emissions Backup'!F188 -> 8844.2167 | F18: ='MM_3D. TTS Backup All Years'!G98 -> 5402142.4 | G18: =Table4.1_ForegoneSummary[[#Totals],[Annual Average]] -> 0 | H18: =-'MM_11. Work Zone Impact Costs'!B33 -> 0 | I18: =Table4.1_ForegoneSummary63[[#Totals],[Annual Benefit]] -> 0 | J18: =Table4.1_ForegoneSummary6365[[#Totals],[Annual Benefit]] -> 0 | K18: =Table70[[#Totals],[Annual Benefits]] -> 0 | L18: =Table71[[#Totals],[Annual Benefit]] -> 0 | M18: =SUM(C18:L18) -> 6035354.2 | N18: =(($M18-$E18)/((1+'MM_ES-1. Executive Summary'!$F$12)^$A18))+($E18/(1+'MM_ES-1. Executive Summary'!$F$13)^$A18) -> 3760198.7 | O18: =$M18/((1+'MM_ES-1. Executive Summary'!$F$13)^$A18) -> 4907295.3
A19: =A18+1 -> 8 | B19: =IFERROR(IF(B18+1<Last_Year+1,B18+1,""),"") -> 2030 | C19: ='MM_1B. Safety Backup'!G23 -> 596682 | D19: =SUM('MM_2B. Emissions Backup'!C189:E189) -> 39337.533 | E19: ='MM_2B. Emissions Backup'!F189 -> 11624.368 | F19: ='MM_3D. TTS Backup All Years'!G99 -> 6853294.5 | G19: =Table4.1_ForegoneSummary[[#Totals],[Annual Average]] -> 0 | H19: =-'MM_11. Work Zone Impact Costs'!B34 -> 0 | I19: =Table4.1_ForegoneSummary63[[#Totals],[Annual Benefit]] -> 0 | J19: =Table4.1_ForegoneSummary6365[[#Totals],[Annual Benefit]] -> 0 | K19: =Table70[[#Totals],[Annual Benefits]] -> 0 | L19: =Table71[[#Totals],[Annual Benefit]] -> 0 | M19: =SUM(C19:L19) -> 7500938.4 | N19: =(($M19-$E19)/((1+'MM_ES-1. Executive Summary'!$F$12)^$A19))+($E19/(1+'MM_ES-1. Executive Summary'!$F$13)^$A19) -> 4368025.3 | O19: =$M19/((1+'MM_ES-1. Executive Summary'!$F$13)^$A19) -> 5921310
A20: =A19+1 -> 9 | B20: =IFERROR(IF(B19+1<Last_Year+1,B19+1,""),"") -> 2031 | C20: ='MM_1B. Safety Backup'!G24 -> 596682 | D20: =SUM('MM_2B. Emissions Backup'!C190:E190) -> 51329.324 | E20: ='MM_2B. Emissions Backup'!F190 -> 14714.628 | F20: ='MM_3D. TTS Backup All Years'!G100 -> 8304446.5 | G20: =Table4.1_ForegoneSummary[[#Totals],[Annual Average]] -> 0 | H20: =-'MM_11. Work Zone Impact Costs'!B35 -> 0 | I20: =Table4.1_ForegoneSummary63[[#Totals],[Annual Benefit]] -> 0 | J20: =Table4.1_ForegoneSummary6365[[#Totals],[Annual Benefit]] -> 0 | K20: =Table70[[#Totals],[Annual Benefits]] -> 0 | L20: =Table71[[#Totals],[Annual Benefit]] -> 0 | M20: =SUM(C20:L20) -> 8967172.5 | N20: =(($M20-$E20)/((1+'MM_ES-1. Executive Summary'!$F$12)^$A20))+($E20/(1+'MM_ES-1. Executive Summary'!$F$13)^$A20) -> 4880821.4 | O20: =$M20/((1+'MM_ES-1. Executive Summary'!$F$13)^$A20) -> 6872591
A21: =A20+1 -> 10 | B21: =IFERROR(IF(B20+1<Last_Year+1,B20+1,""),"") -> 2032 | C21: ='MM_1B. Safety Backup'!G25 -> 596682 | D21: =SUM('MM_2B. Emissions Backup'!C191:E191) -> 62694.54 | E21: ='MM_2B. Emissions Backup'!F191 -> 17704.105 | F21: ='MM_3D. TTS Backup All Years'!G101 -> 9755598.6 | G21: =Table4.1_ForegoneSummary[[#Totals],[Annual Average]] -> 0 | H21: =-'MM_11. Work Zone Impact Costs'!B36 -> 0 | I21: =Table4.1_ForegoneSummary63[[#Totals],[Annual Benefit]] -> 0 | J21: =Table4.1_ForegoneSummary6365[[#Totals],[Annual Benefit]] -> 0 | K21: =Table70[[#Totals],[Annual Benefits]] -> 0 | L21: =Table71[[#Totals],[Annual Benefit]] -> 0 | M21: =SUM(C21:L21) -> 10432679 | N21: =(($M21-$E21)/((1+'MM_ES-1. Executive Summary'!$F$12)^$A21))+($E21/(1+'MM_ES-1. Executive Summary'!$F$13)^$A21) -> 5307618.7 | O21: =$M21/((1+'MM_ES-1. Executive Summary'!$F$13)^$A21) -> 7762893.1
A22: =A21+1 -> 11 | B22: =IFERROR(IF(B21+1<Last_Year+1,B21+1,""),"") -> 2033 | C22: ='MM_1B. Safety Backup'!G26 -> 596682 | D22: =SUM('MM_2B. Emissions Backup'!C192:E192) -> 74059.757 | E22: ='MM_2B. Emissions Backup'!F192 -> 21615.211 | F22: ='MM_3D. TTS Backup All Years'!G102 -> 11206751 | G22: =Table4.1_ForegoneSummary[[#Totals],[Annual Average]] -> 0 | H22: =-'MM_11. Work Zone Impact Costs'!B37 -> 0 | I22: =Table4.1_ForegoneSummary63[[#Totals],[Annual Benefit]] -> 0 | J22: =Table4.1_ForegoneSummary6365[[#Totals],[Annual Benefit]] -> 0 | K22: =Table70[[#Totals],[Annual Benefits]] -> 0 | L22: =Table71[[#Totals],[Annual Benefit]] -> 0 | M22: =SUM(C22:L22) -> 11899108 | N22: =(($M22-$E22)/((1+'MM_ES-1. Executive Summary'!$F$12)^$A22))+($E22/(1+'MM_ES-1. Executive Summary'!$F$13)^$A22) -> 5658526.4 | O22: =$M22/((1+'MM_ES-1. Executive Summary'!$F$13)^$A22) -> 8596168.5
A23: =A22+1 -> 12 | B23: =IFERROR(IF(B22+1<Last_Year+1,B22+1,""),"") -> 2034 | C23: ='MM_1B. Safety Backup'!G27 -> 596682 | D23: =SUM('MM_2B. Emissions Backup'!C193:E193) -> 85424.973 | E23: ='MM_2B. Emissions Backup'!F193 -> 25526.317 | F23: ='MM_3D. TTS Backup All Years'!G103 -> 12657903 | G23: =Table4.1_ForegoneSummary[[#Totals],[Annual Average]] -> 0 | H23: =-'MM_11. Work Zone Impact Costs'!B38 -> 0 | I23: =Table4.1_ForegoneSummary63[[#Totals],[Annual Benefit]] -> 0 | J23: =Table4.1_ForegoneSummary6365[[#Totals],[Annual Benefit]] -> 0 | K23: =Table70[[#Totals],[Annual Benefits]] -> 0 | L23: =Table71[[#Totals],[Annual Benefit]] -> 0 | M23: =SUM(C23:L23) -> 13365536 | N23: =(($M23-$E23)/((1+'MM_ES-1. Executive Summary'!$F$12)^$A23))+($E23/(1+'MM_ES-1. Executive Summary'!$F$13)^$A23) -> 5941027.5 | O23: =$M23/((1+'MM_ES-1. Executive Summary'!$F$13)^$A23) -> 9374318
A24: =A23+1 -> 13 | B24: =IFERROR(IF(B23+1<Last_Year+1,B23+1,""),"") -> 2035 | C24: ='MM_1B. Safety Backup'!G28 -> 596682 | D24: =SUM('MM_2B. Emissions Backup'!C194:E194) -> 96790.189 | E24: ='MM_2B. Emissions Backup'!F194 -> 29437.423 | F24: ='MM_3D. TTS Backup All Years'!G104 -> 14109055 | G24: =Table4.1_ForegoneSummary[[#Totals],[Annual Average]] -> 0 | H24: =-'MM_11. Work Zone Impact Costs'!B39 -> 0 | I24: =Table4.1_ForegoneSummary63[[#Totals],[Annual Benefit]] -> 0 | J24: =Table4.1_ForegoneSummary6365[[#Totals],[Annual Benefit]] -> 0 | K24: =Table70[[#Totals],[Annual Benefits]] -> 0 | L24: =Table71[[#Totals],[Annual Benefit]] -> 0 | M24: =SUM(C24:L24) -> 14831964 | N24: =(($M24-$E24)/((1+'MM_ES-1. Executive Summary'!$F$12)^$A24))+($E24/(1+'MM_ES-1. Executive Summary'!$F$13)^$A24) -> 6162567.9 | O24: =$M24/((1+'MM_ES-1. Executive Summary'!$F$13)^$A24) -> 10099846
A25: =A24+1 -> 14 | B25: =IFERROR(IF(B24+1<Last_Year+1,B24+1,""),"") -> 2036 | C25: ='MM_1B. Safety Backup'!G29 -> 596682 | D25: =SUM('MM_2B. Emissions Backup'!C195:E195) -> 108155.41 | E25: ='MM_2B. Emissions Backup'!F195 -> 33348.529 | F25: ='MM_3D. TTS Backup All Years'!G105 -> 15560207 | G25: =Table4.1_ForegoneSummary[[#Totals],[Annual Average]] -> 0 | H25: 0 | I25: =Table4.1_ForegoneSummary63[[#Totals],[Annual Benefit]] -> 0 | J25: =Table4.1_ForegoneSummary6365[[#Totals],[Annual Benefit]] -> 0 | K25: =Table70[[#Totals],[Annual Benefits]] -> 0 | L25: =Table71[[#Totals],[Annual Benefit]] -> 0 | M25: =SUM(C25:L25) -> 16298393 | N25: =(($M25-$E25)/((1+'MM_ES-1. Executive Summary'!$F$12)^$A25))+($E25/(1+'MM_ES-1. Executive Summary'!$F$13)^$A25) -> 6329911.9 | O25: =$M25/((1+'MM_ES-1. Executive Summary'!$F$13)^$A25) -> 10775158
A26: =A25+1 -> 15 | B26: =IFERROR(IF(B25+1<Last_Year+1,B25+1,""),"") -> 2037 | C26: ='MM_1B. Safety Backup'!G30 -> 596682 | D26: =SUM('MM_2B. Emissions Backup'!C196:E196) -> 119520.62 | E26: ='MM_2B. Emissions Backup'!F196 -> 37259.635 | F26: ='MM_3D. TTS Backup All Years'!G106 -> 17011359 | G26: =Table4.1_ForegoneSummary[[#Totals],[Annual Average]] -> 0 | H26: 0 | I26: =Table4.1_ForegoneSummary63[[#Totals],[Annual Benefit]] -> 0 | J26: =Table4.1_ForegoneSummary6365[[#Totals],[Annual Benefit]] -> 0 | K26: =Table70[[#Totals],[Annual Benefits]] -> 0 | L26: =Table71[[#Totals],[Annual Benefit]] -> 0 | M26: =SUM(C26:L26) -> 17764821 | N26: =(($M26-$E26)/((1+'MM_ES-1. Executive Summary'!$F$12)^$A26))+($E26/(1+'MM_ES-1. Executive Summary'!$F$13)^$A26) -> 6449199.6 | O26: =$M26/((1+'MM_ES-1. Executive Summary'!$F$13)^$A26) -> 11402563
A27: =A26+1 -> 16 | B27: =IFERROR(IF(B26+1<Last_Year+1,B26+1,""),"") -> 2038 | C27: ='MM_1B. Safety Backup'!G31 -> 596682 | D27: =SUM('MM_2B. Emissions Backup'!C197:E197) -> 130885.84 | E27: ='MM_2B. Emissions Backup'!F197 -> 41170.741 | F27: ='MM_3D. TTS Backup All Years'!G107 -> 18462511 | G27: =Table4.1_ForegoneSummary[[#Totals],[Annual Average]] -> 0 | H27: 0 | I27: =Table4.1_ForegoneSummary63[[#Totals],[Annual Benefit]] -> 0 | J27: =Table4.1_ForegoneSummary6365[[#Totals],[Annual Benefit]] -> 0 | K27: =Table70[[#Totals],[Annual Benefits]] -> 0 | L27: =Table71[[#Totals],[Annual Benefit]] -> 0 | M27: =SUM(C27:L27) -> 19231250 | N27: =(($M27-$E27)/((1+'MM_ES-1. Executive Summary'!$F$12)^$A27))+($E27/(1+'MM_ES-1. Executive Summary'!$F$13)^$A27) -> 6525999.9 | O27: =$M27/((1+'MM_ES-1. Executive Summary'!$F$13)^$A27) -> 11984279
A28: =A27+1 -> 17 | B28: =IFERROR(IF(B27+1<Last_Year+1,B27+1,""),"") -> 2039 | C28: ='MM_1B. Safety Backup'!G32 -> 596682 | D28: =SUM('MM_2B. Emissions Backup'!C198:E198) -> 142251.05 | E28: ='MM_2B. Emissions Backup'!F198 -> 45081.847 | F28: ='MM_3D. TTS Backup All Years'!G108 -> 19913663 | G28: =Table4.1_ForegoneSummary[[#Totals],[Annual Average]] -> 0 | H28: 0 | I28: =Table4.1_ForegoneSummary63[[#Totals],[Annual Benefit]] -> 0 | J28: =Table4.1_ForegoneSummary6365[[#Totals],[Annual Benefit]] -> 0 | K28: =Table70[[#Totals],[Annual Benefits]] -> 0 | L28: =Table71[[#Totals],[Annual Benefit]] -> 0 | M28: =SUM(C28:L28) -> 20697678 | N28: =(($M28-$E28)/((1+'MM_ES-1. Executive Summary'!$F$12)^$A28))+($E28/(1+'MM_ES-1. Executive Summary'!$F$13)^$A28) -> 6565358.3 | O28: =$M28/((1+'MM_ES-1. Executive Summary'!$F$13)^$A28) -> 12522436
A29: =A28+1 -> 18 | B29: =IFERROR(IF(B28+1<Last_Year+1,B28+1,""),"") -> 2040 | C29: ='MM_1B. Safety Backup'!G33 -> 596682 | D29: =SUM('MM_2B. Emissions Backup'!C199:E199) -> 153616.27 | E29: ='MM_2B. Emissions Backup'!F199 -> 48992.953 | F29: ='MM_3D. TTS Backup All Years'!G109 -> 21364815 | G29: =Table4.1_ForegoneSummary[[#Totals],[Annual Average]] -> 0 | H29: 0 | I29: =Table4.1_ForegoneSummary63[[#Totals],[Annual Benefit]] -> 0 | J29: =Table4.1_ForegoneSummary6365[[#Totals],[Annual Benefit]] -> 0 | K29: =Table70[[#Totals],[Annual Benefits]] -> 0 | L29: =Table71[[#Totals],[Annual Benefit]] -> 0 | M29: =SUM(C29:L29) -> 22164106 | N29: =(($M29-$E29)/((1+'MM_ES-1. Executive Summary'!$F$12)^$A29))+($E29/(1+'MM_ES-1. Executive Summary'!$F$13)^$A29) -> 6571842.2 | O29: =$M29/((1+'MM_ES-1. Executive Summary'!$F$13)^$A29) -> 13019077
A30: =A29+1 -> 19 | B30: =IFERROR(IF(B29+1<Last_Year+1,B29+1,""),"") -> 2041 | C30: ='MM_1B. Safety Backup'!G34 -> 596682 | D30: =SUM('MM_2B. Emissions Backup'!C200:E200) -> 164981.49 | E30: ='MM_2B. Emissions Backup'!F200 -> 52904.06 | F30: ='MM_3D. TTS Backup All Years'!G110 -> 22815967 | G30: =Table4.1_ForegoneSummary[[#Totals],[Annual Average]] -> 0 | H30: 0 | I30: =Table4.1_ForegoneSummary63[[#Totals],[Annual Benefit]] -> 0 | J30: =Table4.1_ForegoneSummary6365[[#Totals],[Annual Benefit]] -> 0 | K30: =Table70[[#Totals],[Annual Benefits]] -> 0 | L30: =Table71[[#Totals],[Annual Benefit]] -> 0 | M30: =SUM(C30:L30) -> 23630535 | N30: =(($M30-$E30)/((1+'MM_ES-1. Executive Summary'!$F$12)^$A30))+($E30/(1+'MM_ES-1. Executive Summary'!$F$13)^$A30) -> 6549581.8 | O30: =$M30/((1+'MM_ES-1. Executive Summary'!$F$13)^$A30) -> 13476164
A31: =A30+1 -> 20 | B31: =IFERROR(IF(B30+1<Last_Year+1,B30+1,""),"") -> 2042 | C31: ='MM_1B. Safety Backup'!G35 -> 596682 | D31: =SUM('MM_2B. Emissions Backup'!C201:E201) -> 176346.7 | E31: ='MM_2B. Emissions Backup'!F201 -> 56815.166 | F31: ='MM_3D. TTS Backup All Years'!G111 -> 24267119 | G31: =Table4.1_ForegoneSummary[[#Totals],[Annual Average]] -> 0 | H31: 0 | I31: =Table4.1_ForegoneSummary63[[#Totals],[Annual Benefit]] -> 0 | J31: =Table4.1_ForegoneSummary6365[[#Totals],[Annual Benefit]] -> 0 | K31: =Table70[[#Totals],[Annual Benefits]] -> 0 | L31: =Table71[[#Totals],[Annual Benefit]] -> 0 | M31: =SUM(C31:L31) -> 25096963 | N31: =(($M31-$E31)/((1+'MM_ES-1. Executive Summary'!$F$12)^$A31))+($E31/(1+'MM_ES-1. Executive Summary'!$F$13)^$A31) -> 6502307.2 | O31: =$M31/((1+'MM_ES-1. Executive Summary'!$F$13)^$A31) -> 13895580
A32: =A31+1 -> 21 | B32: =IFERROR(IF(B31+1<Last_Year+1,B31+1,""),"") -> 2043 | C32: ='MM_1B. Safety Backup'!G36 -> 596682 | D32: =SUM('MM_2B. Emissions Backup'!C202:E202) -> 187711.92 | E32: ='MM_2B. Emissions Backup'!F202 -> 60726.272 | F32: ='MM_3D. TTS Backup All Years'!G112 -> 25718271 | G32: =Table4.1_ForegoneSummary[[#Totals],[Annual Average]] -> 0 | H32: 0 | I32: =Table4.1_ForegoneSummary63[[#Totals],[Annual Benefit]] -> 0 | J32: =Table4.1_ForegoneSummary6365[[#Totals],[Annual Benefit]] -> 0 | K32: =Table70[[#Totals],[Annual Benefits]] -> 0 | L32: =Table71[[#Totals],[Annual Benefit]] -> 0 | M32: =SUM(C32:L32) -> 26563391 | N32: =(($M32-$E32)/((1+'MM_ES-1. Executive Summary'!$F$12)^$A32))+($E32/(1+'MM_ES-1. Executive Summary'!$F$13)^$A32) -> 6433383.8 | O32: =$M32/((1+'MM_ES-1. Executive Summary'!$F$13)^$A32) -> 14279132
A33: =A32+1 -> 22 | B33: =IFERROR(IF(B32+1<Last_Year+1,B32+1,""),"") -> 2044 | C33: ='MM_1B. Safety Backup'!G37 -> 596682 | D33: =SUM('MM_2B. Emissions Backup'!C203:E203) -> 199077.14 | E33: ='MM_2B. Emissions Backup'!F203 -> 64637.378 | F33: ='MM_3D. TTS Backup All Years'!G113 -> 27169423 | G33: =Table4.1_ForegoneSummary[[#Totals],[Annual Average]] -> 0 | H33: 0 | I33: =Table4.1_ForegoneSummary63[[#Totals],[Annual Benefit]] -> 0 | J33: =Table4.1_ForegoneSummary6365[[#Totals],[Annual Benefit]] -> 0 | K33: =Table70[[#Totals],[Annual Benefits]] -> 0 | L33: =Table71[[#Totals],[Annual Benefit]] -> 0 | M33: =SUM(C33:L33) -> 28029820 | N33: =(($M33-$E33)/((1+'MM_ES-1. Executive Summary'!$F$12)^$A33))+($E33/(1+'MM_ES-1. Executive Summary'!$F$13)^$A33) -> 6345843.6 | O33: =$M33/((1+'MM_ES-1. Executive Summary'!$F$13)^$A33) -> 14628553
A34: =A33+1 -> 23 | B34: =IFERROR(IF(B33+1<Last_Year+1,B33+1,""),"") -> 2045 | C34: ='MM_1B. Safety Backup'!G38 -> 596682 | D34: =SUM('MM_2B. Emissions Backup'!C204:E204) -> 210442.35 | E34: ='MM_2B. Emissions Backup'!F204 -> 68548.484 | F34: ='MM_3D. TTS Backup All Years'!G114 -> 28620575 | G34: =Table4.1_ForegoneSummary[[#Totals],[Annual Average]] -> 0 | H34: 0 | I34: =Table4.1_ForegoneSummary63[[#Totals],[Annual Benefit]] -> 0 | J34: =Table4.1_ForegoneSummary6365[[#Totals],[Annual Benefit]] -> 0 | K34: =Table70[[#Totals],[Annual Benefits]] -> 0 | L34: =Table71[[#Totals],[Annual Benefit]] -> 0 | M34: =SUM(C34:L34) -> 29496248 | N34: =(($M34-$E34)/((1+'MM_ES-1. Executive Summary'!$F$12)^$A34))+($E34/(1+'MM_ES-1. Executive Summary'!$F$13)^$A34) -> 6242414.5 | O34: =$M34/((1+'MM_ES-1. Executive Summary'!$F$13)^$A34) -> 14945506
A35: =A34+1 -> 24 | B35: =IFERROR(IF(B34+1<Last_Year+1,B34+1,""),"") -> 2046 | C35: ='MM_1B. Safety Backup'!G39 -> 596682 | D35: =SUM('MM_2B. Emissions Backup'!C205:E205) -> 221807.57 | E35: ='MM_2B. Emissions Backup'!F205 -> 72459.59 | F35: ='MM_3D. TTS Backup All Years'!G115 -> 30071727 | G35: =Table4.1_ForegoneSummary[[#Totals],[Annual Average]] -> 0 | H35: 0 | I35: =Table4.1_ForegoneSummary63[[#Totals],[Annual Benefit]] -> 0 | J35: =Table4.1_ForegoneSummary6365[[#Totals],[Annual Benefit]] -> 0 | K35: =Table70[[#Totals],[Annual Benefits]] -> 0 | L35: =Table71[[#Totals],[Annual Benefit]] -> 0 | M35: =SUM(C35:L35) -> 30962677 | N35: =(($M35-$E35)/((1+'MM_ES-1. Executive Summary'!$F$12)^$A35))+($E35/(1+'MM_ES-1. Executive Summary'!$F$13)^$A35) -> 6125547.2 | O35: =$M35/((1+'MM_ES-1. Executive Summary'!$F$13)^$A35) -> 15231585
A36: =A35+1 -> 25 | B36: =IFERROR(IF(B35+1<Last_Year+1,B35+1,""),"") -> 2047 | C36: ='MM_1B. Safety Backup'!G40 -> 596682 | D36: =SUM('MM_2B. Emissions Backup'!C206:E206) -> 233172.79 | E36: ='MM_2B. Emissions Backup'!F206 -> 76370.696 | F36: ='MM_3D. TTS Backup All Years'!G116 -> 31522880 | G36: =Table4.1_ForegoneSummary[[#Totals],[Annual Average]] -> 0 | H36: 0 | I36: =Table4.1_ForegoneSummary63[[#Totals],[Annual Benefit]] -> 0 | J36: =Table4.1_ForegoneSummary6365[[#Totals],[Annual Benefit]] -> 0 | K36: =Table70[[#Totals],[Annual Benefits]] -> 0 | L36: =Table71[[#Totals],[Annual Benefit]] -> 0 | M36: =SUM(C36:L36) -> 32429105 | N36: =(($M36-$E36)/((1+'MM_ES-1. Executive Summary'!$F$12)^$A36))+($E36/(1+'MM_ES-1. Executive Summary'!$F$13)^$A36) -> 5997439.8 | O36: =$M36/((1+'MM_ES-1. Executive Summary'!$F$13)^$A36) -> 15488321
... A47: =A46+1 -> 36 | B47: =IFERROR(IF(B46+1<Last_Year+1,B46+1,""),"") -> 2058 | C47: ='MM_1B. Safety Backup'!G51 -> 596682 | D47: =SUM('MM_2B. Emissions Backup'!C217:E217) -> 358190.17 | E47: ='MM_2B. Emissions Backup'!F217 -> 119392.86 | F47: ='MM_3D. TTS Backup All Years'!G127 -> 46034400 | G47: =Table4.1_ForegoneSummary[[#Totals],[Annual Average]] -> 0 | H47: 0 | I47: =Table4.1_ForegoneSummary63[[#Totals],[Annual Benefit]] -> 0 | J47: =Table4.1_ForegoneSummary6365[[#Totals],[Annual Benefit]] -> 0 | K47: =Table70[[#Totals],[Annual Benefits]] -> 0 | L47: =Table71[[#Totals],[Annual Benefit]] -> 0 | M47: =SUM(C47:L47) -> 47108665 | N47: =(($M47-$E47)/((1+'MM_ES-1. Executive Summary'!$F$12)^$A47))+($E47/(1+'MM_ES-1. Executive Summary'!$F$13)^$A47) -> 4154421.8 | O47: =$M47/((1+'MM_ES-1. Executive Summary'!$F$13)^$A47) -> 16254017
A48: =A47+1 -> 37 | B48: =IFERROR(IF(B47+1<Last_Year+1,B47+1,""),"") | C48: 0 | D48: 0 | E48: 0 | F48: 0 | G48: 0 | I48: 0 | M48: =SUM(C48:L48) -> 0 | N48: 0 | O48: 0
A49: =A48+1 -> 38 | B49: =IFERROR(IF(B48+1<Last_Year+1,B48+1,""),"") | C49: 0 | D49: 0 | E49: 0 | F49: 0 | G49: 0 | I49: 0 | M49: =SUM(C49:L49) -> 0 | N49: 0 | O49: 0
A50: =A49+1 -> 39 | B50: =IFERROR(IF(B49+1<Last_Year+1,B49+1,""),"") | C50: 0 | D50: 0 | E50: 0 | F50: 0 | G50: 0 | I50: 0 | M50: =SUM(C50:L50) -> 0 | N50: 0 | O50: 0
A51: =A50+1 -> 40 | B51: =IFERROR(IF(B50+1<Last_Year+1,B50+1,""),"") | C51: 0 | D51: 0 | E51: 0 | F51: 0 | G51: 0 | I51: 0 | M51: =SUM(C51:L51) -> 0 | N51: 0 | O51: 0
A52: Present Value Benefits | C52: =SUM(C12:C51) -> 18497142 | D52: =SUM(D12:D51) -> 5816712.5 | E52: =SUM(E12:E51) -> 1892140.1 | F52: =SUM(F12:F51) -> 7.9581526e+08 | G52: =SUM(G12:G51) -> 0 | H52: =SUM(H12:H51) -> -1708070.1 | I52: =SUM(I12:I51) -> 0 | J52: =SUM(J12:J51) -> 0 | ... L52: =SUM(L12:L51) -> 0 | M52: =SUM(M12:M47) -> 8.2031318e+08 | N52: =SUM(N12:N47) -> 1.7024645e+08 | O52: =SUM(O12:O47) -> 3.972744e+08
A55: Table ES-2.2 Project Costs by Year
A57: Year # | B57: Year | C57: Future Eligible Project Costs | D57: Lifecycle Management Costs | E57: TOTAL COSTS | F57: TOTAL COSTS at 7% Discount Rate | G57: TOTAL COSTS at 3% Discount Rate
A58: 1 | B58: =First_Year -> 2023 | C58: ='MM_10. Future Eligible Costs'!G15 -> 700000 | E58: =SUM(C58:D58) -> 700000 | F58: =$E58/((1+'MM_ES-1. Executive Summary'!$F$12)^$A12) -> 654205.61 | G58: =$E58/((1+'MM_ES-1. Executive Summary'!$F$13)^$A12) -> 679611.65
A59: =A58+1 -> 2 | B59: =IFERROR(IF(B58+1<Last_Year+1,B58+1,""),"") -> 2024 | C59: ='MM_10. Future Eligible Costs'!G16 -> 5390000 | E59: =SUM(C59:D59) -> 5390000 | F59: =$E59/((1+'MM_ES-1. Executive Summary'!$F$12)^$A13) -> 4707834.7 | G59: =$E59/((1+'MM_ES-1. Executive Summary'!$F$13)^$A13) -> 5080592
A60: =A59+1 -> 3 | B60: =IFERROR(IF(B59+1<Last_Year+1,B59+1,""),"") -> 2025 | C60: ='MM_10. Future Eligible Costs'!G17 -> 48500000 | E60: =SUM(C60:D60) -> 48500000 | F60: =$E60/((1+'MM_ES-1. Executive Summary'!$F$12)^$A14) -> 39590447 | G60: =$E60/((1+'MM_ES-1. Executive Summary'!$F$13)^$A14) -> 44384370
A61: =A60+1 -> 4 | B61: =IFERROR(IF(B60+1<Last_Year+1,B60+1,""),"") -> 2026 | C61: ='MM_10. Future Eligible Costs'!G18 -> 18200000 | E61: =SUM(C61:D61) -> 18200000 | F61: =$E61/((1+'MM_ES-1. Executive Summary'!$F$12)^$A15) -> 13884693 | G61: =$E61/((1+'MM_ES-1. Executive Summary'!$F$13)^$A15) -> 16170464
A62: =A61+1 -> 5 | B62: =IFERROR(IF(B61+1<Last_Year+1,B61+1,""),"") -> 2027 | C62: ='MM_10. Future Eligible Costs'!G19 -> 7400000 | E62: =SUM(C62:D62) -> 7400000 | F62: =$E62/((1+'MM_ES-1. Executive Summary'!$F$12)^$A16) -> 5276097.7 | G62: =$E62/((1+'MM_ES-1. Executive Summary'!$F$13)^$A16) -> 6383305
A63: =A62+1 -> 6 | B63: =IFERROR(IF(B62+1<Last_Year+1,B62+1,""),"") -> 2028 | C63: ='MM_10. Future Eligible Costs'!G20 -> 10810000 | E63: =SUM(C63:D63) -> 10810000 | F63: =$E63/((1+'MM_ES-1. Executive Summary'!$F$12)^$A17) -> 7203159.4 | G63: =$E63/((1+'MM_ES-1. Executive Summary'!$F$13)^$A17) -> 9053204.8
A64: =A63+1 -> 7 | B64: =IFERROR(IF(B63+1<Last_Year+1,B63+1,""),"") -> 2029 | C64: 0 | D64: =Table7382[[#Totals],[Cost Over 30 Years]]/30 -> 870833.33 | E64: =SUM(C64:D64) -> 870833.33 | F64: =$E64/((1+'MM_ES-1. Executive Summary'!$F$12)^$A18) -> 542311.23 | G64: =$E64/((1+'MM_ES-1. Executive Summary'!$F$13)^$A18) -> 708067.19
A65: =A64+1 -> 8 | B65: =IFERROR(IF(B64+1<Last_Year+1,B64+1,""),"") -> 2030 | C65: 0 | D65: =Table7382[[#Totals],[Cost Over 30 Years]]/30 -> 870833.33 | E65: =SUM(C65:D65) -> 870833.33 | F65: =$E65/((1+'MM_ES-1. Executive Summary'!$F$12)^$A19) -> 506832.93 | G65: =$E65/((1+'MM_ES-1. Executive Summary'!$F$13)^$A19) -> 687443.87
A66: =A65+1 -> 9 | B66: =IFERROR(IF(B65+1<Last_Year+1,B65+1,""),"") -> 2031 | C66: 0 | D66: =Table7382[[#Totals],[Cost Over 30 Years]]/30 -> 870833.33 | E66: =SUM(C66:D66) -> 870833.33 | F66: =$E66/((1+'MM_ES-1. Executive Summary'!$F$12)^$A20) -> 473675.63 | G66: =$E66/((1+'MM_ES-1. Executive Summary'!$F$13)^$A20) -> 667421.24
A67: =A66+1 -> 10 | B67: =IFERROR(IF(B66+1<Last_Year+1,B66+1,""),"") -> 2032 | C67: 0 | D67: =Table7382[[#Totals],[Cost Over 30 Years]]/30 -> 870833.33 | E67: =SUM(C67:D67) -> 870833.33 | F67: =$E67/((1+'MM_ES-1. Executive Summary'!$F$12)^$A21) -> 442687.51 | G67: =$E67/((1+'MM_ES-1. Executive Summary'!$F$13)^$A21) -> 647981.78
A68: =A67+1 -> 11 | B68: =IFERROR(IF(B67+1<Last_Year+1,B67+1,""),"") -> 2033 | C68: 0 | D68: =Table7382[[#Totals],[Cost Over 30 Years]]/30 -> 870833.33 | E68: =SUM(C68:D68) -> 870833.33 | F68: =$E68/((1+'MM_ES-1. Executive Summary'!$F$12)^$A22) -> 413726.64 | G68: =$E68/((1+'MM_ES-1. Executive Summary'!$F$13)^$A22) -> 629108.53
A69: =A68+1 -> 12 | B69: =IFERROR(IF(B68+1<Last_Year+1,B68+1,""),"") -> 2034 | C69: 0 | D69: =Table7382[[#Totals],[Cost Over 30 Years]]/30 -> 870833.33 | E69: =SUM(C69:D69) -> 870833.33 | F69: =$E69/((1+'MM_ES-1. Executive Summary'!$F$12)^$A23) -> 386660.41 | G69: =$E69/((1+'MM_ES-1. Executive Summary'!$F$13)^$A23) -> 610784.98
A70: =A69+1 -> 13 | B70: =IFERROR(IF(B69+1<Last_Year+1,B69+1,""),"") -> 2035 | C70: 0 | D70: =Table7382[[#Totals],[Cost Over 30 Years]]/30 -> 870833.33 | E70: =SUM(C70:D70) -> 870833.33 | F70: =$E70/((1+'MM_ES-1. Executive Summary'!$F$12)^$A24) -> 361364.87 | G70: =$E70/((1+'MM_ES-1. Executive Summary'!$F$13)^$A24) -> 592995.13
A71: =A70+1 -> 14 | B71: =IFERROR(IF(B70+1<Last_Year+1,B70+1,""),"") -> 2036 | C71: 0 | D71: =Table7382[[#Totals],[Cost Over 30 Years]]/30 -> 870833.33 | E71: =SUM(C71:D71) -> 870833.33 | F71: =$E71/((1+'MM_ES-1. Executive Summary'!$F$12)^$A25) -> 337724.18 | G71: =$E71/((1+'MM_ES-1. Executive Summary'!$F$13)^$A25) -> 575723.42
A72: =A71+1 -> 15 | B72: =IFERROR(IF(B71+1<Last_Year+1,B71+1,""),"") -> 2037 | C72: 0 | D72: =Table7382[[#Totals],[Cost Over 30 Years]]/30 -> 870833.33 | E72: =SUM(C72:D72) -> 870833.33 | F72: =$E72/((1+'MM_ES-1. Executive Summary'!$F$12)^$A26) -> 315630.08 | G72: =$E72/((1+'MM_ES-1. Executive Summary'!$F$13)^$A26) -> 558954.78
A73: =A72+1 -> 16 | B73: =IFERROR(IF(B72+1<Last_Year+1,B72+1,""),"") -> 2038 | C73: 0 | D73: =Table7382[[#Totals],[Cost Over 30 Years]]/30 -> 870833.33 | E73: =SUM(C73:D73) -> 870833.33 | F73: =$E73/((1+'MM_ES-1. Executive Summary'!$F$12)^$A27) -> 294981.38 | G73: =$E73/((1+'MM_ES-1. Executive Summary'!$F$13)^$A27) -> 542674.54
A74: =A73+1 -> 17 | B74: =IFERROR(IF(B73+1<Last_Year+1,B73+1,""),"") -> 2039 | C74: 0 | D74: =Table7382[[#Totals],[Cost Over 30 Years]]/30 -> 870833.33 | E74: =SUM(C74:D74) -> 870833.33 | F74: =$E74/((1+'MM_ES-1. Executive Summary'!$F$12)^$A28) -> 275683.53 | G74: =$E74/((1+'MM_ES-1. Executive Summary'!$F$13)^$A28) -> 526868.49
A75: =A74+1 -> 18 | B75: =IFERROR(IF(B74+1<Last_Year+1,B74+1,""),"") -> 2040 | C75: 0 | D75: =Table7382[[#Totals],[Cost Over 30 Years]]/30 -> 870833.33 | E75: =SUM(C75:D75) -> 870833.33 | F75: =$E75/((1+'MM_ES-1. Executive Summary'!$F$12)^$A29) -> 257648.16 | G75: =$E75/((1+'MM_ES-1. Executive Summary'!$F$13)^$A29) -> 511522.8
... A93: =A92+1 -> 36 | B93: =IFERROR(IF(B92+1<Last_Year+1,B92+1,""),"") -> 2058 | C93: 0 | D93: =Table7382[[#Totals],[Cost Over 30 Years]]/30 -> 870833.33 | E93: =SUM(C93:D93) -> 870833.33 | F93: =$E93/((1+'MM_ES-1. Executive Summary'!$F$12)^$A47) -> 76228.794 | G93: =$E93/((1+'MM_ES-1. Executive Summary'!$F$13)^$A47) -> 300465.74
A94: =A93+1 -> 37 | B94: =IFERROR(IF(B93+1<Last_Year+1,B93+1,""),"") | C94: 0 | E94: =SUM(C94:D94) -> 0 | F94: 0 | G94: 0
A95: =A94+1 -> 38 | B95: =IFERROR(IF(B94+1<Last_Year+1,B94+1,""),"") | C95: 0 | E95: =SUM(C95:D95) -> 0 | F95: 0 | G95: 0
A96: =A95+1 -> 39 | B96: =IFERROR(IF(B95+1<Last_Year+1,B95+1,""),"") | C96: 0 | E96: =SUM(C96:D96) -> 0 | F96: 0 | G96: 0
A97: =A96+1 -> 40 | B97: =IFERROR(IF(B96+1<Last_Year+1,B96+1,""),"") | C97: 0 | E97: =SUM(C97:D97) -> 0 | F97: 0 | G97: 0
A98: Present Value Costs | C98: =SUM(C58:C93) -> 91000000 | D98: =SUM(D58:D93) -> 26125000 | E98: =SUM(E58:E93) -> 1.17125e+08 | F98: =SUM(F58:F93) -> 78517069 | G98: =SUM(G58:G93) -> 96046331

Sheet Q_ES-1. Executive Summary
A1: Project Benefit-Cost Analysis (BCA) Summary
A2: Project Name: | B2: =Project_Name -> Completing the I-95 Missing Move and Quonset Connector Ramps
A3: Component: | B3: Component 2, The Quonset Connector Ramps
A4: Date: | B4: =Date -> 45159
A6: Component 2 of this project , the Quonset Connector Ramps, will generate considerable safety, emissions, and time travel savings, which more than offset the cost of construction, work zone impacts, and long-term maintenance costs. The project's costs and benefits are summarized here, and reported in more detail in the "Project B&C Backup by Year" tab, which aggregates the annual benefits and costs from each area of this Benefit-Cost Analysis. Component 2 of this project has a favorable benefit-cost ratio of 2.21 and a net present value (NPV) of $42,951,542.69, indicating that Component 2 of the Completing the I-95 Missing Moves and Quonset Connector Ramps project is a worthwhile and cost-effective investment. Table ES-1.1 summarizes the project's costs and benefits. Table ES-1.2 shows the calculation of the project's benefits by year, discounted at both the primary (7%) and alternative (3%) discount rates. Table ES-1.3 summarizes the project's costs by year, discounted at both the primary (7%) and alternative (3%) discount rates.
E8: Table ES-1.1 Summary of Project Costs and Benefits
E10: Item | F10: Value
E11: Project Benefits Evaluation Period (Years, post-substantial completion) | F11: 30
E12: Primary Discount Rate: | F12: 0.07
E13: Alternative Discount Rate: | F13: 0.03
E14: Present Value Benefit (7%): | F14: =Table7673[[#Totals],[Project Benefits at 7% Discount Rate*]] -> 78594802
E15: Present Value Cost (7%): | F15: =Table7774[[#Totals],[Project Costs at 7% Discount Rate]] -> 35643259
E16: Project Benefit-Cost Ratio (7%): | F16: =F14/F15 -> 2.2050397
E17: Net Present Value (NPV) (7%) | F17: =Table7673[[#Totals],[Project Benefits at 7% Discount Rate*]]-Table7774[[#Totals],[Project Costs at 7% Discount Rate]] -> 42951543
E18: Alternative B-C Ratio (3%) | F18: =Table7673[[#Totals],[Project Benefits at 3% Discount Rate]]/Table7774[[#Totals],[Project Costs at 3% Discount Rate]] -> 3.6083128
E19: Alternative NPV (3%) | F19: =Table7673[[#Totals],[Project Benefits at 3% Discount Rate]]-Table7774[[#Totals],[Project Costs at 3% Discount Rate]] -> 1.1029131e+08
B21: Table ES-1.2 Project Benefits by Year | H21: Table ES-1.3 Project Costs by Year
B23: Year# | C23: Year | D23: Present Value (PV) Project Benefits | E23: Project Benefits at 7% Discount Rate* | F23: Project Benefits at 3% Discount Rate | H23: Present Value (PV) Project Costs | I23: Project Costs at 7% Discount Rate | J23: Project Costs at 3% Discount Rate
B24: 1 | C24: 2022 | D24: ='Q_ES-2. B&C Summary Backup'!M12 -> 0 | E24: ='Q_ES-2. B&C Summary Backup'!N12 -> 0 | F24: =$D24/((1+$F$13)^$B24) -> 0 | H24: ='Q_ES-2. B&C Summary Backup'!E58 -> 480000 | I24: =$H24/((1+$F$12)^$B24) -> 448598.13 | J24: =$H24/((1+$F$13)^$B24) -> 466019.42
B25: 2 | C25: =C24+1 -> 2023 | D25: ='Q_ES-2. B&C Summary Backup'!M13 -> 0 | E25: ='Q_ES-2. B&C Summary Backup'!N13 -> 0 | F25: =$D25/((1+$F$13)^$B25) -> 0 | H25: ='Q_ES-2. B&C Summary Backup'!E59 -> 2190000 | I25: =$H25/((1+$F$12)^$B25) -> 1912830.8 | J25: =$H25/((1+$F$13)^$B25) -> 2064285
B26: 3 | C26: =C25+1 -> 2024 | D26: ='Q_ES-2. B&C Summary Backup'!M14 -> -43177.421 | E26: ='Q_ES-2. B&C Summary Backup'!N14 -> -35245.637 | F26: =$D26/((1+$F$13)^$B26) -> -39513.457 | H26: ='Q_ES-2. B&C Summary Backup'!E60 -> 19900000 | I26: =$H26/((1+$F$12)^$B26) -> 16244328 | J26: =$H26/((1+$F$13)^$B26) -> 18211319
B27: 4 | C27: =C26+1 -> 2025 | D27: ='Q_ES-2. B&C Summary Backup'!M15 -> -172709.68 | E27: ='Q_ES-2. B&C Summary Backup'!N15 -> -131759.39 | F27: =$D27/((1+$F$13)^$B27) -> -153450.32 | H27: ='Q_ES-2. B&C Summary Backup'!E61 -> 10900000 | I27: =$H27/((1+$F$12)^$B27) -> 8315557.8 | J27: =$H27/((1+$F$13)^$B27) -> 9684508.8
B28: 5 | C28: =C27+1 -> 2026 | D28: ='Q_ES-2. B&C Summary Backup'!M16 -> -172709.68 | E28: ='Q_ES-2. B&C Summary Backup'!N16 -> -123139.62 | F28: =$D28/((1+$F$13)^$B28) -> -148980.89 | H28: ='Q_ES-2. B&C Summary Backup'!E62 -> 5125000 | I28: =$H28/((1+$F$12)^$B28) -> 3654054.2 | J28: =$H28/((1+$F$13)^$B28) -> 4420870
B29: 6 | C29: =C28+1 -> 2027 | D29: ='Q_ES-2. B&C Summary Backup'!M17 -> 8586558.5 | E29: ='Q_ES-2. B&C Summary Backup'!N17 -> 5721897.2 | F29: =$D29/((1+$F$13)^$B29) -> 7191107.6 | H29: ='Q_ES-2. B&C Summary Backup'!E63 -> 5405000 | I29: =$H29/((1+$F$12)^$B29) -> 3601579.7 | J29: =$H29/((1+$F$13)^$B29) -> 4526602.4
B30: 7 | C30: =C29+1 -> 2028 | D30: ='Q_ES-2. B&C Summary Backup'!M18 -> 8682901 | E30: ='Q_ES-2. B&C Summary Backup'!N18 -> 5407569.3 | F30: =$D30/((1+$F$13)^$B30) -> 7059993.1 | H30: ='Q_ES-2. B&C Summary Backup'!E64 -> 177333.33 | I30: =$H30/((1+$F$12)^$B30) -> 110434.29 | J30: =$H30/((1+$F$13)^$B30) -> 144188.23
B31: 8 | C31: =C30+1 -> 2029 | D31: ='Q_ES-2. B&C Summary Backup'!M19 -> 8779263.7 | E31: ='Q_ES-2. B&C Summary Backup'!N19 -> 5109875.8 | F31: =$D31/((1+$F$13)^$B31) -> 6930431.8 | H31: ='Q_ES-2. B&C Summary Backup'!E65 -> 177333.33 | I31: =$H31/((1+$F$12)^$B31) -> 103209.61 | J31: =$H31/((1+$F$13)^$B31) -> 139988.57
B32: 9 | C32: =C31+1 -> 2030 | D32: ='Q_ES-2. B&C Summary Backup'!M20 -> 8789242.8 | E32: ='Q_ES-2. B&C Summary Backup'!N20 -> 4780989.5 | F32: =$D32/((1+$F$13)^$B32) -> 6736222.7 | H32: ='Q_ES-2. B&C Summary Backup'!E66 -> 177333.33 | I32: =$H32/((1+$F$12)^$B32) -> 96457.584 | J32: =$H32/((1+$F$13)^$B32) -> 135911.23
B33: 10 | C33: =C32+1 -> 2031 | D33: ='Q_ES-2. B&C Summary Backup'!M21 -> 8798382.5 | E33: ='Q_ES-2. B&C Summary Backup'!N21 -> 4472818.3 | F33: =$D33/((1+$F$13)^$B33) -> 6546822.9 | H33: ='Q_ES-2. B&C Summary Backup'!E67 -> 177333.33 | I33: =$H33/((1+$F$12)^$B33) -> 90147.274 | J33: =$H33/((1+$F$13)^$B33) -> 131952.65
B34: 11 | C34: =C33+1 -> 2032 | D34: ='Q_ES-2. B&C Summary Backup'!M22 -> 8807411.2 | E34: ='Q_ES-2. B&C Summary Backup'!N22 -> 4184411.3 | F34: =$D34/((1+$F$13)^$B34) -> 6362661.2 | H34: ='Q_ES-2. B&C Summary Backup'!E68 -> 177333.33 | I34: =$H34/((1+$F$12)^$B34) -> 84249.789 | J34: =$H34/((1+$F$13)^$B34) -> 128109.37
B35: 12 | C35: =C34+1 -> 2033 | D35: ='Q_ES-2. B&C Summary Backup'!M23 -> 8816439.9 | E35: ='Q_ES-2. B&C Summary Backup'!N23 -> 3914575.9 | F35: =$D35/((1+$F$13)^$B35) -> 6183673.5 | H35: ='Q_ES-2. B&C Summary Backup'!E69 -> 177333.33 | I35: =$H35/((1+$F$12)^$B35) -> 78738.121 | J35: =$H35/((1+$F$13)^$B35) -> 124378.03
B36: 13 | C36: =C35+1 -> 2034 | D36: ='Q_ES-2. B&C Summary Backup'!M24 -> 8825468.5 | E36: ='Q_ES-2. B&C Summary Backup'!N24 -> 3662116.9 | F36: =$D36/((1+$F$13)^$B36) -> 6009714.6 | H36: ='Q_ES-2. B&C Summary Backup'!E70 -> 177333.33 | I36: =$H36/((1+$F$12)^$B36) -> 73587.029 | J36: =$H36/((1+$F$13)^$B36) -> 120755.37
... B59: 36 | C59: =C58+1 -> 2057 | D59: ='Q_ES-2. B&C Summary Backup'!M47 -> 9023279.3 | E59: ='Q_ES-2. B&C Summary Backup'!N47 -> 787295.89 | F59: =$D59/((1+$F$13)^$B59) -> 3113323.9 | H59: ='Q_ES-2. B&C Summary Backup'!E93 -> 177333.33 | I59: =$H59/((1+$F$12)^$B59) -> 15522.954 | J59: =$H59/((1+$F$13)^$B59) -> 61185.75
B60: Total | D60: =SUBTOTAL(109,Table7673[Present Value (PV) Project Benefits]) -> 2.7515506e+08 | E60: =SUBTOTAL(109,Table7673[Project Benefits at 7% Discount Rate*]) -> 78594802 | F60: =SUBTOTAL(109,Table7673[Project Benefits at 3% Discount Rate]) -> 1.5257586e+08 | H60: =SUBTOTAL(109,Table7774[Present Value (PV) Project Costs]) -> 49320000 | I60: =SUBTOTAL(109,Table7774[Project Costs at 7% Discount Rate]) -> 35643259 | J60: =SUBTOTAL(109,Table7774[Project Costs at 3% Discount Rate]) -> 42284542

Sheet Freight Rating
A1: Freight Rating
A2: Project Name: | B2: Rebuilding the East Avenue Corridor
A3: Date: | B3: =TODAY() -> 45159
A5: From the U.S. Department of Transportation's "Benefit-Cost Analysis Guidance for Discretionary Grant Programs," each project in the most recent round of INFRA funding would be assigned a "Freight Rating," which will be "three tiered, based on the share of quantifiable benefits which are attributable project impacts to freight movement." The tiers are as follows: • Projects for which 20% or more of the quantifiable benefits are attributable to project impacts on freight movement will be designated as having substantial freight benefits; • Projects in which those benefits within a 5-20% range will be designated as a project with moderate freight benefits; and • Projects for which less than 5% of the quantifiable benefits fall into this category to be designated as having incidental freight benefits. RIDOT has elected to perform this calculation for RAISE projects as well. This benefit-cost analysis estimates that 6.36% of the quantifiable benefits associated with this project are attributable to impacts on freight movement. This calculation assumes the following: • The proportion of safety benefits attributanle to freight is equal to the proportion of commercial trucks in the route network (6%); • The proportion of emissions benefits attrubutable to freight is equal to the share of all GHG emissions attributed to medium- and heavy-duty trucks according to the EPA1 (23%); and • The share of travel time savings benefits is calculated directly from the monetization of commercial truck travel documented throughout this BCA. As a result, this project may be designated as having moderate freight benefits. 1. https://www.epa.gov/greenvehicles/fast-facts-transportation-greenhouse-gas-emissions
B7: Table 1. Project Benefits Summary
B8: Benefit Category | C8: Total Benefit (Present Value) | D8: Freight Portion | E8: Freight Share
B9: Safety | C9: ='MM_ES-2. B&C Summary Backup'!C52-'MM_ES-2. B&C Summary Backup'!C17 -> 17900460 | D9: =C9*0.06 -> 1074027.6 | E9: =D9/C9 -> 0.06
B10: Emissions, NOT Including CO2 | C10: ='MM_ES-2. B&C Summary Backup'!D52-'MM_ES-2. B&C Summary Backup'!D17 -> 5800296 | D10: =C10*0.23 -> 1334068.1 | E10: =D10/C10 -> 0.23
B11: Emissions, CO2 Only | C11: ='MM_ES-2. B&C Summary Backup'!E52-'MM_ES-2. B&C Summary Backup'!E17 -> 1885992.3 | D11: =C11*0.23 -> 433778.22 | E11: =D11/C11 -> 0.23
B12: Time Travel Savings | C12: ='MM_ES-2. B&C Summary Backup'!F52-'MM_ES-2. B&C Summary Backup'!F17 -> 7.9186427e+08 | D12: =C12*'MM_3B. TTS Backup 2028'!#REF! -> #REF! | E12: =D12/C12 -> #REF!
C13: =SUM(C9:C12) -> 8.1745102e+08 | D13: =SUM(D9:D12) -> #REF! | E13: =D13/C13 -> #REF!

Sheet Q_ES-2. B&C Summary Backup
A1: Project Benefit-Cost Analysis (BCA) Summary
A2: Project Name: | B2: =Project_Name -> Completing the I-95 Missing Move and Quonset Connector Ramps
A3: Component: | B3: Component 2, The Quonset Connector Ramps
A4: Date: | B4: =Date -> 45159
A7: This tab provides a summary of project costs and benefits by year. Table ES-2.1 shows all project benefits by year. Table ES-2.2 shows all project costs by year. All estimates of project benefits and costs are derived from calculations presented in tabs 1 through 12. All methodological assumptions and data sources are provided on the relevant sheets.
A9: Table ES-2.1 Project Benefits by Year
A11: Year # | B11: Year | C11: Safety Benefits | D11: Emissions Benefits, NOT Including CO2 | E11: Emissions Benefits, CO2 Only | F11: Travel Time Savings Benefits | G11: Foregone Cost Savings | H11: Work Zone Disbenefits | I11: Transit Facility Benefits | J11: Pedestrian Facility Benefits | K11: Cycling Facility Benefits | L11: Mortality Reduction Benefits | M11: TOTAL BENEFITS | N11: TOTAL BENEFITS at 7% Discount Rate (CO2 Discounted at 3% per NOFO) | O11: TOTAL BENEFITS at 3% Discount Rate
A12: 1 | B12: =First_Year -> 2023 | M12: =SUM(C12:L12) -> 0 | N12: =(($M12-$E12)/((1+'Q_ES-1. Executive Summary'!$F$12)^$A12))+($E12/(1+'Q_ES-1. Executive Summary'!$F$13)^$A12) -> 0 | O12: =$M12/((1+'Q_ES-1. Executive Summary'!$F$13)^$A12) -> 0
A13: =A12+1 -> 2 | B13: =IFERROR(IF(B12+1<Last_Year+1,B12+1,""),"") -> 2024 | H13: =-'Q_11. Work Zone Impact Costs'!B27 -> 0 | M13: =SUM(C13:L13) -> 0 | N13: =(($M13-$E13)/((1+'Q_ES-1. Executive Summary'!$F$12)^$A13))+($E13/(1+'Q_ES-1. Executive Summary'!$F$13)^$A13) -> 0 | O13: =$M13/((1+'Q_ES-1. Executive Summary'!$F$13)^$A13) -> 0
A14: =A13+1 -> 3 | B14: =IFERROR(IF(B13+1<Last_Year+1,B13+1,""),"") -> 2025 | H14: =-'Q_11. Work Zone Impact Costs'!B28 -> -43177.421 | M14: =SUM(C14:L14) -> -43177.421 | N14: =(($M14-$E14)/((1+'Q_ES-1. Executive Summary'!$F$12)^$A14))+($E14/(1+'Q_ES-1. Executive Summary'!$F$13)^$A14) -> -35245.637 | O14: =$M14/((1+'Q_ES-1. Executive Summary'!$F$13)^$A14) -> -39513.457
A15: =A14+1 -> 4 | B15: =IFERROR(IF(B14+1<Last_Year+1,B14+1,""),"") -> 2026 | H15: =-'Q_11. Work Zone Impact Costs'!B29 -> -172709.68 | M15: =SUM(C15:L15) -> -172709.68 | N15: =(($M15-$E15)/((1+'Q_ES-1. Executive Summary'!$F$12)^$A15))+($E15/(1+'Q_ES-1. Executive Summary'!$F$13)^$A15) -> -131759.39 | O15: =$M15/((1+'Q_ES-1. Executive Summary'!$F$13)^$A15) -> -153450.32
A16: =A15+1 -> 5 | B16: =IFERROR(IF(B15+1<Last_Year+1,B15+1,""),"") -> 2027 | H16: =-'Q_11. Work Zone Impact Costs'!B30 -> -172709.68 | M16: =SUM(C16:L16) -> -172709.68 | N16: =(($M16-$E16)/((1+'Q_ES-1. Executive Summary'!$F$12)^$A16))+($E16/(1+'Q_ES-1. Executive Summary'!$F$13)^$A16) -> -123139.62 | O16: =$M16/((1+'Q_ES-1. Executive Summary'!$F$13)^$A16) -> -148980.89
A17: =A16+1 -> 6 | B17: =IFERROR(IF(B16+1<Last_Year+1,B16+1,""),"") -> 2028 | C17: ='Q_1B. Safety Backup'!G21 -> 127043.8 | D17: =SUM('Q_2B. Emissions Backup'!C187:E187) -> 50006.124 | E17: ='Q_2B. Emissions Backup'!F187 -> 1815.082 | F17: ='Q_3D. TTS Backup All Years'!G97 -> 8580403.2 | H17: =-'Q_11. Work Zone Impact Costs'!B31 -> -172709.68 | M17: =SUM(C17:L17) -> 8586558.5 | N17: =(($M17-$E17)/((1+'Q_ES-1. Executive Summary'!$F$12)^$A17))+($E17/(1+'Q_ES-1. Executive Summary'!$F$13)^$A17) -> 5721897.2 | O17: =$M17/((1+'Q_ES-1. Executive Summary'!$F$13)^$A17) -> 7191107.6
A18: =A17+1 -> 7 | B18: =IFERROR(IF(B17+1<Last_Year+1,B17+1,""),"") -> 2029 | C18: ='Q_1B. Safety Backup'!G22 -> 127043.8 | D18: =SUM('Q_2B. Emissions Backup'!C188:E188) -> 50410.493 | E18: ='Q_2B. Emissions Backup'!F188 -> 1549.7702 | F18: ='Q_3D. TTS Backup All Years'!G98 -> 8590251.7 | G18: 0 | H18: =-'Q_11. Work Zone Impact Costs'!B32 -> -86354.842 | I18: 0 | J18: 0 | K18: 0 | L18: 0 | M18: =SUM(C18:L18) -> 8682901 | N18: =(($M18-$E18)/((1+'Q_ES-1. Executive Summary'!$F$12)^$A18))+($E18/(1+'Q_ES-1. Executive Summary'!$F$13)^$A18) -> 5407569.3 | O18: =$M18/((1+'Q_ES-1. Executive Summary'!$F$13)^$A18) -> 7059993.1
A19: =A18+1 -> 8 | B19: =IFERROR(IF(B18+1<Last_Year+1,B18+1,""),"") -> 2030 | C19: ='Q_1B. Safety Backup'!G23 -> 127043.8 | D19: =SUM('Q_2B. Emissions Backup'!C189:E189) -> 50844.715 | E19: ='Q_2B. Emissions Backup'!F189 -> 1274.9401 | F19: ='Q_3D. TTS Backup All Years'!G99 -> 8600100.3 | G19: 0 | H19: =-'Q_11. Work Zone Impact Costs'!B33 -> 0 | I19: 0 | J19: 0 | K19: 0 | L19: 0 | M19: =SUM(C19:L19) -> 8779263.7 | N19: =(($M19-$E19)/((1+'Q_ES-1. Executive Summary'!$F$12)^$A19))+($E19/(1+'Q_ES-1. Executive Summary'!$F$13)^$A19) -> 5109875.8 | O19: =$M19/((1+'Q_ES-1. Executive Summary'!$F$13)^$A19) -> 6930431.8
A20: =A19+1 -> 9 | B20: =IFERROR(IF(B19+1<Last_Year+1,B19+1,""),"") -> 2031 | C20: ='Q_1B. Safety Backup'!G24 -> 127043.8 | D20: =SUM('Q_2B. Emissions Backup'!C190:E190) -> 51244.124 | E20: ='Q_2B. Emissions Backup'!F190 -> 1006.0697 | F20: ='Q_3D. TTS Backup All Years'!G100 -> 8609948.8 | G20: 0 | H20: =-'Q_11. Work Zone Impact Costs'!B34 -> 0 | I20: 0 | J20: 0 | K20: 0 | L20: 0 | M20: =SUM(C20:L20) -> 8789242.8 | N20: =(($M20-$E20)/((1+'Q_ES-1. Executive Summary'!$F$12)^$A20))+($E20/(1+'Q_ES-1. Executive Summary'!$F$13)^$A20) -> 4780989.5 | O20: =$M20/((1+'Q_ES-1. Executive Summary'!$F$13)^$A20) -> 6736222.7
A21: =A20+1 -> 10 | B21: =IFERROR(IF(B20+1<Last_Year+1,B20+1,""),"") -> 2032 | C21: ='Q_1B. Safety Backup'!G25 -> 127043.8 | D21: =SUM('Q_2B. Emissions Backup'!C191:E191) -> 50834.004 | E21: ='Q_2B. Emissions Backup'!F191 -> 707.44388 | F21: ='Q_3D. TTS Backup All Years'!G101 -> 8619797.3 | G21: 0 | H21: 0 | I21: 0 | J21: 0 | K21: 0 | L21: 0 | M21: =SUM(C21:L21) -> 8798382.5 | N21: =(($M21-$E21)/((1+'Q_ES-1. Executive Summary'!$F$12)^$A21))+($E21/(1+'Q_ES-1. Executive Summary'!$F$13)^$A21) -> 4472818.3 | O21: =$M21/((1+'Q_ES-1. Executive Summary'!$F$13)^$A21) -> 6546822.9
A22: =A21+1 -> 11 | B22: =IFERROR(IF(B21+1<Last_Year+1,B21+1,""),"") -> 2033 | C22: ='Q_1B. Safety Backup'!G26 -> 127043.8 | D22: =SUM('Q_2B. Emissions Backup'!C192:E192) -> 50423.885 | E22: ='Q_2B. Emissions Backup'!F192 -> 297.70855 | F22: ='Q_3D. TTS Backup All Years'!G102 -> 8629645.8 | G22: 0 | H22: 0 | I22: 0 | J22: 0 | K22: 0 | L22: 0 | M22: =SUM(C22:L22) -> 8807411.2 | N22: =(($M22-$E22)/((1+'Q_ES-1. Executive Summary'!$F$12)^$A22))+($E22/(1+'Q_ES-1. Executive Summary'!$F$13)^$A22) -> 4184411.3 | O22: =$M22/((1+'Q_ES-1. Executive Summary'!$F$13)^$A22) -> 6362661.2
A23: =A22+1 -> 12 | B23: =IFERROR(IF(B22+1<Last_Year+1,B22+1,""),"") -> 2034 | C23: ='Q_1B. Safety Backup'!G27 -> 127043.8 | D23: =SUM('Q_2B. Emissions Backup'!C193:E193) -> 50013.765 | E23: ='Q_2B. Emissions Backup'!F193 -> -112.02678 | F23: ='Q_3D. TTS Backup All Years'!G103 -> 8639494.3 | G23: 0 | H23: 0 | I23: 0 | J23: 0 | K23: 0 | L23: 0 | M23: =SUM(C23:L23) -> 8816439.9 | N23: =(($M23-$E23)/((1+'Q_ES-1. Executive Summary'!$F$12)^$A23))+($E23/(1+'Q_ES-1. Executive Summary'!$F$13)^$A23) -> 3914575.9 | O23: =$M23/((1+'Q_ES-1. Executive Summary'!$F$13)^$A23) -> 6183673.5
A24: =A23+1 -> 13 | B24: =IFERROR(IF(B23+1<Last_Year+1,B23+1,""),"") -> 2035 | C24: ='Q_1B. Safety Backup'!G28 -> 127043.8 | D24: =SUM('Q_2B. Emissions Backup'!C194:E194) -> 49603.645 | E24: ='Q_2B. Emissions Backup'!F194 -> -521.76212 | F24: ='Q_3D. TTS Backup All Years'!G104 -> 8649342.9 | G24: 0 | H24: 0 | I24: 0 | J24: 0 | K24: 0 | L24: 0 | M24: =SUM(C24:L24) -> 8825468.5 | N24: =(($M24-$E24)/((1+'Q_ES-1. Executive Summary'!$F$12)^$A24))+($E24/(1+'Q_ES-1. Executive Summary'!$F$13)^$A24) -> 3662116.9 | O24: =$M24/((1+'Q_ES-1. Executive Summary'!$F$13)^$A24) -> 6009714.6
A25: =A24+1 -> 14 | B25: =IFERROR(IF(B24+1<Last_Year+1,B24+1,""),"") -> 2036 | C25: ='Q_1B. Safety Backup'!G29 -> 127043.8 | D25: =SUM('Q_2B. Emissions Backup'!C195:E195) -> 49193.526 | E25: ='Q_2B. Emissions Backup'!F195 -> -931.49745 | F25: ='Q_3D. TTS Backup All Years'!G105 -> 8659191.4 | G25: 0 | H25: 0 | I25: 0 | J25: 0 | K25: 0 | L25: 0 | M25: =SUM(C25:L25) -> 8834497.2 | N25: =(($M25-$E25)/((1+'Q_ES-1. Executive Summary'!$F$12)^$A25))+($E25/(1+'Q_ES-1. Executive Summary'!$F$13)^$A25) -> 3425915.8 | O25: =$M25/((1+'Q_ES-1. Executive Summary'!$F$13)^$A25) -> 5840643.4
A26: =A25+1 -> 15 | B26: =IFERROR(IF(B25+1<Last_Year+1,B25+1,""),"") -> 2037 | C26: ='Q_1B. Safety Backup'!G30 -> 127043.8 | D26: =SUM('Q_2B. Emissions Backup'!C196:E196) -> 48783.406 | E26: ='Q_2B. Emissions Backup'!F196 -> -1341.2328 | F26: ='Q_3D. TTS Backup All Years'!G106 -> 8669039.9 | G26: 0 | H26: 0 | I26: 0 | J26: 0 | K26: 0 | L26: 0 | M26: =SUM(C26:L26) -> 8843525.9 | N26: =(($M26-$E26)/((1+'Q_ES-1. Executive Summary'!$F$12)^$A26))+($E26/(1+'Q_ES-1. Executive Summary'!$F$13)^$A26) -> 3204926 | O26: =$M26/((1+'Q_ES-1. Executive Summary'!$F$13)^$A26) -> 5676322.7
A27: =A26+1 -> 16 | B27: =IFERROR(IF(B26+1<Last_Year+1,B26+1,""),"") -> 2038 | C27: ='Q_1B. Safety Backup'!G31 -> 127043.8 | D27: =SUM('Q_2B. Emissions Backup'!C197:E197) -> 48373.287 | E27: ='Q_2B. Emissions Backup'!F197 -> -1750.9681 | F27: ='Q_3D. TTS Backup All Years'!G107 -> 8678888.4 | G27: 0 | H27: 0 | I27: 0 | J27: 0 | K27: 0 | L27: 0 | M27: =SUM(C27:L27) -> 8852554.5 | N27: =(($M27-$E27)/((1+'Q_ES-1. Executive Summary'!$F$12)^$A27))+($E27/(1+'Q_ES-1. Executive Summary'!$F$13)^$A27) -> 2998168.5 | O27: =$M27/((1+'Q_ES-1. Executive Summary'!$F$13)^$A27) -> 5516619.3
A28: =A27+1 -> 17 | B28: =IFERROR(IF(B27+1<Last_Year+1,B27+1,""),"") -> 2039 | C28: ='Q_1B. Safety Backup'!G32 -> 127043.8 | D28: =SUM('Q_2B. Emissions Backup'!C198:E198) -> 47963.167 | E28: ='Q_2B. Emissions Backup'!F198 -> -2160.7034 | F28: ='Q_3D. TTS Backup All Years'!G108 -> 8688736.9 | G28: 0 | H28: 0 | I28: 0 | J28: 0 | K28: 0 | L28: 0 | M28: =SUM(C28:L28) -> 8861583.2 | N28: =(($M28-$E28)/((1+'Q_ES-1. Executive Summary'!$F$12)^$A28))+($E28/(1+'Q_ES-1. Executive Summary'!$F$13)^$A28) -> 2804727.1 | O28: =$M28/((1+'Q_ES-1. Executive Summary'!$F$13)^$A28) -> 5361403.6
A29: =A28+1 -> 18 | B29: =IFERROR(IF(B28+1<Last_Year+1,B28+1,""),"") -> 2040 | C29: ='Q_1B. Safety Backup'!G33 -> 127043.8 | D29: =SUM('Q_2B. Emissions Backup'!C199:E199) -> 47553.047 | E29: ='Q_2B. Emissions Backup'!F199 -> -2570.4388 | F29: ='Q_3D. TTS Backup All Years'!G109 -> 8698585.4 | G29: 0 | H29: 0 | I29: 0 | J29: 0 | K29: 0 | L29: 0 | M29: =SUM(C29:L29) -> 8870611.9 | N29: =(($M29-$E29)/((1+'Q_ES-1. Executive Summary'!$F$12)^$A29))+($E29/(1+'Q_ES-1. Executive Summary'!$F$13)^$A29) -> 2623744.6 | O29: =$M29/((1+'Q_ES-1. Executive Summary'!$F$13)^$A29) -> 5210549.6
A30: =A29+1 -> 19 | B30: =IFERROR(IF(B29+1<Last_Year+1,B29+1,""),"") -> 2041 | C30: ='Q_1B. Safety Backup'!G34 -> 127043.8 | D30: =SUM('Q_2B. Emissions Backup'!C200:E200) -> 47142.928 | E30: ='Q_2B. Emissions Backup'!F200 -> -2980.1741 | F30: ='Q_3D. TTS Backup All Years'!G110 -> 8708434 | G30: 0 | H30: 0 | I30: 0 | J30: 0 | K30: 0 | L30: 0 | M30: =SUM(C30:L30) -> 8879640.5 | N30: =(($M30-$E30)/((1+'Q_ES-1. Executive Summary'!$F$12)^$A30))+($E30/(1+'Q_ES-1. Executive Summary'!$F$13)^$A30) -> 2454419.1 | O30: =$M30/((1+'Q_ES-1. Executive Summary'!$F$13)^$A30) -> 5063934.9
A31: =A30+1 -> 20 | B31: =IFERROR(IF(B30+1<Last_Year+1,B30+1,""),"") -> 2042 | C31: ='Q_1B. Safety Backup'!G35 -> 127043.8 | D31: =SUM('Q_2B. Emissions Backup'!C201:E201) -> 46732.808 | E31: ='Q_2B. Emissions Backup'!F201 -> -3389.9094 | F31: ='Q_3D. TTS Backup All Years'!G111 -> 8718282.5 | G31: 0 | H31: 0 | I31: 0 | J31: 0 | K31: 0 | L31: 0 | M31: =SUM(C31:L31) -> 8888669.2 | N31: =(($M31-$E31)/((1+'Q_ES-1. Executive Summary'!$F$12)^$A31))+($E31/(1+'Q_ES-1. Executive Summary'!$F$13)^$A31) -> 2296000.1 | O31: =$M31/((1+'Q_ES-1. Executive Summary'!$F$13)^$A31) -> 4921440.6
A32: =A31+1 -> 21 | B32: =IFERROR(IF(B31+1<Last_Year+1,B31+1,""),"") -> 2043 | C32: ='Q_1B. Safety Backup'!G36 -> 127043.8 | D32: =SUM('Q_2B. Emissions Backup'!C202:E202) -> 46322.689 | E32: ='Q_2B. Emissions Backup'!F202 -> -3799.6448 | F32: ='Q_3D. TTS Backup All Years'!G112 -> 8728131 | G32: 0 | H32: 0 | I32: 0 | J32: 0 | K32: 0 | L32: 0 | M32: =SUM(C32:L32) -> 8897697.8 | N32: =(($M32-$E32)/((1+'Q_ES-1. Executive Summary'!$F$12)^$A32))+($E32/(1+'Q_ES-1. Executive Summary'!$F$13)^$A32) -> 2147785.6 | O32: =$M32/((1+'Q_ES-1. Executive Summary'!$F$13)^$A32) -> 4782951
... A47: =A46+1 -> 36 | B47: =IFERROR(IF(B46+1<Last_Year+1,B46+1,""),"") -> 2058 | C47: ='Q_1B. Safety Backup'!G51 -> 127043.8 | D47: =SUM('Q_2B. Emissions Backup'!C217:E217) -> 40170.895 | E47: ='Q_2B. Emissions Backup'!F217 -> -9945.6747 | F47: ='Q_3D. TTS Backup All Years'!G127 -> 8866010.3 | G47: 0 | H47: 0 | I47: 0 | J47: 0 | K47: 0 | L47: 0 | M47: =SUM(C47:L47) -> 9023279.3 | N47: =(($M47-$E47)/((1+'Q_ES-1. Executive Summary'!$F$12)^$A47))+($E47/(1+'Q_ES-1. Executive Summary'!$F$13)^$A47) -> 787295.89 | O47: =$M47/((1+'Q_ES-1. Executive Summary'!$F$13)^$A47) -> 3113323.9
A48: =A47+1 -> 37 | B48: =IFERROR(IF(B47+1<Last_Year+1,B47+1,""),"") | C48: 0 | D48: 0 | E48: 0 | F48: 0 | G48: 0 | I48: 0 | M48: =SUM(C48:L48) -> 0 | N48: 0 | O48: 0
A49: =A48+1 -> 38 | B49: =IFERROR(IF(B48+1<Last_Year+1,B48+1,""),"") | C49: 0 | D49: 0 | E49: 0 | F49: 0 | G49: 0 | I49: 0 | M49: =SUM(C49:L49) -> 0 | N49: 0 | O49: 0
A50: =A49+1 -> 39 | B50: =IFERROR(IF(B49+1<Last_Year+1,B49+1,""),"") | C50: 0 | D50: 0 | E50: 0 | F50: 0 | G50: 0 | I50: 0 | M50: =SUM(C50:L50) -> 0 | N50: 0 | O50: 0
A51: =A50+1 -> 40 | B51: =IFERROR(IF(B50+1<Last_Year+1,B50+1,""),"") | C51: 0 | D51: 0 | E51: 0 | F51: 0 | G51: 0 | I51: 0 | M51: =SUM(C51:L51) -> 0 | N51: 0 | O51: 0
A52: Present Value Benefits | C52: =SUM(C12:C51) -> 3938357.8 | D52: =SUM(D12:D51) -> 1431071.6 | E52: =SUM(E12:E51) -> -119070.25 | F52: =SUM(F12:F51) -> 2.7055236e+08 | G52: =SUM(G12:G51) -> 0 | H52: =SUM(H12:H51) -> -647661.31 | I52: =SUM(I12:I51) -> 0 | J52: =SUM(J12:J51) -> 0 | ... L52: =SUM(L12:L51) -> 0 | M52: =SUM(M12:M47) -> 2.7515506e+08 | N52: =SUM(N12:N47) -> 78594802 | O52: =SUM(O12:O47) -> 1.5257586e+08
A55: Table ES-2.2 Project Costs by Year
A57: Year # | B57: Year | C57: Future Eligible Project Costs | D57: Lifecycle Management Costs | E57: TOTAL COSTS | F57: TOTAL COSTS at 7% Discount Rate | G57: TOTAL COSTS at 3% Discount Rate
A58: 1 | B58: =First_Year -> 2023 | C58: ='Q_10. Future Eligible Costs'!G15 -> 480000 | E58: =SUM(C58:D58) -> 480000 | F58: =$E58/((1+'Q_ES-1. Executive Summary'!$F$12)^$A12) -> 448598.13 | G58: =$E58/((1+'Q_ES-1. Executive Summary'!$F$13)^$A12) -> 466019.42
A59: =A58+1 -> 2 | B59: =IFERROR(IF(B58+1<Last_Year+1,B58+1,""),"") -> 2024 | C59: ='Q_10. Future Eligible Costs'!G16 -> 2190000 | E59: =SUM(C59:D59) -> 2190000 | F59: =$E59/((1+'Q_ES-1. Executive Summary'!$F$12)^$A13) -> 1912830.8 | G59: =$E59/((1+'Q_ES-1. Executive Summary'!$F$13)^$A13) -> 2064285
A60: =A59+1 -> 3 | B60: =IFERROR(IF(B59+1<Last_Year+1,B59+1,""),"") -> 2025 | C60: ='Q_10. Future Eligible Costs'!G17 -> 19900000 | E60: =SUM(C60:D60) -> 19900000 | F60: =$E60/((1+'Q_ES-1. Executive Summary'!$F$12)^$A14) -> 16244328 | G60: =$E60/((1+'Q_ES-1. Executive Summary'!$F$13)^$A14) -> 18211319
A61: =A60+1 -> 4 | B61: =IFERROR(IF(B60+1<Last_Year+1,B60+1,""),"") -> 2026 | C61: ='Q_10. Future Eligible Costs'!G18 -> 10900000 | E61: =SUM(C61:D61) -> 10900000 | F61: =$E61/((1+'Q_ES-1. Executive Summary'!$F$12)^$A15) -> 8315557.8 | G61: =$E61/((1+'Q_ES-1. Executive Summary'!$F$13)^$A15) -> 9684508.8
A62: =A61+1 -> 5 | B62: =IFERROR(IF(B61+1<Last_Year+1,B61+1,""),"") -> 2027 | C62: ='Q_10. Future Eligible Costs'!G19 -> 5125000 | E62: =SUM(C62:D62) -> 5125000 | F62: =$E62/((1+'Q_ES-1. Executive Summary'!$F$12)^$A16) -> 3654054.2 | G62: =$E62/((1+'Q_ES-1. Executive Summary'!$F$13)^$A16) -> 4420870
A63: =A62+1 -> 6 | B63: =IFERROR(IF(B62+1<Last_Year+1,B62+1,""),"") -> 2028 | C63: ='Q_10. Future Eligible Costs'!G20 -> 5405000 | E63: =SUM(C63:D63) -> 5405000 | F63: =$E63/((1+'Q_ES-1. Executive Summary'!$F$12)^$A17) -> 3601579.7 | G63: =$E63/((1+'Q_ES-1. Executive Summary'!$F$13)^$A17) -> 4526602.4
A64: =A63+1 -> 7 | B64: =IFERROR(IF(B63+1<Last_Year+1,B63+1,""),"") -> 2029 | C64: 0 | D64: =Table7382116[[#Totals],[Cost Over 30 Years]]/30 -> 177333.33 | E64: =SUM(C64:D64) -> 177333.33 | F64: =$E64/((1+'Q_ES-1. Executive Summary'!$F$12)^$A18) -> 110434.29 | G64: =$E64/((1+'Q_ES-1. Executive Summary'!$F$13)^$A18) -> 144188.23
A65: =A64+1 -> 8 | B65: =IFERROR(IF(B64+1<Last_Year+1,B64+1,""),"") -> 2030 | C65: 0 | D65: =Table7382116[[#Totals],[Cost Over 30 Years]]/30 -> 177333.33 | E65: =SUM(C65:D65) -> 177333.33 | F65: =$E65/((1+'Q_ES-1. Executive Summary'!$F$12)^$A19) -> 103209.61 | G65: =$E65/((1+'Q_ES-1. Executive Summary'!$F$13)^$A19) -> 139988.57
A66: =A65+1 -> 9 | B66: =IFERROR(IF(B65+1<Last_Year+1,B65+1,""),"") -> 2031 | C66: 0 | D66: =Table7382116[[#Totals],[Cost Over 30 Years]]/30 -> 177333.33 | E66: =SUM(C66:D66) -> 177333.33 | F66: =$E66/((1+'Q_ES-1. Executive Summary'!$F$12)^$A20) -> 96457.584 | G66: =$E66/((1+'Q_ES-1. Executive Summary'!$F$13)^$A20) -> 135911.23
A67: =A66+1 -> 10 | B67: =IFERROR(IF(B66+1<Last_Year+1,B66+1,""),"") -> 2032 | C67: 0 | D67: =Table7382116[[#Totals],[Cost Over 30 Years]]/30 -> 177333.33 | E67: =SUM(C67:D67) -> 177333.33 | F67: =$E67/((1+'Q_ES-1. Executive Summary'!$F$12)^$A21) -> 90147.274 | G67: =$E67/((1+'Q_ES-1. Executive Summary'!$F$13)^$A21) -> 131952.65
A68: =A67+1 -> 11 | B68: =IFERROR(IF(B67+1<Last_Year+1,B67+1,""),"") -> 2033 | C68: 0 | D68: =Table7382116[[#Totals],[Cost Over 30 Years]]/30 -> 177333.33 | E68: =SUM(C68:D68) -> 177333.33 | F68: =$E68/((1+'Q_ES-1. Executive Summary'!$F$12)^$A22) -> 84249.789 | G68: =$E68/((1+'Q_ES-1. Executive Summary'!$F$13)^$A22) -> 128109.37
A69: =A68+1 -> 12 | B69: =IFERROR(IF(B68+1<Last_Year+1,B68+1,""),"") -> 2034 | C69: 0 | D69: =Table7382116[[#Totals],[Cost Over 30 Years]]/30 -> 177333.33 | E69: =SUM(C69:D69) -> 177333.33 | F69: =$E69/((1+'Q_ES-1. Executive Summary'!$F$12)^$A23) -> 78738.121 | G69: =$E69/((1+'Q_ES-1. Executive Summary'!$F$13)^$A23) -> 124378.03
A70: =A69+1 -> 13 | B70: =IFERROR(IF(B69+1<Last_Year+1,B69+1,""),"") -> 2035 | C70: 0 | D70: =Table7382116[[#Totals],[Cost Over 30 Years]]/30 -> 177333.33 | E70: =SUM(C70:D70) -> 177333.33 | F70: =$E70/((1+'Q_ES-1. Executive Summary'!$F$12)^$A24) -> 73587.029 | G70: =$E70/((1+'Q_ES-1. Executive Summary'!$F$13)^$A24) -> 120755.37
A71: =A70+1 -> 14 | B71: =IFERROR(IF(B70+1<Last_Year+1,B70+1,""),"") -> 2036 | C71: 0 | D71: =Table7382116[[#Totals],[Cost Over 30 Years]]/30 -> 177333.33 | E71: =SUM(C71:D71) -> 177333.33 | F71: =$E71/((1+'Q_ES-1. Executive Summary'!$F$12)^$A25) -> 68772.924 | G71: =$E71/((1+'Q_ES-1. Executive Summary'!$F$13)^$A25) -> 117238.22
A72: =A71+1 -> 15 | B72: =IFERROR(IF(B71+1<Last_Year+1,B71+1,""),"") -> 2037 | C72: 0 | D72: =Table7382116[[#Totals],[Cost Over 30 Years]]/30 -> 177333.33 | E72: =SUM(C72:D72) -> 177333.33 | F72: =$E72/((1+'Q_ES-1. Executive Summary'!$F$12)^$A26) -> 64273.761 | G72: =$E72/((1+'Q_ES-1. Executive Summary'!$F$13)^$A26) -> 113823.52
A73: =A72+1 -> 16 | B73: =IFERROR(IF(B72+1<Last_Year+1,B72+1,""),"") -> 2038 | C73: 0 | D73: =Table7382116[[#Totals],[Cost Over 30 Years]]/30 -> 177333.33 | E73: =SUM(C73:D73) -> 177333.33 | F73: =$E73/((1+'Q_ES-1. Executive Summary'!$F$12)^$A27) -> 60068.935 | G73: =$E73/((1+'Q_ES-1. Executive Summary'!$F$13)^$A27) -> 110508.27
A74: =A73+1 -> 17 | B74: =IFERROR(IF(B73+1<Last_Year+1,B73+1,""),"") -> 2039 | C74: 0 | D74: =Table7382116[[#Totals],[Cost Over 30 Years]]/30 -> 177333.33 | E74: =SUM(C74:D74) -> 177333.33 | F74: =$E74/((1+'Q_ES-1. Executive Summary'!$F$12)^$A28) -> 56139.192 | G74: =$E74/((1+'Q_ES-1. Executive Summary'!$F$13)^$A28) -> 107289.58
A75: =A74+1 -> 18 | B75: =IFERROR(IF(B74+1<Last_Year+1,B74+1,""),"") -> 2040 | C75: 0 | D75: =Table7382116[[#Totals],[Cost Over 30 Years]]/30 -> 177333.33 | E75: =SUM(C75:D75) -> 177333.33 | F75: =$E75/((1+'Q_ES-1. Executive Summary'!$F$12)^$A29) -> 52466.534 | G75: =$E75/((1+'Q_ES-1. Executive Summary'!$F$13)^$A29) -> 104164.64
... A93: =A92+1 -> 36 | B93: =IFERROR(IF(B92+1<Last_Year+1,B92+1,""),"") -> 2058 | C93: 0 | D93: =Table7382116[[#Totals],[Cost Over 30 Years]]/30 -> 177333.33 | E93: =SUM(C93:D93) -> 177333.33 | F93: =$E93/((1+'Q_ES-1. Executive Summary'!$F$12)^$A47) -> 15522.954 | G93: =$E93/((1+'Q_ES-1. Executive Summary'!$F$13)^$A47) -> 61185.75
A94: =A93+1 -> 37 | B94: =IFERROR(IF(B93+1<Last_Year+1,B93+1,""),"") | C94: 0 | E94: =SUM(C94:D94) -> 0 | F94: 0 | G94: 0
A95: =A94+1 -> 38 | B95: =IFERROR(IF(B94+1<Last_Year+1,B94+1,""),"") | C95: 0 | E95: =SUM(C95:D95) -> 0 | F95: 0 | G95: 0
A96: =A95+1 -> 39 | B96: =IFERROR(IF(B95+1<Last_Year+1,B95+1,""),"") | C96: 0 | E96: =SUM(C96:D96) -> 0 | F96: 0 | G96: 0
A97: =A96+1 -> 40 | B97: =IFERROR(IF(B96+1<Last_Year+1,B96+1,""),"") | C97: 0 | E97: =SUM(C97:D97) -> 0 | F97: 0 | G97: 0
A98: Present Value Costs | C98: =SUM(C58:C93) -> 44000000 | D98: =SUM(D58:D93) -> 5320000 | E98: =SUM(E58:E93) -> 49320000 | F98: =SUM(F58:F93) -> 35643259 | G98: =SUM(G58:G93) -> 42284542

Sheet MM_1. Safety Benefits
A1: 1. Safety Benefits Summary
A2: Project Name: | B2: =Project_Name -> Completing the I-95 Missing Move and Quonset Connector Ramps
A3: Component: | B3: Component 1, The Missing Moves
A4: Date: | B4: =Date -> 45159
A7: This review also considers the safety impacts associated with constructing new ramps to expand connectivity between I-95 and Route 4. This change to the roadway network is not well represented by data in the Crash Modification Factor (CMF) Clearinghouse. For safety improvements on newly constructed assets, surrogates for crash modification factors were derived from a comparison of predictive analyses between no-build and preferred action scenarios and a local and national research review. When evaluating countermeasures crash modification factors (CMF) clearinghouse are used to determine the percentage decrease in crashes with the proposed improvements. CMF descriptions can be reviewed at cmfclearinghouse.org. When CMFs are not available for certain countermeasures, local and national research is reviewed and applied. This project is designed to reduce run-off-the-road crashes along horizontal curves by installing high-friction pavement on the Route 4 NB to I-95 NB curve. The assumed CMF for this improvement is CMF #10318, and CMF #10319. For both analyses, crash data were collected for the study area between January 1, 2016 and December 31, 2022. From the U.S. Department of Transportation's "Benefit-Cost Analysis Guidance for Discretionary Grant Programs", the monetized value for the value of injuries were obtained to determine a monetary benefit. Safety impacts are summarized in the tables below. New ramp connections create some new merge, diverge, and weave areas on Route 4 and I-95. Given the high volume of vehicles traveling on Route 4 and I-95 the number of vehicles exposed to this change is high and not offset by the proportionally smaller number of vehicles benefiting from the new routing. Separate of the new ramp construction, the high friction surface treatment (pavement) on the Route 4 to I-95 curve provides a clear benefit for reducing run-off-the-road crashes. These benefits do not outweigh the risk associated with improved freeway connectivity. After considering both safety challenges and opportunities, the net change in crashes is approximately 18 additional crashes per year with a, estimated annual safety benefit averaging $0.6 million per year. While there is a small increase in crashes they are property damage only, low severity. The potential severe crash reductions outweight the low severity crash increases. Despite crashes increasing there is still a measurable benefit because the severity of crashes is lower, the crashes that are projected are low severity injuries and property damage crashes. This can be attributed to lower speeds on the freeway in the vicinity of new, additional connections. This is also attributable to the high-friction surface treatment which addresses approximately 50% of all run-off-the-road crashes in that segment. While the goal is always to reduce crashes, reducing the most serious crashes (fatal and serious injury) provide an important benefit to society. This is consistent with the FHWA Safe System Approach which recognizes that every crash will not be preventable and a focus should be placed on severity. The assumptions, methodology, a description of the baseline scenario, source of data, and key input parameters are documented in Tab 1B as well as Appendix A-1.
B14: Table 1-1. Safety Issue 1: | C14: Missing Move at I-95, Route 2, and Route 4 Interchange
B15: Countermeasure(s): | C15: Provide Missing Move Ramps Alt 2E - CMF Estimated using ISATe Build and No-Build Predictions for Design Year 2058, Added HFST for Exit Loop Ramps and Route 4 NB
B17: Crash Severity | C17: Total Crashes | D17: Number of Crashes per Year | E17: Crash Reduction Factor | F17: Predicted Annual Crash Reduction | G17: Value of Injuries | H17: Annual Savings
B18: O - No Injury | C18: 201 | D18: =C18/1 -> 201 | E18: -0.09 | F18: =D18*E18 -> -18.09 | G18: =VLOOKUP(Table1.1_Safety1[[#This Row],[Crash Severity]],TableA1_KABCO[],2,FALSE) -> 4000 | H18: =G18*F18 -> -72360
B19: C - Possible Injury | C19: 46 | D19: =C19/1 -> 46 | E19: 0.004 | F19: =D19*E19 -> 0.184 | G19: =VLOOKUP(Table1.1_Safety1[[#This Row],[Crash Severity]],TableA1_KABCO[],2,FALSE) -> 78500 | H19: =G19*F19 -> 14444
B20: B - Non-Incapacitating | C20: 4 | D20: =C20/1 -> 4 | E20: 0.05 | F20: =D20*E20 -> 0.2 | G20: =VLOOKUP(Table1.1_Safety1[[#This Row],[Crash Severity]],TableA1_KABCO[],2,FALSE) -> 153700 | H20: =G20*F20 -> 30740
B21: A - Incapacitating | C21: 1 | D21: =C21/1 -> 1 | E21: 0.06 | F21: =D21*E21 -> 0.06 | G21: =VLOOKUP(Table1.1_Safety1[[#This Row],[Crash Severity]],TableA1_KABCO[],2,FALSE) -> 564300 | H21: =G21*F21 -> 33858
B22: K - Killed | C22: 1 | D22: =C22/1 -> 1 | E22: 0.05 | F22: =D22*E22 -> 0.05 | G22: =VLOOKUP(Table1.1_Safety1[[#This Row],[Crash Severity]],TableA1_KABCO[],2,FALSE) -> 11800000 | H22: =G22*F22 -> 590000
B23: U - Injured (Severity Unknown) | D23: =C23/1 -> 0 | F23: =D23*E23 -> 0 | G23: =VLOOKUP(Table1.1_Safety1[[#This Row],[Crash Severity]],TableA1_KABCO[],2,FALSE) -> 213900 | H23: =G23*F23 -> 0
B24: # Accidents Reported (Unknown if Injured) | D24: =C24/1 -> 0 | F24: =D24*E24 -> 0 | G24: =VLOOKUP(Table1.1_Safety1[[#This Row],[Crash Severity]],TableA1_KABCO[],2,FALSE) -> 162600 | H24: =G24*F24 -> 0
B25: Injury Crash | D25: =C25/1 -> 0 | F25: =D25*E25 -> 0 | G25: =VLOOKUP(Table1.1_Safety1[[#This Row],[Crash Severity]],TableA1_KABCO[],2,FALSE) -> 307800 | H25: =G25*F25 -> 0
B26: Fatal Crash | D26: =C26/1 -> 0 | F26: =D26*E26 -> 0 | G26: =VLOOKUP(Table1.1_Safety1[[#This Row],[Crash Severity]],TableA1_KABCO[],2,FALSE) -> 13046800 | H26: =G26*F26 -> 0
B27: Total | C27: =SUBTOTAL(109,Table1.1_Safety1[Total Crashes]) -> 253 | D27: =SUBTOTAL(109,Table1.1_Safety1[Number of Crashes per Year]) -> 253 | E27: =SUBTOTAL(101,Table1.1_Safety1[Crash Reduction Factor]) -> 0.0148 | F27: =SUBTOTAL(109,Table1.1_Safety1[Predicted Annual Crash Reduction]) -> -17.596 | H27: =SUBTOTAL(109,Table1.1_Safety1[Annual Savings]) -> 596682
B30: Table 1-2. Safety Issue 2:
B31: Countermeasure(s):
B33: Crash Severity | C33: Total Crashes | D33: Number of Crashes per Year | E33: Crash Reduction Factor | F33: Predicted Annual Crash Reduction | G33: Value of Injuries | H33: Annual Savings
B34: O - No Injury | D34: =C34/7 -> 0 | F34: =D34*E34 -> 0 | G34: =VLOOKUP(Table1.2_Safety2[[#This Row],[Crash Severity]],TableA1_KABCO[],2,FALSE) -> 4000 | H34: =G34*F34 -> 0
B35: C - Possible Injury | D35: =C35/7 -> 0 | F35: =D35*E35 -> 0 | G35: =VLOOKUP(Table1.2_Safety2[[#This Row],[Crash Severity]],TableA1_KABCO[],2,FALSE) -> 78500 | H35: =G35*F35 -> 0
B36: B - Non-Incapacitating | D36: =C36/7 -> 0 | F36: =D36*E36 -> 0 | G36: =VLOOKUP(Table1.2_Safety2[[#This Row],[Crash Severity]],TableA1_KABCO[],2,FALSE) -> 153700 | H36: =G36*F36 -> 0
B37: A - Incapacitating | D37: =C37/7 -> 0 | F37: =D37*E37 -> 0 | G37: =VLOOKUP(Table1.2_Safety2[[#This Row],[Crash Severity]],TableA1_KABCO[],2,FALSE) -> 564300 | H37: =G37*F37 -> 0
B38: K - Killed | D38: =C38/7 -> 0 | F38: =D38*E38 -> 0 | G38: =VLOOKUP(Table1.2_Safety2[[#This Row],[Crash Severity]],TableA1_KABCO[],2,FALSE) -> 11800000 | H38: =G38*F38 -> 0
B39: U - Injured (Severity Unknown) | D39: =C39/5 -> 0 | F39: =D39*E39 -> 0 | G39: =VLOOKUP(Table1.2_Safety2[[#This Row],[Crash Severity]],TableA1_KABCO[],2,FALSE) -> 213900 | H39: =G39*F39 -> 0
B40: # Accidents Reported (Unknown if Injured) | D40: =C40/5 -> 0 | F40: =D40*E40 -> 0 | G40: =VLOOKUP(Table1.2_Safety2[[#This Row],[Crash Severity]],TableA1_KABCO[],2,FALSE) -> 162600 | H40: =G40*F40 -> 0
B41: Injury Crash | D41: =C41/5 -> 0 | F41: =D41*E41 -> 0 | G41: =VLOOKUP(Table1.2_Safety2[[#This Row],[Crash Severity]],TableA1_KABCO[],2,FALSE) -> 307800 | H41: =G41*F41 -> 0
B42: Fatal Crash | D42: =C42/5 -> 0 | F42: =D42*E42 -> 0 | G42: =VLOOKUP(Table1.2_Safety2[[#This Row],[Crash Severity]],TableA1_KABCO[],2,FALSE) -> 13046800 | H42: =G42*F42 -> 0
B43: Total | C43: =SUBTOTAL(109,Table1.2_Safety2[Total Crashes]) -> 0 | D43: =SUBTOTAL(109,Table1.2_Safety2[Number of Crashes per Year]) -> 0 | E43: =SUBTOTAL(101,Table1.2_Safety2[Crash Reduction Factor]) -> #DIV/0! | F43: =SUBTOTAL(109,Table1.2_Safety2[Predicted Annual Crash Reduction]) -> 0 | H43: =SUBTOTAL(109,Table1.2_Safety2[Annual Savings]) -> 0
B46: Table 1-3. Safety Issue 3:
B47: Countermeasure(s):
B49: Crash Severity | C49: Total Crashes | D49: Number of Crashes per Year | E49: Crash Reduction Factor | F49: Predicted Annual Crash Reduction | G49: Value of Injuries | H49: Annual Savings
B50: O - No Injury | D50: =C50/7 -> 0 | F50: =D50*E50 -> 0 | G50: =VLOOKUP(Table1.3_Safety3[[#This Row],[Crash Severity]],TableA1_KABCO[],2,FALSE) -> 4000 | H50: =G50*F50 -> 0
B51: C - Possible Injury | D51: =C51/7 -> 0 | F51: =D51*E51 -> 0 | G51: =VLOOKUP(Table1.3_Safety3[[#This Row],[Crash Severity]],TableA1_KABCO[],2,FALSE) -> 78500 | H51: =G51*F51 -> 0
B52: B - Non-Incapacitating | D52: =C52/7 -> 0 | F52: =D52*E52 -> 0 | G52: =VLOOKUP(Table1.3_Safety3[[#This Row],[Crash Severity]],TableA1_KABCO[],2,FALSE) -> 153700 | H52: =G52*F52 -> 0
B53: A - Incapacitating | D53: =C53/7 -> 0 | F53: =D53*E53 -> 0 | G53: =VLOOKUP(Table1.3_Safety3[[#This Row],[Crash Severity]],TableA1_KABCO[],2,FALSE) -> 564300 | H53: =G53*F53 -> 0
B54: K - Killed | D54: =C54/7 -> 0 | F54: =D54*E54 -> 0 | G54: =VLOOKUP(Table1.3_Safety3[[#This Row],[Crash Severity]],TableA1_KABCO[],2,FALSE) -> 11800000 | H54: =G54*F54 -> 0
B55: U - Injured (Severity Unknown) | D55: =C55/7 -> 0 | F55: =D55*E55 -> 0 | G55: =VLOOKUP(Table1.3_Safety3[[#This Row],[Crash Severity]],TableA1_KABCO[],2,FALSE) -> 213900 | H55: =G55*F55 -> 0
B56: # Accidents Reported (Unknown if Injured) | D56: =C56/7 -> 0 | F56: =D56*E56 -> 0 | G56: =VLOOKUP(Table1.3_Safety3[[#This Row],[Crash Severity]],TableA1_KABCO[],2,FALSE) -> 162600 | H56: =G56*F56 -> 0
B57: Injury Crash | D57: =C57/7 -> 0 | F57: =D57*E57 -> 0 | G57: =VLOOKUP(Table1.3_Safety3[[#This Row],[Crash Severity]],TableA1_KABCO[],2,FALSE) -> 307800 | H57: =G57*F57 -> 0
B58: Fatal Crash | D58: =C58/7 -> 0 | F58: =D58*E58 -> 0 | G58: =VLOOKUP(Table1.3_Safety3[[#This Row],[Crash Severity]],TableA1_KABCO[],2,FALSE) -> 13046800 | H58: =G58*F58 -> 0
B59: Total | C59: =SUBTOTAL(109,Table1.3_Safety3[Total Crashes]) -> 0 | D59: =SUBTOTAL(109,Table1.3_Safety3[Number of Crashes per Year]) -> 0 | E59: =SUBTOTAL(101,Table1.3_Safety3[Crash Reduction Factor]) -> #DIV/0! | F59: =SUBTOTAL(109,Table1.3_Safety3[Predicted Annual Crash Reduction]) -> 0 | H59: =SUBTOTAL(109,Table1.3_Safety3[Annual Savings]) -> 0
B63: Table 1-5. Safety Benefits Summary
B65: Crash Severity | C65: Total Crashes | D65: Number of Crashes per Year | E65: Crash Reduction Factor | F65: Predicted Annual Crash Reduction | G65: Value of Injuries | H65: Annual Savings | I65: 30-Year Total
B66: N/A | C66: =SUM(Table1.3_Safety3[[#Totals],[Total Crashes]],Table1.2_Safety2[[#Totals],[Total Crashes]],Table1.1_Safety1[[#Totals],[Total Crashes]]) -> 253 | D66: =SUM(Table1.3_Safety3[[#Totals],[Number of Crashes per Year]],Table1.2_Safety2[[#Totals],[Number of Crashes per Year]],Table1.1_Safety1[[#Totals],[Number of Crashes per Year]]) -> 253 | E66: =SUM(Table1.3_Safety3[[#Totals],[Crash Reduction Factor]],Table1.2_Safety2[[#Totals],[Crash Reduction Factor]],Table1.1_Safety1[[#Totals],[Crash Reduction Factor]]) -> #DIV/0! | F66: =SUM(Table1.3_Safety3[[#Totals],[Predicted Annual Crash Reduction]],Table1.2_Safety2[[#Totals],[Predicted Annual Crash Reduction]],Table1.1_Safety1[[#Totals],[Predicted Annual Crash Reduction]]) -> -17.596 | G66: =SUM(Table1.3_Safety3[[#Totals],[Value of Injuries]],Table1.2_Safety2[[#Totals],[Value of Injuries]],Table1.1_Safety1[[#Totals],[Value of Injuries]]) -> 0 | H66: =SUM(Table1.3_Safety3[[#Totals],[Annual Savings]],Table1.2_Safety2[[#Totals],[Annual Savings]],Table1.1_Safety1[[#Totals],[Annual Savings]]) -> 596682 | I66: =Table1B1_SafetyBackup[[#Totals],[Realized Safety Benefit ($/Year)]] -> 18497142
I68: {=Table1.5_SafetySummary[Annual Savings]*30} -> 17900460

Sheet MM_1B. Safety Backup
A1: 1B. Safety Benefits Backup, All Years
A2: Project Name: | B2: =Project_Name -> Completing the I-95 Missing Move and Quonset Connector Ramps
A3: Component: | B3: Component 1, The Missing Moves
A4: Date: | B4: =Date -> 45159
A7: Assumptions | B7: The analysis assumes that crashes experienced over the 5 year period are consistent throughout the 30 year planning horizon.
A8: Methodology | B8: The analysis used the Highway Safety Manual (HSM) Part C methodology to estimate the potential change in safety performance. A no-build prediction was built using ISATe and other relevant HSM Spreadsheets using proposed traffic volumes with the development in 2058. A build prediction was also made for the 2058 volumes, then the two were compared to estimate a safety performance function (SPF). These were applied to an “existing” crash frequency, which was based on crash frequency at the site for 2016 through 2022 then grown to 2058 using the ratio between the no-build 2028 prediction and 2058 no-build prediction.
A9: Baseline | B9: The Existing Conditions model represents crashes between 2016 and 2022.
A10: Sources of Data | B10: RIDOT Crash Data 2016-2022; FHWA CMF Clearinghouse
A11: Key Input Parameters | B11: The model required crash frequency and severity derived from the RIDOT crash reports as well as Crash Modification Factors (form the FHWA Crash Modification Factor Clearinghouse) determined to be most appropriate to existing conditions.
B13: Table 1B-1. Safety Benefits by Year
B15: Year | C15: Traffic Count | D15: Estimated Total Crashes, No Build Scenario (Crashes/Yr) | E15: Estimated Total Crashes, Preferred Action Scenario | F15: Predicted Crash Reduction, Preferred Action Scenario (Crashes/Yr) | G15: Realized Safety Benefit ($/Year)
B16: =First_Year+'Appendix B. Project Information'!B20 -> 2023 | C16: ='MM_3D. TTS Backup All Years'!C51 -> 217868.67 | D16: =SUM(Table1.1_Safety1[[#Totals],[Number of Crashes per Year]],Table1.2_Safety2[[#Totals],[Number of Crashes per Year]],Table1.3_Safety3[[#Totals],[Number of Crashes per Year]]) -> 253 | E16: =Table1B1_SafetyBackup[[#This Row],[Estimated Total Crashes, No Build Scenario (Crashes/Yr)]]-Table1B1_SafetyBackup[[#This Row],[Predicted Crash Reduction, Preferred Action Scenario (Crashes/Yr)]] -> 270.596 | F16: =SUM('MM_1. Safety Benefits'!F27,'MM_1. Safety Benefits'!F43,'MM_1. Safety Benefits'!F59) -> -17.596 | G16: {=IF(Table1B1_SafetyBackup[[#This Row],[Year]]<=Closeout,0,IF(Table1B1_SafetyBackup[[#This Row],[Year]]<=Last_Year,Table1.5_SafetySummary[Annual Savings],0))} -> 0
B17: =First_Year+'Appendix B. Project Information'!B21 -> 2024 | C17: ='MM_3D. TTS Backup All Years'!C52 -> 218843 | D17: =SUM(Table1.1_Safety1[[#Totals],[Number of Crashes per Year]],Table1.2_Safety2[[#Totals],[Number of Crashes per Year]],Table1.3_Safety3[[#Totals],[Number of Crashes per Year]]) -> 253 | E17: =Table1B1_SafetyBackup[[#This Row],[Estimated Total Crashes, No Build Scenario (Crashes/Yr)]]-Table1B1_SafetyBackup[[#This Row],[Predicted Crash Reduction, Preferred Action Scenario (Crashes/Yr)]] -> 270.596 | F17: =($F$16/$D$16)*D17 -> -17.596 | G17: =IF(Table1B1_SafetyBackup[[#This Row],[Year]]<=Closeout,0,IF(Table1B1_SafetyBackup[[#This Row],[Year]]<=Last_Year,Table1B1_SafetyBackup[[#This Row],[Predicted Crash Reduction, Preferred Action Scenario (Crashes/Yr)]],0)) -> 0
B18: =First_Year+'Appendix B. Project Information'!B22 -> 2025 | C18: ='MM_3D. TTS Backup All Years'!C53 -> 219817.33 | D18: =SUM(Table1.1_Safety1[[#Totals],[Number of Crashes per Year]],Table1.2_Safety2[[#Totals],[Number of Crashes per Year]],Table1.3_Safety3[[#Totals],[Number of Crashes per Year]]) -> 253 | E18: =Table1B1_SafetyBackup[[#This Row],[Estimated Total Crashes, No Build Scenario (Crashes/Yr)]]-Table1B1_SafetyBackup[[#This Row],[Predicted Crash Reduction, Preferred Action Scenario (Crashes/Yr)]] -> 270.596 | F18: =($F$16/$D$16)*D18 -> -17.596 | G18: =IF(Table1B1_SafetyBackup[[#This Row],[Year]]<=Closeout,0,IF(Table1B1_SafetyBackup[[#This Row],[Year]]<=Last_Year,Table1B1_SafetyBackup[[#This Row],[Predicted Crash Reduction, Preferred Action Scenario (Crashes/Yr)]],0)) -> 0
B19: =First_Year+'Appendix B. Project Information'!B23 -> 2026 | C19: ='MM_3D. TTS Backup All Years'!C54 -> 220791.67 | D19: =SUM(Table1.1_Safety1[[#Totals],[Number of Crashes per Year]],Table1.2_Safety2[[#Totals],[Number of Crashes per Year]],Table1.3_Safety3[[#Totals],[Number of Crashes per Year]]) -> 253 | E19: =Table1B1_SafetyBackup[[#This Row],[Estimated Total Crashes, No Build Scenario (Crashes/Yr)]]-Table1B1_SafetyBackup[[#This Row],[Predicted Crash Reduction, Preferred Action Scenario (Crashes/Yr)]] -> 270.596 | F19: =($F$16/$D$16)*D19 -> -17.596 | G19: =IF(Table1B1_SafetyBackup[[#This Row],[Year]]<=Closeout,0,IF(Table1B1_SafetyBackup[[#This Row],[Year]]<=Last_Year,Table1B1_SafetyBackup[[#This Row],[Predicted Crash Reduction, Preferred Action Scenario (Crashes/Yr)]],0)) -> 0
B20: =First_Year+'Appendix B. Project Information'!B24 -> 2027 | C20: ='MM_3D. TTS Backup All Years'!C55 -> 221766 | D20: =SUM(Table1.1_Safety1[[#Totals],[Number of Crashes per Year]],Table1.2_Safety2[[#Totals],[Number of Crashes per Year]],Table1.3_Safety3[[#Totals],[Number of Crashes per Year]]) -> 253 | E20: =Table1B1_SafetyBackup[[#This Row],[Estimated Total Crashes, No Build Scenario (Crashes/Yr)]]-Table1B1_SafetyBackup[[#This Row],[Predicted Crash Reduction, Preferred Action Scenario (Crashes/Yr)]] -> 270.596 | F20: =($F$16/$D$16)*D20 -> -17.596 | G20: =IF(Table1B1_SafetyBackup[[#This Row],[Year]]<=Closeout,0,IF(Table1B1_SafetyBackup[[#This Row],[Year]]<=Last_Year,Table1B1_SafetyBackup[[#This Row],[Predicted Crash Reduction, Preferred Action Scenario (Crashes/Yr)]],0)) -> 0
B21: =First_Year+'Appendix B. Project Information'!B25 -> 2028 | C21: ='MM_3D. TTS Backup All Years'!C56 -> 222740.33 | D21: =SUM(Table1.1_Safety1[[#Totals],[Number of Crashes per Year]],Table1.2_Safety2[[#Totals],[Number of Crashes per Year]],Table1.3_Safety3[[#Totals],[Number of Crashes per Year]]) -> 253 | E21: =Table1B1_SafetyBackup[[#This Row],[Estimated Total Crashes, No Build Scenario (Crashes/Yr)]]-Table1B1_SafetyBackup[[#This Row],[Predicted Crash Reduction, Preferred Action Scenario (Crashes/Yr)]] -> 270.596 | F21: =($F$16/$D$16)*D21 -> -17.596 | G21: {=Table1.5_SafetySummary[Annual Savings]} -> 596682
B22: =First_Year+'Appendix B. Project Information'!B26 -> 2029 | C22: ='MM_3D. TTS Backup All Years'!C57 -> 223714.67 | D22: =SUM(Table1.1_Safety1[[#Totals],[Number of Crashes per Year]],Table1.2_Safety2[[#Totals],[Number of Crashes per Year]],Table1.3_Safety3[[#Totals],[Number of Crashes per Year]]) -> 253 | E22: =Table1B1_SafetyBackup[[#This Row],[Estimated Total Crashes, No Build Scenario (Crashes/Yr)]]-Table1B1_SafetyBackup[[#This Row],[Predicted Crash Reduction, Preferred Action Scenario (Crashes/Yr)]] -> 270.596 | F22: =($F$16/$D$16)*D22 -> -17.596 | G22: =G21*(Table1B1_SafetyBackup[[#This Row],[Predicted Crash Reduction, Preferred Action Scenario (Crashes/Yr)]]/F21) -> 596682
B23: =First_Year+'Appendix B. Project Information'!B27 -> 2030 | C23: ='MM_3D. TTS Backup All Years'!C58 -> 224689 | D23: =SUM(Table1.1_Safety1[[#Totals],[Number of Crashes per Year]],Table1.2_Safety2[[#Totals],[Number of Crashes per Year]],Table1.3_Safety3[[#Totals],[Number of Crashes per Year]]) -> 253 | E23: =Table1B1_SafetyBackup[[#This Row],[Estimated Total Crashes, No Build Scenario (Crashes/Yr)]]-Table1B1_SafetyBackup[[#This Row],[Predicted Crash Reduction, Preferred Action Scenario (Crashes/Yr)]] -> 270.596 | F23: =($F$16/$D$16)*D23 -> -17.596 | G23: =G22*(Table1B1_SafetyBackup[[#This Row],[Predicted Crash Reduction, Preferred Action Scenario (Crashes/Yr)]]/F22) -> 596682
B24: =First_Year+'Appendix B. Project Information'!B28 -> 2031 | C24: ='MM_3D. TTS Backup All Years'!C59 -> 225663.33 | D24: =SUM(Table1.1_Safety1[[#Totals],[Number of Crashes per Year]],Table1.2_Safety2[[#Totals],[Number of Crashes per Year]],Table1.3_Safety3[[#Totals],[Number of Crashes per Year]]) -> 253 | E24: =Table1B1_SafetyBackup[[#This Row],[Estimated Total Crashes, No Build Scenario (Crashes/Yr)]]-Table1B1_SafetyBackup[[#This Row],[Predicted Crash Reduction, Preferred Action Scenario (Crashes/Yr)]] -> 270.596 | F24: =($F$16/$D$16)*D24 -> -17.596 | G24: =G23*(Table1B1_SafetyBackup[[#This Row],[Predicted Crash Reduction, Preferred Action Scenario (Crashes/Yr)]]/F23) -> 596682
B25: =First_Year+'Appendix B. Project Information'!B29 -> 2032 | C25: ='MM_3D. TTS Backup All Years'!C60 -> 226637.67 | D25: =SUM(Table1.1_Safety1[[#Totals],[Number of Crashes per Year]],Table1.2_Safety2[[#Totals],[Number of Crashes per Year]],Table1.3_Safety3[[#Totals],[Number of Crashes per Year]]) -> 253 | E25: =Table1B1_SafetyBackup[[#This Row],[Estimated Total Crashes, No Build Scenario (Crashes/Yr)]]-Table1B1_SafetyBackup[[#This Row],[Predicted Crash Reduction, Preferred Action Scenario (Crashes/Yr)]] -> 270.596 | F25: =($F$16/$D$16)*D25 -> -17.596 | G25: =G24*(Table1B1_SafetyBackup[[#This Row],[Predicted Crash Reduction, Preferred Action Scenario (Crashes/Yr)]]/F24) -> 596682
B26: =First_Year+'Appendix B. Project Information'!B30 -> 2033 | C26: ='MM_3D. TTS Backup All Years'!C61 -> 227612 | D26: =SUM(Table1.1_Safety1[[#Totals],[Number of Crashes per Year]],Table1.2_Safety2[[#Totals],[Number of Crashes per Year]],Table1.3_Safety3[[#Totals],[Number of Crashes per Year]]) -> 253 | E26: =Table1B1_SafetyBackup[[#This Row],[Estimated Total Crashes, No Build Scenario (Crashes/Yr)]]-Table1B1_SafetyBackup[[#This Row],[Predicted Crash Reduction, Preferred Action Scenario (Crashes/Yr)]] -> 270.596 | F26: =($F$16/$D$16)*D26 -> -17.596 | G26: =G25*(Table1B1_SafetyBackup[[#This Row],[Predicted Crash Reduction, Preferred Action Scenario (Crashes/Yr)]]/F25) -> 596682
B27: =First_Year+'Appendix B. Project Information'!B31 -> 2034 | C27: ='MM_3D. TTS Backup All Years'!C62 -> 228586.33 | D27: =SUM(Table1.1_Safety1[[#Totals],[Number of Crashes per Year]],Table1.2_Safety2[[#Totals],[Number of Crashes per Year]],Table1.3_Safety3[[#Totals],[Number of Crashes per Year]]) -> 253 | E27: =Table1B1_SafetyBackup[[#This Row],[Estimated Total Crashes, No Build Scenario (Crashes/Yr)]]-Table1B1_SafetyBackup[[#This Row],[Predicted Crash Reduction, Preferred Action Scenario (Crashes/Yr)]] -> 270.596 | F27: =($F$16/$D$16)*D27 -> -17.596 | G27: =G26*(Table1B1_SafetyBackup[[#This Row],[Predicted Crash Reduction, Preferred Action Scenario (Crashes/Yr)]]/F26) -> 596682
B28: =First_Year+'Appendix B. Project Information'!B32 -> 2035 | C28: ='MM_3D. TTS Backup All Years'!C63 -> 229560.67 | D28: =SUM(Table1.1_Safety1[[#Totals],[Number of Crashes per Year]],Table1.2_Safety2[[#Totals],[Number of Crashes per Year]],Table1.3_Safety3[[#Totals],[Number of Crashes per Year]]) -> 253 | E28: =Table1B1_SafetyBackup[[#This Row],[Estimated Total Crashes, No Build Scenario (Crashes/Yr)]]-Table1B1_SafetyBackup[[#This Row],[Predicted Crash Reduction, Preferred Action Scenario (Crashes/Yr)]] -> 270.596 | F28: =($F$16/$D$16)*D28 -> -17.596 | G28: =G27*(Table1B1_SafetyBackup[[#This Row],[Predicted Crash Reduction, Preferred Action Scenario (Crashes/Yr)]]/F27) -> 596682
B29: =First_Year+'Appendix B. Project Information'!B33 -> 2036 | C29: ='MM_3D. TTS Backup All Years'!C64 -> 230535 | D29: =SUM(Table1.1_Safety1[[#Totals],[Number of Crashes per Year]],Table1.2_Safety2[[#Totals],[Number of Crashes per Year]],Table1.3_Safety3[[#Totals],[Number of Crashes per Year]]) -> 253 | E29: =Table1B1_SafetyBackup[[#This Row],[Estimated Total Crashes, No Build Scenario (Crashes/Yr)]]-Table1B1_SafetyBackup[[#This Row],[Predicted Crash Reduction, Preferred Action Scenario (Crashes/Yr)]] -> 270.596 | F29: =($F$16/$D$16)*D29 -> -17.596 | G29: =G28*(Table1B1_SafetyBackup[[#This Row],[Predicted Crash Reduction, Preferred Action Scenario (Crashes/Yr)]]/F28) -> 596682
B30: =First_Year+'Appendix B. Project Information'!B34 -> 2037 | C30: ='MM_3D. TTS Backup All Years'!C65 -> 231509.33 | D30: =SUM(Table1.1_Safety1[[#Totals],[Number of Crashes per Year]],Table1.2_Safety2[[#Totals],[Number of Crashes per Year]],Table1.3_Safety3[[#Totals],[Number of Crashes per Year]]) -> 253 | E30: =Table1B1_SafetyBackup[[#This Row],[Estimated Total Crashes, No Build Scenario (Crashes/Yr)]]-Table1B1_SafetyBackup[[#This Row],[Predicted Crash Reduction, Preferred Action Scenario (Crashes/Yr)]] -> 270.596 | F30: =($F$16/$D$16)*D30 -> -17.596 | G30: =G29*(Table1B1_SafetyBackup[[#This Row],[Predicted Crash Reduction, Preferred Action Scenario (Crashes/Yr)]]/F29) -> 596682
B31: =First_Year+'Appendix B. Project Information'!B35 -> 2038 | C31: ='MM_3D. TTS Backup All Years'!C66 -> 232483.67 | D31: =SUM(Table1.1_Safety1[[#Totals],[Number of Crashes per Year]],Table1.2_Safety2[[#Totals],[Number of Crashes per Year]],Table1.3_Safety3[[#Totals],[Number of Crashes per Year]]) -> 253 | E31: =Table1B1_SafetyBackup[[#This Row],[Estimated Total Crashes, No Build Scenario (Crashes/Yr)]]-Table1B1_SafetyBackup[[#This Row],[Predicted Crash Reduction, Preferred Action Scenario (Crashes/Yr)]] -> 270.596 | F31: =($F$16/$D$16)*D31 -> -17.596 | G31: =G30*(Table1B1_SafetyBackup[[#This Row],[Predicted Crash Reduction, Preferred Action Scenario (Crashes/Yr)]]/F30) -> 596682
B32: =First_Year+'Appendix B. Project Information'!B36 -> 2039 | C32: ='MM_3D. TTS Backup All Years'!C67 -> 233458 | D32: =SUM(Table1.1_Safety1[[#Totals],[Number of Crashes per Year]],Table1.2_Safety2[[#Totals],[Number of Crashes per Year]],Table1.3_Safety3[[#Totals],[Number of Crashes per Year]]) -> 253 | E32: =Table1B1_SafetyBackup[[#This Row],[Estimated Total Crashes, No Build Scenario (Crashes/Yr)]]-Table1B1_SafetyBackup[[#This Row],[Predicted Crash Reduction, Preferred Action Scenario (Crashes/Yr)]] -> 270.596 | F32: =($F$16/$D$16)*D32 -> -17.596 | G32: =G31*(Table1B1_SafetyBackup[[#This Row],[Predicted Crash Reduction, Preferred Action Scenario (Crashes/Yr)]]/F31) -> 596682
B33: =First_Year+'Appendix B. Project Information'!B37 -> 2040 | C33: ='MM_3D. TTS Backup All Years'!C68 -> 234432.33 | D33: =SUM(Table1.1_Safety1[[#Totals],[Number of Crashes per Year]],Table1.2_Safety2[[#Totals],[Number of Crashes per Year]],Table1.3_Safety3[[#Totals],[Number of Crashes per Year]]) -> 253 | E33: =Table1B1_SafetyBackup[[#This Row],[Estimated Total Crashes, No Build Scenario (Crashes/Yr)]]-Table1B1_SafetyBackup[[#This Row],[Predicted Crash Reduction, Preferred Action Scenario (Crashes/Yr)]] -> 270.596 | F33: =($F$16/$D$16)*D33 -> -17.596 | G33: =G32*(Table1B1_SafetyBackup[[#This Row],[Predicted Crash Reduction, Preferred Action Scenario (Crashes/Yr)]]/F32) -> 596682
... B51: =First_Year+'Appendix B. Project Information'!B55 -> 2058 | C51: ='MM_3D. TTS Backup All Years'!C86 -> 251970.33 | D51: =SUM(Table1.1_Safety1[[#Totals],[Number of Crashes per Year]],Table1.2_Safety2[[#Totals],[Number of Crashes per Year]],Table1.3_Safety3[[#Totals],[Number of Crashes per Year]]) -> 253 | E51: =Table1B1_SafetyBackup[[#This Row],[Estimated Total Crashes, No Build Scenario (Crashes/Yr)]]-Table1B1_SafetyBackup[[#This Row],[Predicted Crash Reduction, Preferred Action Scenario (Crashes/Yr)]] -> 270.596 | F51: =($F$16/$D$16)*D51 -> -17.596 | G51: =G50*(Table1B1_SafetyBackup[[#This Row],[Predicted Crash Reduction, Preferred Action Scenario (Crashes/Yr)]]/F50) -> 596682
C52: =SUBTOTAL(109,Table1B1_SafetyBackup[Traffic Count]) -> 8457102 | D52: =SUBTOTAL(109,Table1B1_SafetyBackup[Estimated Total Crashes, No Build Scenario (Crashes/Yr)]) -> 9108 | E52: =SUBTOTAL(109,Table1B1_SafetyBackup[Estimated Total Crashes, Preferred Action Scenario]) -> 9741.456 | F52: =SUBTOTAL(109,Table1B1_SafetyBackup[Predicted Crash Reduction, Preferred Action Scenario (Crashes/Yr)]) -> -633.456 | G52: =SUBTOTAL(109,Table1B1_SafetyBackup[Realized Safety Benefit ($/Year)]) -> 18497142

Sheet Q_1. Safety Benefits
A1: 1. Safety Benefits Summary
A2: Project Name: | B2: =Project_Name -> Completing the I-95 Missing Move and Quonset Connector Ramps
A3: Component: | B3: Component 2, The Quonset Connector Ramps
A4: Date: | B4: =Date -> 45159
A7: This review considers the safety impacts associated with constructing 3 new ramps along Route 403. This change to the roadway network is not well represented by data in the Crash Modification Factor (CMF) Clearinghouse. When CMFs are not available for certain countermeasures, local and national research is reviewed and applied. Crash data was collected for the study area between January 1, 2016 and December 31, 2022. For safety improvements on newly constructed assets, surrogates for crash modification factors were derived from a comparison of predictive analyses between no-build and preferred action scenarios. From the U.S. Department of Transportation's "Benefit-Cost Analysis Guidance for Discretionary Grant Programs," the monetized value for the value of injuries were obtained to determine a monetary benefit. Safety impacts are summarized in the tables below. New ramp connections create some new merge, diverge, and weave areas on Route 403. Additionally, a higher volume of vehicles in a future condition (after significant development) increases exposure. These drawbacks are offset, however, by more efficient access and egress to/from the freeway which elminiates many conflict points (intersections) from the vehicle route. After considering both safety challenges and opportunities, the net benefit is a crash savings of approximately 30 crashes per year with a total estimated annual safety benefit attributable to this project is expected to average $0.1 million per year. The assumptions, methodology, a description of the baseline scenario, source of data, and key input parameters are documented in Tab 1B as well as in Appendix A-1
B14: Table 1-1. Safety Issue 1: | C14: Missing Ramps in Route 403 Interchange Areas
B15: Countermeasure(s): | C15: Provide Missing Ramps - CMF Derived from comparison of predictive analyses for no-build, build in 2058 with proposed development
B17: Crash Severity | C17: Total Crashes | D17: Number of Crashes per Year | E17: Crash Reduction Factor | F17: Predicted Annual Crash Reduction | G17: Value of Injuries | H17: Annual Savings
B18: O - No Injury | C18: 23.5 | D18: =C18/1 -> 23.5 | E18: 0.11 | F18: =D18*E18 -> 2.585 | G18: =VLOOKUP(Table1.1_Safety175[[#This Row],[Crash Severity]],TableA1_KABCO117[],2,FALSE) -> 4000 | H18: =G18*F18 -> 10340
B19: C - Possible Injury | C19: 4.7 | D19: =C19/1 -> 4.7 | E19: 0.09 | F19: =D19*E19 -> 0.423 | G19: =VLOOKUP(Table1.1_Safety175[[#This Row],[Crash Severity]],TableA1_KABCO117[],2,FALSE) -> 78500 | H19: =G19*F19 -> 33205.5
B20: B - Non-Incapacitating | C20: 1.4 | D20: =C20/1 -> 1.4 | E20: -0.09 | F20: =D20*E20 -> -0.126 | G20: =VLOOKUP(Table1.1_Safety175[[#This Row],[Crash Severity]],TableA1_KABCO117[],2,FALSE) -> 153700 | H20: =G20*F20 -> -19366.2
B21: A - Incapacitating | C21: 0.3 | D21: =C21/1 -> 0.3 | E21: 0.05 | F21: =D21*E21 -> 0.015 | G21: =VLOOKUP(Table1.1_Safety175[[#This Row],[Crash Severity]],TableA1_KABCO117[],2,FALSE) -> 564300 | H21: =G21*F21 -> 8464.5
B22: K - Killed | C22: 0.2 | D22: =C22/1 -> 0.2 | E22: 0.04 | F22: =D22*E22 -> 0.008 | G22: =VLOOKUP(Table1.1_Safety175[[#This Row],[Crash Severity]],TableA1_KABCO117[],2,FALSE) -> 11800000 | H22: =G22*F22 -> 94400
B23: U - Injured (Severity Unknown) | D23: =C23/1 -> 0 | F23: =D23*E23 -> 0 | G23: =VLOOKUP(Table1.1_Safety175[[#This Row],[Crash Severity]],TableA1_KABCO117[],2,FALSE) -> 213900 | H23: =G23*F23 -> 0
B24: # Accidents Reported (Unknown if Injured) | D24: =C24/1 -> 0 | F24: =D24*E24 -> 0 | G24: =VLOOKUP(Table1.1_Safety175[[#This Row],[Crash Severity]],TableA1_KABCO117[],2,FALSE) -> 162600 | H24: =G24*F24 -> 0
B25: Injury Crash | D25: =C25/1 -> 0 | F25: =D25*E25 -> 0 | G25: =VLOOKUP(Table1.1_Safety175[[#This Row],[Crash Severity]],TableA1_KABCO117[],2,FALSE) -> 307800 | H25: =G25*F25 -> 0
B26: Fatal Crash | D26: =C26/1 -> 0 | F26: =D26*E26 -> 0 | G26: =VLOOKUP(Table1.1_Safety175[[#This Row],[Crash Severity]],TableA1_KABCO117[],2,FALSE) -> 13046800 | H26: =G26*F26 -> 0
B27: Total | C27: =SUBTOTAL(109,Table1.1_Safety175[Total Crashes]) -> 30.1 | D27: =SUBTOTAL(109,Table1.1_Safety175[Number of Crashes per Year]) -> 30.1 | E27: =SUBTOTAL(101,Table1.1_Safety175[Crash Reduction Factor]) -> 0.04 | F27: =SUBTOTAL(109,Table1.1_Safety175[Predicted Annual Crash Reduction]) -> 2.905 | H27: =SUBTOTAL(109,Table1.1_Safety175[Annual Savings]) -> 127043.8
B30: Table 1-2. Safety Issue 2:
B31: Countermeasure(s):
B33: Crash Severity | C33: Total Crashes | D33: Number of Crashes per Year | E33: Crash Reduction Factor | F33: Predicted Annual Crash Reduction | G33: Value of Injuries | H33: Annual Savings
B34: O - No Injury | D34: =C34/7 -> 0 | F34: =D34*E34 -> 0 | G34: =VLOOKUP(Table1.2_Safety279[[#This Row],[Crash Severity]],TableA1_KABCO117[],2,FALSE) -> 4000 | H34: =G34*F34 -> 0
B35: C - Possible Injury | D35: =C35/7 -> 0 | F35: =D35*E35 -> 0 | G35: =VLOOKUP(Table1.2_Safety279[[#This Row],[Crash Severity]],TableA1_KABCO117[],2,FALSE) -> 78500 | H35: =G35*F35 -> 0
B36: B - Non-Incapacitating | D36: =C36/7 -> 0 | F36: =D36*E36 -> 0 | G36: =VLOOKUP(Table1.2_Safety279[[#This Row],[Crash Severity]],TableA1_KABCO117[],2,FALSE) -> 153700 | H36: =G36*F36 -> 0
B37: A - Incapacitating | D37: =C37/7 -> 0 | F37: =D37*E37 -> 0 | G37: =VLOOKUP(Table1.2_Safety279[[#This Row],[Crash Severity]],TableA1_KABCO117[],2,FALSE) -> 564300 | H37: =G37*F37 -> 0
B38: K - Killed | D38: =C38/7 -> 0 | F38: =D38*E38 -> 0 | G38: =VLOOKUP(Table1.2_Safety279[[#This Row],[Crash Severity]],TableA1_KABCO117[],2,FALSE) -> 11800000 | H38: =G38*F38 -> 0
B39: U - Injured (Severity Unknown) | D39: =C39/7 -> 0 | F39: =D39*E39 -> 0 | G39: =VLOOKUP(Table1.2_Safety279[[#This Row],[Crash Severity]],TableA1_KABCO117[],2,FALSE) -> 213900 | H39: =G39*F39 -> 0
B40: # Accidents Reported (Unknown if Injured) | D40: =C40/7 -> 0 | F40: =D40*E40 -> 0 | G40: =VLOOKUP(Table1.2_Safety279[[#This Row],[Crash Severity]],TableA1_KABCO117[],2,FALSE) -> 162600 | H40: =G40*F40 -> 0
B41: Injury Crash | D41: =C41/7 -> 0 | F41: =D41*E41 -> 0 | G41: =VLOOKUP(Table1.2_Safety279[[#This Row],[Crash Severity]],TableA1_KABCO117[],2,FALSE) -> 307800 | H41: =G41*F41 -> 0
B42: Fatal Crash | D42: =C42/7 -> 0 | F42: =D42*E42 -> 0 | G42: =VLOOKUP(Table1.2_Safety279[[#This Row],[Crash Severity]],TableA1_KABCO117[],2,FALSE) -> 13046800 | H42: =G42*F42 -> 0
B43: Total | C43: =SUBTOTAL(109,Table1.2_Safety279[Total Crashes]) -> 0 | D43: =SUBTOTAL(109,Table1.2_Safety279[Number of Crashes per Year]) -> 0 | E43: =SUBTOTAL(101,Table1.2_Safety279[Crash Reduction Factor]) -> #DIV/0! | F43: =SUBTOTAL(109,Table1.2_Safety279[Predicted Annual Crash Reduction]) -> 0 | H43: =SUBTOTAL(109,Table1.2_Safety279[Annual Savings]) -> 0
B46: Table 1-3. Safety Issue 3:
B47: Countermeasure(s):
B49: Crash Severity | C49: Total Crashes | D49: Number of Crashes per Year | E49: Crash Reduction Factor | F49: Predicted Annual Crash Reduction | G49: Value of Injuries | H49: Annual Savings
B50: O - No Injury | D50: =C50/7 -> 0 | F50: =D50*E50 -> 0 | G50: =VLOOKUP(Table1.3_Safety383[[#This Row],[Crash Severity]],TableA1_KABCO117[],2,FALSE) -> 4000 | H50: =G50*F50 -> 0
B51: C - Possible Injury | D51: =C51/7 -> 0 | F51: =D51*E51 -> 0 | G51: =VLOOKUP(Table1.3_Safety383[[#This Row],[Crash Severity]],TableA1_KABCO117[],2,FALSE) -> 78500 | H51: =G51*F51 -> 0
B52: B - Non-Incapacitating | D52: =C52/7 -> 0 | F52: =D52*E52 -> 0 | G52: =VLOOKUP(Table1.3_Safety383[[#This Row],[Crash Severity]],TableA1_KABCO117[],2,FALSE) -> 153700 | H52: =G52*F52 -> 0
B53: A - Incapacitating | D53: =C53/7 -> 0 | F53: =D53*E53 -> 0 | G53: =VLOOKUP(Table1.3_Safety383[[#This Row],[Crash Severity]],TableA1_KABCO117[],2,FALSE) -> 564300 | H53: =G53*F53 -> 0
B54: K - Killed | D54: =C54/7 -> 0 | F54: =D54*E54 -> 0 | G54: =VLOOKUP(Table1.3_Safety383[[#This Row],[Crash Severity]],TableA1_KABCO117[],2,FALSE) -> 11800000 | H54: =G54*F54 -> 0
B55: U - Injured (Severity Unknown) | D55: =C55/7 -> 0 | F55: =D55*E55 -> 0 | G55: =VLOOKUP(Table1.3_Safety383[[#This Row],[Crash Severity]],TableA1_KABCO117[],2,FALSE) -> 213900 | H55: =G55*F55 -> 0
B56: # Accidents Reported (Unknown if Injured) | D56: =C56/7 -> 0 | F56: =D56*E56 -> 0 | G56: =VLOOKUP(Table1.3_Safety383[[#This Row],[Crash Severity]],TableA1_KABCO117[],2,FALSE) -> 162600 | H56: =G56*F56 -> 0
B57: Injury Crash | D57: =C57/7 -> 0 | F57: =D57*E57 -> 0 | G57: =VLOOKUP(Table1.3_Safety383[[#This Row],[Crash Severity]],TableA1_KABCO117[],2,FALSE) -> 307800 | H57: =G57*F57 -> 0
B58: Fatal Crash | D58: =C58/7 -> 0 | F58: =D58*E58 -> 0 | G58: =VLOOKUP(Table1.3_Safety383[[#This Row],[Crash Severity]],TableA1_KABCO117[],2,FALSE) -> 13046800 | H58: =G58*F58 -> 0
B59: Total | C59: =SUBTOTAL(109,Table1.3_Safety383[Total Crashes]) -> 0 | D59: =SUBTOTAL(109,Table1.3_Safety383[Number of Crashes per Year]) -> 0 | E59: =SUBTOTAL(101,Table1.3_Safety383[Crash Reduction Factor]) -> #DIV/0! | F59: =SUBTOTAL(109,Table1.3_Safety383[Predicted Annual Crash Reduction]) -> 0 | H59: =SUBTOTAL(109,Table1.3_Safety383[Annual Savings]) -> 0
B63: Table 1-5. Safety Benefits Summary
B65: Crash Severity | C65: Total Crashes | D65: Number of Crashes per Year | E65: Predicted Annual Crash Reduction | F65: Value of Injuries | G65: Annual Savings | H65: 30-Year Total
B66: N/A | C66: =SUM(Table1.3_Safety383[[#Totals],[Total Crashes]],Table1.2_Safety279[[#Totals],[Total Crashes]],Table1.1_Safety175[[#Totals],[Total Crashes]]) -> 30.1 | D66: =SUM(Table1.3_Safety383[[#Totals],[Number of Crashes per Year]],Table1.2_Safety279[[#Totals],[Number of Crashes per Year]],Table1.1_Safety175[[#Totals],[Number of Crashes per Year]]) -> 30.1 | E66: =SUM(Table1.3_Safety383[[#Totals],[Predicted Annual Crash Reduction]],Table1.2_Safety279[[#Totals],[Predicted Annual Crash Reduction]],Table1.1_Safety175[[#Totals],[Predicted Annual Crash Reduction]]) -> 2.905 | F66: =SUM(Table1.3_Safety383[[#Totals],[Value of Injuries]],Table1.2_Safety279[[#Totals],[Value of Injuries]],Table1.1_Safety175[[#Totals],[Value of Injuries]]) -> 0 | G66: =SUM(Table1.3_Safety383[[#Totals],[Annual Savings]],Table1.2_Safety279[[#Totals],[Annual Savings]],Table1.1_Safety175[[#Totals],[Annual Savings]]) -> 127043.8 | H66: =Table1B1_SafetyBackup85[[#Totals],[Realized Safety Benefit ($/Year)]] -> 3938357.8

Sheet Q_1B. Safety Backup
A1: 1B. Safety Benefits Backup, All Years
A2: Project Name: | B2: =Project_Name -> Completing the I-95 Missing Move and Quonset Connector Ramps
A3: Component: | B3: Component 2, The Quonset Connector Ramps
A4: Date: | B4: =Date -> 45159
A7: Assumptions | B7: The analysis assumes that crashes experienced over the 5 year period are consistent throughout the 30 year planning horizon.
A8: Methodology | B8: The analysis used the Highway Safety Manual (HSM) Part C methodology to estimate the potential change in safety performance. A no-build prediction was built using ISATe and other relevant HSM Spreadsheets using proposed traffic volumes with the development in 2058. A build prediction was also made for the 2058 volumes, then the two were compared to estimate a safety performance function (SPF). These were applied to an “existing” crash frequency, which was based on crash frequency at the site for 2016 through 2022 then grown to 2058 using the ratio between the no-build 2028 prediction and 2058 no-build prediction.
A9: Baseline | B9: The Existing Conditions model represents crashes between 2016 and 2022.
A10: Sources of Data | B10: RIDOT Crash Data 2016-2022; FHWA CMF Clearinghouse
A11: Key Input Parameters | B11: The model required crash frequency and severity derived from the RIDOT crash reports as well as Crash Modification Factors (form the FHWA Crash Modification Factor Clearinghouse) determined to be most appropriate to existing conditions.
B13: Table 1B-1. Safety Benefits by Year
B15: Year | C15: Traffic Count | D15: Estimated Total Crashes, No Build Scenario (Crashes/Yr) | E15: Estimated Total Crashes, Preferred Action Scenario | F15: Predicted Crash Reduction, Preferred Action Scenario (Crashes/Yr) | G15: Realized Safety Benefit ($/Year)
B16: =First_Year+'Q_Appendix B. Project Info'!B20 -> 2023 | C16: ='Q_3D. TTS Backup All Years'!C51 -> 67440.333 | D16: =SUM(Table1.1_Safety175[[#Totals],[Number of Crashes per Year]],Table1.2_Safety279[[#Totals],[Number of Crashes per Year]],Table1.3_Safety383[[#Totals],[Number of Crashes per Year]]) -> 30.1 | E16: =Table1B1_SafetyBackup85[[#This Row],[Estimated Total Crashes, No Build Scenario (Crashes/Yr)]]-Table1B1_SafetyBackup85[[#This Row],[Predicted Crash Reduction, Preferred Action Scenario (Crashes/Yr)]] -> 27.195 | F16: =SUM('Q_1. Safety Benefits'!F27,'Q_1. Safety Benefits'!F43,'Q_1. Safety Benefits'!F59) -> 2.905 | G16: {=IF(Table1B1_SafetyBackup85[[#This Row],[Year]]<=Closeout,0,IF(Table1B1_SafetyBackup85[[#This Row],[Year]]<=Last_Year,Table1.5_SafetySummary84[Annual Savings],0))} -> 0
B17: =First_Year+'Q_Appendix B. Project Info'!B21 -> 2024 | C17: ='Q_3D. TTS Backup All Years'!C52 -> 67888 | D17: =SUM(Table1.1_Safety175[[#Totals],[Number of Crashes per Year]],Table1.2_Safety279[[#Totals],[Number of Crashes per Year]],Table1.3_Safety383[[#Totals],[Number of Crashes per Year]]) -> 30.1 | E17: =Table1B1_SafetyBackup85[[#This Row],[Estimated Total Crashes, No Build Scenario (Crashes/Yr)]]-Table1B1_SafetyBackup85[[#This Row],[Predicted Crash Reduction, Preferred Action Scenario (Crashes/Yr)]] -> 27.195 | F17: =($F$16/$D$16)*D17 -> 2.905 | G17: =IF(Table1B1_SafetyBackup85[[#This Row],[Year]]<=Closeout,0,IF(Table1B1_SafetyBackup85[[#This Row],[Year]]<=Last_Year,Table1B1_SafetyBackup85[[#This Row],[Predicted Crash Reduction, Preferred Action Scenario (Crashes/Yr)]],0)) -> 0
B18: =First_Year+'Q_Appendix B. Project Info'!B22 -> 2025 | C18: ='Q_3D. TTS Backup All Years'!C53 -> 68335.667 | D18: =SUM(Table1.1_Safety175[[#Totals],[Number of Crashes per Year]],Table1.2_Safety279[[#Totals],[Number of Crashes per Year]],Table1.3_Safety383[[#Totals],[Number of Crashes per Year]]) -> 30.1 | E18: =Table1B1_SafetyBackup85[[#This Row],[Estimated Total Crashes, No Build Scenario (Crashes/Yr)]]-Table1B1_SafetyBackup85[[#This Row],[Predicted Crash Reduction, Preferred Action Scenario (Crashes/Yr)]] -> 27.195 | F18: =($F$16/$D$16)*D18 -> 2.905 | G18: =IF(Table1B1_SafetyBackup85[[#This Row],[Year]]<=Closeout,0,IF(Table1B1_SafetyBackup85[[#This Row],[Year]]<=Last_Year,Table1B1_SafetyBackup85[[#This Row],[Predicted Crash Reduction, Preferred Action Scenario (Crashes/Yr)]],0)) -> 0
B19: =First_Year+'Q_Appendix B. Project Info'!B23 -> 2026 | C19: ='Q_3D. TTS Backup All Years'!C54 -> 68783.333 | D19: =SUM(Table1.1_Safety175[[#Totals],[Number of Crashes per Year]],Table1.2_Safety279[[#Totals],[Number of Crashes per Year]],Table1.3_Safety383[[#Totals],[Number of Crashes per Year]]) -> 30.1 | E19: =Table1B1_SafetyBackup85[[#This Row],[Estimated Total Crashes, No Build Scenario (Crashes/Yr)]]-Table1B1_SafetyBackup85[[#This Row],[Predicted Crash Reduction, Preferred Action Scenario (Crashes/Yr)]] -> 27.195 | F19: =($F$16/$D$16)*D19 -> 2.905 | G19: =IF(Table1B1_SafetyBackup85[[#This Row],[Year]]<=Closeout,0,IF(Table1B1_SafetyBackup85[[#This Row],[Year]]<=Last_Year,Table1B1_SafetyBackup85[[#This Row],[Predicted Crash Reduction, Preferred Action Scenario (Crashes/Yr)]],0)) -> 0
B20: =First_Year+'Q_Appendix B. Project Info'!B24 -> 2027 | C20: ='Q_3D. TTS Backup All Years'!C55 -> 69231 | D20: =SUM(Table1.1_Safety175[[#Totals],[Number of Crashes per Year]],Table1.2_Safety279[[#Totals],[Number of Crashes per Year]],Table1.3_Safety383[[#Totals],[Number of Crashes per Year]]) -> 30.1 | E20: =Table1B1_SafetyBackup85[[#This Row],[Estimated Total Crashes, No Build Scenario (Crashes/Yr)]]-Table1B1_SafetyBackup85[[#This Row],[Predicted Crash Reduction, Preferred Action Scenario (Crashes/Yr)]] -> 27.195 | F20: =($F$16/$D$16)*D20 -> 2.905 | G20: =IF(Table1B1_SafetyBackup85[[#This Row],[Year]]<=Closeout,0,IF(Table1B1_SafetyBackup85[[#This Row],[Year]]<=Last_Year,Table1B1_SafetyBackup85[[#This Row],[Predicted Crash Reduction, Preferred Action Scenario (Crashes/Yr)]],0)) -> 0
B21: =First_Year+'Q_Appendix B. Project Info'!B25 -> 2028 | C21: ='Q_3D. TTS Backup All Years'!C56 -> 69678.667 | D21: =SUM(Table1.1_Safety175[[#Totals],[Number of Crashes per Year]],Table1.2_Safety279[[#Totals],[Number of Crashes per Year]],Table1.3_Safety383[[#Totals],[Number of Crashes per Year]]) -> 30.1 | E21: =Table1B1_SafetyBackup85[[#This Row],[Estimated Total Crashes, No Build Scenario (Crashes/Yr)]]-Table1B1_SafetyBackup85[[#This Row],[Predicted Crash Reduction, Preferred Action Scenario (Crashes/Yr)]] -> 27.195 | F21: =($F$16/$D$16)*D21 -> 2.905 | G21: {=Table1.5_SafetySummary84[Annual Savings]} -> 127043.8
B22: =First_Year+'Q_Appendix B. Project Info'!B26 -> 2029 | C22: ='Q_3D. TTS Backup All Years'!C57 -> 70126.333 | D22: =SUM(Table1.1_Safety175[[#Totals],[Number of Crashes per Year]],Table1.2_Safety279[[#Totals],[Number of Crashes per Year]],Table1.3_Safety383[[#Totals],[Number of Crashes per Year]]) -> 30.1 | E22: =Table1B1_SafetyBackup85[[#This Row],[Estimated Total Crashes, No Build Scenario (Crashes/Yr)]]-Table1B1_SafetyBackup85[[#This Row],[Predicted Crash Reduction, Preferred Action Scenario (Crashes/Yr)]] -> 27.195 | F22: =($F$16/$D$16)*D22 -> 2.905 | G22: {=Table1.5_SafetySummary84[Annual Savings]} -> 127043.8
B23: =First_Year+'Q_Appendix B. Project Info'!B27 -> 2030 | C23: ='Q_3D. TTS Backup All Years'!C58 -> 70574 | D23: =SUM(Table1.1_Safety175[[#Totals],[Number of Crashes per Year]],Table1.2_Safety279[[#Totals],[Number of Crashes per Year]],Table1.3_Safety383[[#Totals],[Number of Crashes per Year]]) -> 30.1 | E23: =Table1B1_SafetyBackup85[[#This Row],[Estimated Total Crashes, No Build Scenario (Crashes/Yr)]]-Table1B1_SafetyBackup85[[#This Row],[Predicted Crash Reduction, Preferred Action Scenario (Crashes/Yr)]] -> 27.195 | F23: =($F$16/$D$16)*D23 -> 2.905 | G23: =G22*(Table1B1_SafetyBackup85[[#This Row],[Predicted Crash Reduction, Preferred Action Scenario (Crashes/Yr)]]/F22) -> 127043.8
B24: =First_Year+'Q_Appendix B. Project Info'!B28 -> 2031 | C24: ='Q_3D. TTS Backup All Years'!C59 -> 71021.667 | D24: =SUM(Table1.1_Safety175[[#Totals],[Number of Crashes per Year]],Table1.2_Safety279[[#Totals],[Number of Crashes per Year]],Table1.3_Safety383[[#Totals],[Number of Crashes per Year]]) -> 30.1 | E24: =Table1B1_SafetyBackup85[[#This Row],[Estimated Total Crashes, No Build Scenario (Crashes/Yr)]]-Table1B1_SafetyBackup85[[#This Row],[Predicted Crash Reduction, Preferred Action Scenario (Crashes/Yr)]] -> 27.195 | F24: =($F$16/$D$16)*D24 -> 2.905 | G24: =G23*(Table1B1_SafetyBackup85[[#This Row],[Predicted Crash Reduction, Preferred Action Scenario (Crashes/Yr)]]/F23) -> 127043.8
B25: =First_Year+'Q_Appendix B. Project Info'!B29 -> 2032 | C25: ='Q_3D. TTS Backup All Years'!C60 -> 71469.333 | D25: =SUM(Table1.1_Safety175[[#Totals],[Number of Crashes per Year]],Table1.2_Safety279[[#Totals],[Number of Crashes per Year]],Table1.3_Safety383[[#Totals],[Number of Crashes per Year]]) -> 30.1 | E25: =Table1B1_SafetyBackup85[[#This Row],[Estimated Total Crashes, No Build Scenario (Crashes/Yr)]]-Table1B1_SafetyBackup85[[#This Row],[Predicted Crash Reduction, Preferred Action Scenario (Crashes/Yr)]] -> 27.195 | F25: =($F$16/$D$16)*D25 -> 2.905 | G25: =G24*(Table1B1_SafetyBackup85[[#This Row],[Predicted Crash Reduction, Preferred Action Scenario (Crashes/Yr)]]/F24) -> 127043.8
B26: =First_Year+'Q_Appendix B. Project Info'!B30 -> 2033 | C26: ='Q_3D. TTS Backup All Years'!C61 -> 71917 | D26: =SUM(Table1.1_Safety175[[#Totals],[Number of Crashes per Year]],Table1.2_Safety279[[#Totals],[Number of Crashes per Year]],Table1.3_Safety383[[#Totals],[Number of Crashes per Year]]) -> 30.1 | E26: =Table1B1_SafetyBackup85[[#This Row],[Estimated Total Crashes, No Build Scenario (Crashes/Yr)]]-Table1B1_SafetyBackup85[[#This Row],[Predicted Crash Reduction, Preferred Action Scenario (Crashes/Yr)]] -> 27.195 | F26: =($F$16/$D$16)*D26 -> 2.905 | G26: =G25*(Table1B1_SafetyBackup85[[#This Row],[Predicted Crash Reduction, Preferred Action Scenario (Crashes/Yr)]]/F25) -> 127043.8
B27: =First_Year+'Q_Appendix B. Project Info'!B31 -> 2034 | C27: ='Q_3D. TTS Backup All Years'!C62 -> 72364.667 | D27: =SUM(Table1.1_Safety175[[#Totals],[Number of Crashes per Year]],Table1.2_Safety279[[#Totals],[Number of Crashes per Year]],Table1.3_Safety383[[#Totals],[Number of Crashes per Year]]) -> 30.1 | E27: =Table1B1_SafetyBackup85[[#This Row],[Estimated Total Crashes, No Build Scenario (Crashes/Yr)]]-Table1B1_SafetyBackup85[[#This Row],[Predicted Crash Reduction, Preferred Action Scenario (Crashes/Yr)]] -> 27.195 | F27: =($F$16/$D$16)*D27 -> 2.905 | G27: =G26*(Table1B1_SafetyBackup85[[#This Row],[Predicted Crash Reduction, Preferred Action Scenario (Crashes/Yr)]]/F26) -> 127043.8
B28: =First_Year+'Q_Appendix B. Project Info'!B32 -> 2035 | C28: ='Q_3D. TTS Backup All Years'!C63 -> 72812.333 | D28: =SUM(Table1.1_Safety175[[#Totals],[Number of Crashes per Year]],Table1.2_Safety279[[#Totals],[Number of Crashes per Year]],Table1.3_Safety383[[#Totals],[Number of Crashes per Year]]) -> 30.1 | E28: =Table1B1_SafetyBackup85[[#This Row],[Estimated Total Crashes, No Build Scenario (Crashes/Yr)]]-Table1B1_SafetyBackup85[[#This Row],[Predicted Crash Reduction, Preferred Action Scenario (Crashes/Yr)]] -> 27.195 | F28: =($F$16/$D$16)*D28 -> 2.905 | G28: =G27*(Table1B1_SafetyBackup85[[#This Row],[Predicted Crash Reduction, Preferred Action Scenario (Crashes/Yr)]]/F27) -> 127043.8
B29: =First_Year+'Q_Appendix B. Project Info'!B33 -> 2036 | C29: ='Q_3D. TTS Backup All Years'!C64 -> 73260 | D29: =SUM(Table1.1_Safety175[[#Totals],[Number of Crashes per Year]],Table1.2_Safety279[[#Totals],[Number of Crashes per Year]],Table1.3_Safety383[[#Totals],[Number of Crashes per Year]]) -> 30.1 | E29: =Table1B1_SafetyBackup85[[#This Row],[Estimated Total Crashes, No Build Scenario (Crashes/Yr)]]-Table1B1_SafetyBackup85[[#This Row],[Predicted Crash Reduction, Preferred Action Scenario (Crashes/Yr)]] -> 27.195 | F29: =($F$16/$D$16)*D29 -> 2.905 | G29: =G28*(Table1B1_SafetyBackup85[[#This Row],[Predicted Crash Reduction, Preferred Action Scenario (Crashes/Yr)]]/F28) -> 127043.8
B30: =First_Year+'Q_Appendix B. Project Info'!B34 -> 2037 | C30: ='Q_3D. TTS Backup All Years'!C65 -> 73707.667 | D30: =SUM(Table1.1_Safety175[[#Totals],[Number of Crashes per Year]],Table1.2_Safety279[[#Totals],[Number of Crashes per Year]],Table1.3_Safety383[[#Totals],[Number of Crashes per Year]]) -> 30.1 | E30: =Table1B1_SafetyBackup85[[#This Row],[Estimated Total Crashes, No Build Scenario (Crashes/Yr)]]-Table1B1_SafetyBackup85[[#This Row],[Predicted Crash Reduction, Preferred Action Scenario (Crashes/Yr)]] -> 27.195 | F30: =($F$16/$D$16)*D30 -> 2.905 | G30: =G29*(Table1B1_SafetyBackup85[[#This Row],[Predicted Crash Reduction, Preferred Action Scenario (Crashes/Yr)]]/F29) -> 127043.8
B31: =First_Year+'Q_Appendix B. Project Info'!B35 -> 2038 | C31: ='Q_3D. TTS Backup All Years'!C66 -> 74155.333 | D31: =SUM(Table1.1_Safety175[[#Totals],[Number of Crashes per Year]],Table1.2_Safety279[[#Totals],[Number of Crashes per Year]],Table1.3_Safety383[[#Totals],[Number of Crashes per Year]]) -> 30.1 | E31: =Table1B1_SafetyBackup85[[#This Row],[Estimated Total Crashes, No Build Scenario (Crashes/Yr)]]-Table1B1_SafetyBackup85[[#This Row],[Predicted Crash Reduction, Preferred Action Scenario (Crashes/Yr)]] -> 27.195 | F31: =($F$16/$D$16)*D31 -> 2.905 | G31: =G30*(Table1B1_SafetyBackup85[[#This Row],[Predicted Crash Reduction, Preferred Action Scenario (Crashes/Yr)]]/F30) -> 127043.8
B32: =First_Year+'Q_Appendix B. Project Info'!B36 -> 2039 | C32: ='Q_3D. TTS Backup All Years'!C67 -> 74603 | D32: =SUM(Table1.1_Safety175[[#Totals],[Number of Crashes per Year]],Table1.2_Safety279[[#Totals],[Number of Crashes per Year]],Table1.3_Safety383[[#Totals],[Number of Crashes per Year]]) -> 30.1 | E32: =Table1B1_SafetyBackup85[[#This Row],[Estimated Total Crashes, No Build Scenario (Crashes/Yr)]]-Table1B1_SafetyBackup85[[#This Row],[Predicted Crash Reduction, Preferred Action Scenario (Crashes/Yr)]] -> 27.195 | F32: =($F$16/$D$16)*D32 -> 2.905 | G32: =G31*(Table1B1_SafetyBackup85[[#This Row],[Predicted Crash Reduction, Preferred Action Scenario (Crashes/Yr)]]/F31) -> 127043.8
B33: =First_Year+'Q_Appendix B. Project Info'!B37 -> 2040 | C33: ='Q_3D. TTS Backup All Years'!C68 -> 75050.667 | D33: =SUM(Table1.1_Safety175[[#Totals],[Number of Crashes per Year]],Table1.2_Safety279[[#Totals],[Number of Crashes per Year]],Table1.3_Safety383[[#Totals],[Number of Crashes per Year]]) -> 30.1 | E33: =Table1B1_SafetyBackup85[[#This Row],[Estimated Total Crashes, No Build Scenario (Crashes/Yr)]]-Table1B1_SafetyBackup85[[#This Row],[Predicted Crash Reduction, Preferred Action Scenario (Crashes/Yr)]] -> 27.195 | F33: =($F$16/$D$16)*D33 -> 2.905 | G33: =G32*(Table1B1_SafetyBackup85[[#This Row],[Predicted Crash Reduction, Preferred Action Scenario (Crashes/Yr)]]/F32) -> 127043.8
B34: =First_Year+'Q_Appendix B. Project Info'!B38 -> 2041 | C34: ='Q_3D. TTS Backup All Years'!C69 -> 75498.333 | D34: =SUM(Table1.1_Safety175[[#Totals],[Number of Crashes per Year]],Table1.2_Safety279[[#Totals],[Number of Crashes per Year]],Table1.3_Safety383[[#Totals],[Number of Crashes per Year]]) -> 30.1 | E34: =Table1B1_SafetyBackup85[[#This Row],[Estimated Total Crashes, No Build Scenario (Crashes/Yr)]]-Table1B1_SafetyBackup85[[#This Row],[Predicted Crash Reduction, Preferred Action Scenario (Crashes/Yr)]] -> 27.195 | F34: =($F$16/$D$16)*D34 -> 2.905 | G34: =G33*(Table1B1_SafetyBackup85[[#This Row],[Predicted Crash Reduction, Preferred Action Scenario (Crashes/Yr)]]/F33) -> 127043.8
... B51: =First_Year+'Q_Appendix B. Project Info'!B55 -> 2058 | C51: ='Q_3D. TTS Backup All Years'!C86 -> 83108.667 | D51: =SUM(Table1.1_Safety175[[#Totals],[Number of Crashes per Year]],Table1.2_Safety279[[#Totals],[Number of Crashes per Year]],Table1.3_Safety383[[#Totals],[Number of Crashes per Year]]) -> 30.1 | E51: =Table1B1_SafetyBackup85[[#This Row],[Estimated Total Crashes, No Build Scenario (Crashes/Yr)]]-Table1B1_SafetyBackup85[[#This Row],[Predicted Crash Reduction, Preferred Action Scenario (Crashes/Yr)]] -> 27.195 | F51: =($F$16/$D$16)*D51 -> 2.905 | G51: =G50*(Table1B1_SafetyBackup85[[#This Row],[Predicted Crash Reduction, Preferred Action Scenario (Crashes/Yr)]]/F50) -> 127043.8
C52: =SUBTOTAL(109,Table1B1_SafetyBackup85[Traffic Count]) -> 2709882 | D52: =SUBTOTAL(109,Table1B1_SafetyBackup85[Estimated Total Crashes, No Build Scenario (Crashes/Yr)]) -> 1083.6 | E52: =SUBTOTAL(109,Table1B1_SafetyBackup85[Estimated Total Crashes, Preferred Action Scenario]) -> 979.02 | F52: =SUBTOTAL(109,Table1B1_SafetyBackup85[Predicted Crash Reduction, Preferred Action Scenario (Crashes/Yr)]) -> 104.58 | G52: =SUBTOTAL(109,Table1B1_SafetyBackup85[Realized Safety Benefit ($/Year)]) -> 3938357.8

Sheet MM_2. Emissions Benefits
A1: 2. Emissions Benefits Summary
A2: Project Name: | B2: =Project_Name -> Completing the I-95 Missing Move and Quonset Connector Ramps
A3: Component: | B3: Component 1, The Missing Moves
A4: Date: | B4: =Date -> 45159
A7: This project will benefit local air quality by improving transportation operations and reducing vehicle delay in the corridor. Improvements in air quality will benefit the area by reducing local pollutant concentrations and regional emissions reductions. An air quality study of the Project was conducted using traffic data developed with VISSIM to calculate Travel Time Savings. Emission factors for the study area were developed using the Motor Vehicle Emission Simulator model (MOVES3) developed by the US Environmental Protection Agency (EPA). Emissions were analyzed for the first year of operations (2028) and design year (2058) for Baseline and Proposed Action alternatives. The Preferred Alternative will result in emission costs savings for all years of analysis. Reduced congestion across the network reduces the emissions sufficiently to counteract the expected increase in VMT resulting in an emissions benefit. This project will reduce emissions by a projected 732 tons, a net savings of $7.7 million over 30 years. The assumptions, methodology, a description of the baseline scenario, source of data, and key input parameters are documented in Tab 2B and Appendix A-3.
B14: Table 2-1. Projected Emissions Reduction by Year, Selected Years (Metric Tons/Year)
B16: Year | C16: NOX | D16: SOx | E16: PM2.5 | F16: CO2 | G16: PM10 | H16: VOC | I16: Total
B17: 2028 | C17: {=IFERROR(INDEX(Table2B.3_AQ_Dif[[#Headers],[#Data],[Year]:[VOC]],MATCH(Table2.1_EmRed[[#This Row],[Year]:[Year]],Table2B.3_AQ_Dif[[#Headers],[#Data],[Year]:[Year]],0),MATCH(Table2.1_EmRed[[#Headers],[NOX]],Table2B.3_AQ_Dif[[#Headers],[Year]:[VOC]],0)),"")} -> 0.15562487 | D17: {=IFERROR(INDEX(Table2B.3_AQ_Dif[[#Headers],[#Data],[Year]:[VOC]],MATCH(Table2.1_EmRed[[#This Row],[Year]:[Year]],Table2B.3_AQ_Dif[[#Headers],[#Data],[Year]:[Year]],0),MATCH(Table2.1_EmRed[[#Headers],[SOx]],Table2B.3_AQ_Dif[[#Headers],[Year]:[VOC]],0)),"")} -> 0.00060985265 | E17: {=IFERROR(INDEX(Table2B.3_AQ_Dif[[#Headers],[#Data],[Year]:[VOC]],MATCH(Table2.1_EmRed[[#This Row],[Year]:[Year]],Table2B.3_AQ_Dif[[#Headers],[#Data],[Year]:[Year]],0),MATCH(Table2.1_EmRed[[#Headers],[PM2.5]],Table2B.3_AQ_Dif[[#Headers],[Year]:[VOC]],0)),"")} -> 0.015712957 | F17: {=IFERROR(INDEX(Table2B.3_AQ_Dif[[#Headers],[#Data],[Year]:[VOC]],MATCH(Table2.1_EmRed[[#This Row],[Year]:[Year]],Table2B.3_AQ_Dif[[#Headers],[#Data],[Year]:[Year]],0),MATCH(Table2.1_EmRed[[#Headers],[CO2]],Table2B.3_AQ_Dif[[#Headers],[Year]:[VOC]],0)),"")} -> 100.78354 | G17: {=IFERROR(INDEX(Table2B.3_AQ_Dif[[#Headers],[#Data],[Year]:[VOC]],MATCH(Table2.1_EmRed[[#This Row],[Year]:[Year]],Table2B.3_AQ_Dif[[#Headers],[#Data],[Year]:[Year]],0),MATCH(Table2.1_EmRed[[#Headers],[PM10]],Table2B.3_AQ_Dif[[#Headers],[Year]:[VOC]],0)),"")} -> 0.097143309 | H17: {=IFERROR(INDEX(Table2B.3_AQ_Dif[[#Headers],[#Data],[Year]:[VOC]],MATCH(Table2.1_EmRed[[#This Row],[Year]:[Year]],Table2B.3_AQ_Dif[[#Headers],[#Data],[Year]:[Year]],0),MATCH(Table2.1_EmRed[[#Headers],[VOC]],Table2B.3_AQ_Dif[[#Headers],[Year]:[VOC]],0)),"")} -> 0.057291189 | I17: =SUM(Table2.1_EmRed[[#This Row],[NOX]:[VOC]]) -> 101.10992
B18: 2029 | C18: {=IFERROR(INDEX(Table2B.3_AQ_Dif[[#Headers],[#Data],[Year]:[VOC]],MATCH(Table2.1_EmRed[[#This Row],[Year]:[Year]],Table2B.3_AQ_Dif[[#Headers],[#Data],[Year]:[Year]],0),MATCH(Table2.1_EmRed[[#Headers],[NOX]],Table2B.3_AQ_Dif[[#Headers],[Year]:[VOC]],0)),"")} -> 0.21753786 | D18: {=IFERROR(INDEX(Table2B.3_AQ_Dif[[#Headers],[#Data],[Year]:[VOC]],MATCH(Table2.1_EmRed[[#This Row],[Year]:[Year]],Table2B.3_AQ_Dif[[#Headers],[#Data],[Year]:[Year]],0),MATCH(Table2.1_EmRed[[#Headers],[SOx]],Table2B.3_AQ_Dif[[#Headers],[Year]:[VOC]],0)),"")} -> 0.00086290926 | E18: {=IFERROR(INDEX(Table2B.3_AQ_Dif[[#Headers],[#Data],[Year]:[VOC]],MATCH(Table2.1_EmRed[[#This Row],[Year]:[Year]],Table2B.3_AQ_Dif[[#Headers],[#Data],[Year]:[Year]],0),MATCH(Table2.1_EmRed[[#Headers],[PM2.5]],Table2B.3_AQ_Dif[[#Headers],[Year]:[VOC]],0)),"")} -> 0.026931642 | F18: {=IFERROR(INDEX(Table2B.3_AQ_Dif[[#Headers],[#Data],[Year]:[VOC]],MATCH(Table2.1_EmRed[[#This Row],[Year]:[Year]],Table2B.3_AQ_Dif[[#Headers],[#Data],[Year]:[Year]],0),MATCH(Table2.1_EmRed[[#Headers],[CO2]],Table2B.3_AQ_Dif[[#Headers],[Year]:[VOC]],0)),"")} -> 142.64866 | G18: {=IFERROR(INDEX(Table2B.3_AQ_Dif[[#Headers],[#Data],[Year]:[VOC]],MATCH(Table2.1_EmRed[[#This Row],[Year]:[Year]],Table2B.3_AQ_Dif[[#Headers],[#Data],[Year]:[Year]],0),MATCH(Table2.1_EmRed[[#Headers],[PM10]],Table2B.3_AQ_Dif[[#Headers],[Year]:[VOC]],0)),"")} -> 0.18747002 | H18: {=IFERROR(INDEX(Table2B.3_AQ_Dif[[#Headers],[#Data],[Year]:[VOC]],MATCH(Table2.1_EmRed[[#This Row],[Year]:[Year]],Table2B.3_AQ_Dif[[#Headers],[#Data],[Year]:[Year]],0),MATCH(Table2.1_EmRed[[#Headers],[VOC]],Table2B.3_AQ_Dif[[#Headers],[Year]:[VOC]],0)),"")} -> 0.093631387 | I18: =SUM(Table2.1_EmRed[[#This Row],[NOX]:[VOC]]) -> 143.17509
B19: 2030 | C19: {=IFERROR(INDEX(Table2B.3_AQ_Dif[[#Headers],[#Data],[Year]:[VOC]],MATCH(Table2.1_EmRed[[#This Row],[Year]:[Year]],Table2B.3_AQ_Dif[[#Headers],[#Data],[Year]:[Year]],0),MATCH(Table2.1_EmRed[[#Headers],[NOX]],Table2B.3_AQ_Dif[[#Headers],[Year]:[VOC]],0)),"")} -> 0.27945086 | D19: {=IFERROR(INDEX(Table2B.3_AQ_Dif[[#Headers],[#Data],[Year]:[VOC]],MATCH(Table2.1_EmRed[[#This Row],[Year]:[Year]],Table2B.3_AQ_Dif[[#Headers],[#Data],[Year]:[Year]],0),MATCH(Table2.1_EmRed[[#Headers],[SOx]],Table2B.3_AQ_Dif[[#Headers],[Year]:[VOC]],0)),"")} -> 0.0011159659 | E19: {=IFERROR(INDEX(Table2B.3_AQ_Dif[[#Headers],[#Data],[Year]:[VOC]],MATCH(Table2.1_EmRed[[#This Row],[Year]:[Year]],Table2B.3_AQ_Dif[[#Headers],[#Data],[Year]:[Year]],0),MATCH(Table2.1_EmRed[[#Headers],[PM2.5]],Table2B.3_AQ_Dif[[#Headers],[Year]:[VOC]],0)),"")} -> 0.038150328 | F19: {=IFERROR(INDEX(Table2B.3_AQ_Dif[[#Headers],[#Data],[Year]:[VOC]],MATCH(Table2.1_EmRed[[#This Row],[Year]:[Year]],Table2B.3_AQ_Dif[[#Headers],[#Data],[Year]:[Year]],0),MATCH(Table2.1_EmRed[[#Headers],[CO2]],Table2B.3_AQ_Dif[[#Headers],[Year]:[VOC]],0)),"")} -> 184.51377 | G19: {=IFERROR(INDEX(Table2B.3_AQ_Dif[[#Headers],[#Data],[Year]:[VOC]],MATCH(Table2.1_EmRed[[#This Row],[Year]:[Year]],Table2B.3_AQ_Dif[[#Headers],[#Data],[Year]:[Year]],0),MATCH(Table2.1_EmRed[[#Headers],[PM10]],Table2B.3_AQ_Dif[[#Headers],[Year]:[VOC]],0)),"")} -> 0.27779673 | H19: {=IFERROR(INDEX(Table2B.3_AQ_Dif[[#Headers],[#Data],[Year]:[VOC]],MATCH(Table2.1_EmRed[[#This Row],[Year]:[Year]],Table2B.3_AQ_Dif[[#Headers],[#Data],[Year]:[Year]],0),MATCH(Table2.1_EmRed[[#Headers],[VOC]],Table2B.3_AQ_Dif[[#Headers],[Year]:[VOC]],0)),"")} -> 0.12997159 | I19: =SUM(Table2.1_EmRed[[#This Row],[NOX]:[VOC]]) -> 185.24026
B20: 2031 | C20: {=IFERROR(INDEX(Table2B.3_AQ_Dif[[#Headers],[#Data],[Year]:[VOC]],MATCH(Table2.1_EmRed[[#This Row],[Year]:[Year]],Table2B.3_AQ_Dif[[#Headers],[#Data],[Year]:[Year]],0),MATCH(Table2.1_EmRed[[#Headers],[NOX]],Table2B.3_AQ_Dif[[#Headers],[Year]:[VOC]],0)),"")} -> 0.34136385 | D20: {=IFERROR(INDEX(Table2B.3_AQ_Dif[[#Headers],[#Data],[Year]:[VOC]],MATCH(Table2.1_EmRed[[#This Row],[Year]:[Year]],Table2B.3_AQ_Dif[[#Headers],[#Data],[Year]:[Year]],0),MATCH(Table2.1_EmRed[[#Headers],[SOx]],Table2B.3_AQ_Dif[[#Headers],[Year]:[VOC]],0)),"")} -> 0.0013690225 | E20: {=IFERROR(INDEX(Table2B.3_AQ_Dif[[#Headers],[#Data],[Year]:[VOC]],MATCH(Table2.1_EmRed[[#This Row],[Year]:[Year]],Table2B.3_AQ_Dif[[#Headers],[#Data],[Year]:[Year]],0),MATCH(Table2.1_EmRed[[#Headers],[PM2.5]],Table2B.3_AQ_Dif[[#Headers],[Year]:[VOC]],0)),"")} -> 0.049369013 | F20: {=IFERROR(INDEX(Table2B.3_AQ_Dif[[#Headers],[#Data],[Year]:[VOC]],MATCH(Table2.1_EmRed[[#This Row],[Year]:[Year]],Table2B.3_AQ_Dif[[#Headers],[#Data],[Year]:[Year]],0),MATCH(Table2.1_EmRed[[#Headers],[CO2]],Table2B.3_AQ_Dif[[#Headers],[Year]:[VOC]],0)),"")} -> 226.37889 | G20: {=IFERROR(INDEX(Table2B.3_AQ_Dif[[#Headers],[#Data],[Year]:[VOC]],MATCH(Table2.1_EmRed[[#This Row],[Year]:[Year]],Table2B.3_AQ_Dif[[#Headers],[#Data],[Year]:[Year]],0),MATCH(Table2.1_EmRed[[#Headers],[PM10]],Table2B.3_AQ_Dif[[#Headers],[Year]:[VOC]],0)),"")} -> 0.36812345 | H20: {=IFERROR(INDEX(Table2B.3_AQ_Dif[[#Headers],[#Data],[Year]:[VOC]],MATCH(Table2.1_EmRed[[#This Row],[Year]:[Year]],Table2B.3_AQ_Dif[[#Headers],[#Data],[Year]:[Year]],0),MATCH(Table2.1_EmRed[[#Headers],[VOC]],Table2B.3_AQ_Dif[[#Headers],[Year]:[VOC]],0)),"")} -> 0.16631178 | I20: =SUM(Table2.1_EmRed[[#This Row],[NOX]:[VOC]]) -> 227.30543
B21: 2032 | C21: {=IFERROR(INDEX(Table2B.3_AQ_Dif[[#Headers],[#Data],[Year]:[VOC]],MATCH(Table2.1_EmRed[[#This Row],[Year]:[Year]],Table2B.3_AQ_Dif[[#Headers],[#Data],[Year]:[Year]],0),MATCH(Table2.1_EmRed[[#Headers],[NOX]],Table2B.3_AQ_Dif[[#Headers],[Year]:[VOC]],0)),"")} -> 0.40327685 | D21: {=IFERROR(INDEX(Table2B.3_AQ_Dif[[#Headers],[#Data],[Year]:[VOC]],MATCH(Table2.1_EmRed[[#This Row],[Year]:[Year]],Table2B.3_AQ_Dif[[#Headers],[#Data],[Year]:[Year]],0),MATCH(Table2.1_EmRed[[#Headers],[SOx]],Table2B.3_AQ_Dif[[#Headers],[Year]:[VOC]],0)),"")} -> 0.0016220791 | E21: {=IFERROR(INDEX(Table2B.3_AQ_Dif[[#Headers],[#Data],[Year]:[VOC]],MATCH(Table2.1_EmRed[[#This Row],[Year]:[Year]],Table2B.3_AQ_Dif[[#Headers],[#Data],[Year]:[Year]],0),MATCH(Table2.1_EmRed[[#Headers],[PM2.5]],Table2B.3_AQ_Dif[[#Headers],[Year]:[VOC]],0)),"")} -> 0.060587699 | F21: {=IFERROR(INDEX(Table2B.3_AQ_Dif[[#Headers],[#Data],[Year]:[VOC]],MATCH(Table2.1_EmRed[[#This Row],[Year]:[Year]],Table2B.3_AQ_Dif[[#Headers],[#Data],[Year]:[Year]],0),MATCH(Table2.1_EmRed[[#Headers],[CO2]],Table2B.3_AQ_Dif[[#Headers],[Year]:[VOC]],0)),"")} -> 268.24401 | G21: {=IFERROR(INDEX(Table2B.3_AQ_Dif[[#Headers],[#Data],[Year]:[VOC]],MATCH(Table2.1_EmRed[[#This Row],[Year]:[Year]],Table2B.3_AQ_Dif[[#Headers],[#Data],[Year]:[Year]],0),MATCH(Table2.1_EmRed[[#Headers],[PM10]],Table2B.3_AQ_Dif[[#Headers],[Year]:[VOC]],0)),"")} -> 0.45845016 | H21: {=IFERROR(INDEX(Table2B.3_AQ_Dif[[#Headers],[#Data],[Year]:[VOC]],MATCH(Table2.1_EmRed[[#This Row],[Year]:[Year]],Table2B.3_AQ_Dif[[#Headers],[#Data],[Year]:[Year]],0),MATCH(Table2.1_EmRed[[#Headers],[VOC]],Table2B.3_AQ_Dif[[#Headers],[Year]:[VOC]],0)),"")} -> 0.20265198 | I21: =SUM(Table2.1_EmRed[[#This Row],[NOX]:[VOC]]) -> 269.3706
C22: {=IFERROR(INDEX(Table2B.3_AQ_Dif[[#Headers],[#Data],[Year]:[VOC]],MATCH(Table2.1_EmRed[[#This Row],[Year]:[Year]],Table2B.3_AQ_Dif[[#Headers],[#Data],[Year]:[Year]],0),MATCH(Table2.1_EmRed[[#Headers],[NOX]],Table2B.3_AQ_Dif[[#Headers],[Year]:[VOC]],0)),"")} | D22: {=IFERROR(INDEX(Table2B.3_AQ_Dif[[#Headers],[#Data],[Year]:[VOC]],MATCH(Table2.1_EmRed[[#This Row],[Year]:[Year]],Table2B.3_AQ_Dif[[#Headers],[#Data],[Year]:[Year]],0),MATCH(Table2.1_EmRed[[#Headers],[SOx]],Table2B.3_AQ_Dif[[#Headers],[Year]:[VOC]],0)),"")} | E22: {=IFERROR(INDEX(Table2B.3_AQ_Dif[[#Headers],[#Data],[Year]:[VOC]],MATCH(Table2.1_EmRed[[#This Row],[Year]:[Year]],Table2B.3_AQ_Dif[[#Headers],[#Data],[Year]:[Year]],0),MATCH(Table2.1_EmRed[[#Headers],[PM2.5]],Table2B.3_AQ_Dif[[#Headers],[Year]:[VOC]],0)),"")} | F22: {=IFERROR(INDEX(Table2B.3_AQ_Dif[[#Headers],[#Data],[Year]:[VOC]],MATCH(Table2.1_EmRed[[#This Row],[Year]:[Year]],Table2B.3_AQ_Dif[[#Headers],[#Data],[Year]:[Year]],0),MATCH(Table2.1_EmRed[[#Headers],[CO2]],Table2B.3_AQ_Dif[[#Headers],[Year]:[VOC]],0)),"")} | G22: {=IFERROR(INDEX(Table2B.3_AQ_Dif[[#Headers],[#Data],[Year]:[VOC]],MATCH(Table2.1_EmRed[[#This Row],[Year]:[Year]],Table2B.3_AQ_Dif[[#Headers],[#Data],[Year]:[Year]],0),MATCH(Table2.1_EmRed[[#Headers],[PM10]],Table2B.3_AQ_Dif[[#Headers],[Year]:[VOC]],0)),"")} | H22: {=IFERROR(INDEX(Table2B.3_AQ_Dif[[#Headers],[#Data],[Year]:[VOC]],MATCH(Table2.1_EmRed[[#This Row],[Year]:[Year]],Table2B.3_AQ_Dif[[#Headers],[#Data],[Year]:[Year]],0),MATCH(Table2.1_EmRed[[#Headers],[VOC]],Table2B.3_AQ_Dif[[#Headers],[Year]:[VOC]],0)),"")} | I22: =SUM(Table2.1_EmRed[[#This Row],[NOX]:[VOC]]) -> 0
B23: 2058 | C23: {=IFERROR(INDEX(Table2B.3_AQ_Dif[[#Headers],[#Data],[Year]:[VOC]],MATCH(Table2.1_EmRed[[#This Row],[Year]:[Year]],Table2B.3_AQ_Dif[[#Headers],[#Data],[Year]:[Year]],0),MATCH(Table2.1_EmRed[[#Headers],[NOX]],Table2B.3_AQ_Dif[[#Headers],[Year]:[VOC]],0)),"")} -> 2.0130147 | D23: {=IFERROR(INDEX(Table2B.3_AQ_Dif[[#Headers],[#Data],[Year]:[VOC]],MATCH(Table2.1_EmRed[[#This Row],[Year]:[Year]],Table2B.3_AQ_Dif[[#Headers],[#Data],[Year]:[Year]],0),MATCH(Table2.1_EmRed[[#Headers],[SOx]],Table2B.3_AQ_Dif[[#Headers],[Year]:[VOC]],0)),"")} -> 0.0082015511 | E23: {=IFERROR(INDEX(Table2B.3_AQ_Dif[[#Headers],[#Data],[Year]:[VOC]],MATCH(Table2.1_EmRed[[#This Row],[Year]:[Year]],Table2B.3_AQ_Dif[[#Headers],[#Data],[Year]:[Year]],0),MATCH(Table2.1_EmRed[[#Headers],[PM2.5]],Table2B.3_AQ_Dif[[#Headers],[Year]:[VOC]],0)),"")} -> 0.35227352 | F23: {=IFERROR(INDEX(Table2B.3_AQ_Dif[[#Headers],[#Data],[Year]:[VOC]],MATCH(Table2.1_EmRed[[#This Row],[Year]:[Year]],Table2B.3_AQ_Dif[[#Headers],[#Data],[Year]:[Year]],0),MATCH(Table2.1_EmRed[[#Headers],[CO2]],Table2B.3_AQ_Dif[[#Headers],[Year]:[VOC]],0)),"")} -> 1356.7371 | G23: {=IFERROR(INDEX(Table2B.3_AQ_Dif[[#Headers],[#Data],[Year]:[VOC]],MATCH(Table2.1_EmRed[[#This Row],[Year]:[Year]],Table2B.3_AQ_Dif[[#Headers],[#Data],[Year]:[Year]],0),MATCH(Table2.1_EmRed[[#Headers],[PM10]],Table2B.3_AQ_Dif[[#Headers],[Year]:[VOC]],0)),"")} -> 2.8069447 | H23: {=IFERROR(INDEX(Table2B.3_AQ_Dif[[#Headers],[#Data],[Year]:[VOC]],MATCH(Table2.1_EmRed[[#This Row],[Year]:[Year]],Table2B.3_AQ_Dif[[#Headers],[#Data],[Year]:[Year]],0),MATCH(Table2.1_EmRed[[#Headers],[VOC]],Table2B.3_AQ_Dif[[#Headers],[Year]:[VOC]],0)),"")} -> 1.1474971 | I23: =SUM(Table2.1_EmRed[[#This Row],[NOX]:[VOC]]) -> 1363.065
B24: Average | C24: =AVERAGE('MM_2B. Emissions Backup'!C104:C134) -> 1.0843198 | D24: =AVERAGE('MM_2B. Emissions Backup'!D104:D134) -> 0.0044057019 | E24: =AVERAGE('MM_2B. Emissions Backup'!E104:E134) -> 0.18399324 | F24: =AVERAGE('MM_2B. Emissions Backup'!F104:F134) -> 728.76031 | G24: =AVERAGE('MM_2B. Emissions Backup'!G104:G134) -> 1.452044 | H24: =AVERAGE('MM_2B. Emissions Backup'!H104:H134) -> 0.60239416 | I24: =AVERAGE('MM_2B. Emissions Backup'!I104:I134) -> 732.08747
B26: Table 2-2. Projected Monetary Benefit from Emissions Reductions by Year, Selected Years
B28: Year | C28: NOX | D28: SOx | E28: PM2.5 | F28: CO2 | G28: PM10 | H28: VOC | I28: Total
B29: 2028 | C29: {=IFERROR(INDEX(Table2B.4_AQ_Dollars[[#Headers],[#Data],[Year]:[VOC]],MATCH(Table2.2_EmMoney[[#This Row],[Year]:[Year]],Table2B.4_AQ_Dollars[[#Headers],[#Data],[Year]:[Year]],0),MATCH(Table2.2_EmMoney[[#Headers],[NOX]],Table2B.4_AQ_Dollars[[#Headers],[Year]:[VOC]],0)),"")} -> 2785.6851 | D29: {=IFERROR(INDEX(Table2B.4_AQ_Dollars[[#Headers],[#Data],[Year]:[VOC]],MATCH(Table2.2_EmMoney[[#This Row],[Year]:[Year]],Table2B.4_AQ_Dollars[[#Headers],[#Data],[Year]:[Year]],0),MATCH(Table2.2_EmMoney[[#Headers],[SOx]],Table2B.4_AQ_Dollars[[#Headers],[Year]:[VOC]],0)),"")} -> 29.699824 | E29: {=IFERROR(INDEX(Table2B.4_AQ_Dollars[[#Headers],[#Data],[Year]:[VOC]],MATCH(Table2.2_EmMoney[[#This Row],[Year]:[Year]],Table2B.4_AQ_Dollars[[#Headers],[#Data],[Year]:[Year]],0),MATCH(Table2.2_EmMoney[[#Headers],[PM2.5]],Table2B.4_AQ_Dollars[[#Headers],[Year]:[VOC]],0)),"")} -> 13601.135 | F29: {=IFERROR(INDEX(Table2B.4_AQ_Dollars[[#Headers],[#Data],[Year]:[VOC]],MATCH(Table2.2_EmMoney[[#This Row],[Year]:[Year]],Table2B.4_AQ_Dollars[[#Headers],[#Data],[Year]:[Year]],0),MATCH(Table2.2_EmMoney[[#Headers],[CO2]],Table2B.4_AQ_Dollars[[#Headers],[Year]:[VOC]],0)),"")} -> 6147.7958 | G29: {=IFERROR(INDEX(Table2B.4_AQ_Dollars[[#Headers],[#Data],[Year]:[VOC]],MATCH(Table2.2_EmMoney[[#This Row],[Year]:[Year]],Table2B.4_AQ_Dollars[[#Headers],[#Data],[Year]:[Year]],0),MATCH(Table2.2_EmMoney[[#Headers],[PM10]],Table2B.4_AQ_Dollars[[#Headers],[Year]:[VOC]],0)),"")} -> 0 | H29: {=IFERROR(INDEX(Table2B.4_AQ_Dollars[[#Headers],[#Data],[Year]:[VOC]],MATCH(Table2.2_EmMoney[[#This Row],[Year]:[Year]],Table2B.4_AQ_Dollars[[#Headers],[#Data],[Year]:[Year]],0),MATCH(Table2.2_EmMoney[[#Headers],[VOC]],Table2B.4_AQ_Dollars[[#Headers],[Year]:[VOC]],0)),"")} -> 0 | I29: =SUM(Table2.2_EmMoney[[#This Row],[NOX]:[VOC]]) -> 22564.316
B30: 2029 | C30: {=IFERROR(INDEX(Table2B.4_AQ_Dollars[[#Headers],[#Data],[Year]:[VOC]],MATCH(Table2.2_EmMoney[[#This Row],[Year]:[Year]],Table2B.4_AQ_Dollars[[#Headers],[#Data],[Year]:[Year]],0),MATCH(Table2.2_EmMoney[[#Headers],[NOX]],Table2B.4_AQ_Dollars[[#Headers],[Year]:[VOC]],0)),"")} -> 3959.1891 | D30: {=IFERROR(INDEX(Table2B.4_AQ_Dollars[[#Headers],[#Data],[Year]:[VOC]],MATCH(Table2.2_EmMoney[[#This Row],[Year]:[Year]],Table2B.4_AQ_Dollars[[#Headers],[#Data],[Year]:[Year]],0),MATCH(Table2.2_EmMoney[[#Headers],[SOx]],Table2B.4_AQ_Dollars[[#Headers],[Year]:[VOC]],0)),"")} -> 42.714009 | E30: {=IFERROR(INDEX(Table2B.4_AQ_Dollars[[#Headers],[#Data],[Year]:[VOC]],MATCH(Table2.2_EmMoney[[#This Row],[Year]:[Year]],Table2B.4_AQ_Dollars[[#Headers],[#Data],[Year]:[Year]],0),MATCH(Table2.2_EmMoney[[#Headers],[PM2.5]],Table2B.4_AQ_Dollars[[#Headers],[Year]:[VOC]],0)),"")} -> 23683.686 | F30: {=IFERROR(INDEX(Table2B.4_AQ_Dollars[[#Headers],[#Data],[Year]:[VOC]],MATCH(Table2.2_EmMoney[[#This Row],[Year]:[Year]],Table2B.4_AQ_Dollars[[#Headers],[#Data],[Year]:[Year]],0),MATCH(Table2.2_EmMoney[[#Headers],[CO2]],Table2B.4_AQ_Dollars[[#Headers],[Year]:[VOC]],0)),"")} -> 8844.2167 | G30: {=IFERROR(INDEX(Table2B.4_AQ_Dollars[[#Headers],[#Data],[Year]:[VOC]],MATCH(Table2.2_EmMoney[[#This Row],[Year]:[Year]],Table2B.4_AQ_Dollars[[#Headers],[#Data],[Year]:[Year]],0),MATCH(Table2.2_EmMoney[[#Headers],[PM10]],Table2B.4_AQ_Dollars[[#Headers],[Year]:[VOC]],0)),"")} -> 0 | H30: {=IFERROR(INDEX(Table2B.4_AQ_Dollars[[#Headers],[#Data],[Year]:[VOC]],MATCH(Table2.2_EmMoney[[#This Row],[Year]:[Year]],Table2B.4_AQ_Dollars[[#Headers],[#Data],[Year]:[Year]],0),MATCH(Table2.2_EmMoney[[#Headers],[VOC]],Table2B.4_AQ_Dollars[[#Headers],[Year]:[VOC]],0)),"")} -> 0 | I30: =SUM(Table2.2_EmMoney[[#This Row],[NOX]:[VOC]]) -> 36529.806
B31: 2030 | C31: {=IFERROR(INDEX(Table2B.4_AQ_Dollars[[#Headers],[#Data],[Year]:[VOC]],MATCH(Table2.2_EmMoney[[#This Row],[Year]:[Year]],Table2B.4_AQ_Dollars[[#Headers],[#Data],[Year]:[Year]],0),MATCH(Table2.2_EmMoney[[#Headers],[NOX]],Table2B.4_AQ_Dollars[[#Headers],[Year]:[VOC]],0)),"")} -> 5197.786 | D31: {=IFERROR(INDEX(Table2B.4_AQ_Dollars[[#Headers],[#Data],[Year]:[VOC]],MATCH(Table2.2_EmMoney[[#This Row],[Year]:[Year]],Table2B.4_AQ_Dollars[[#Headers],[#Data],[Year]:[Year]],0),MATCH(Table2.2_EmMoney[[#Headers],[SOx]],Table2B.4_AQ_Dollars[[#Headers],[Year]:[VOC]],0)),"")} -> 56.24468 | E31: {=IFERROR(INDEX(Table2B.4_AQ_Dollars[[#Headers],[#Data],[Year]:[VOC]],MATCH(Table2.2_EmMoney[[#This Row],[Year]:[Year]],Table2B.4_AQ_Dollars[[#Headers],[#Data],[Year]:[Year]],0),MATCH(Table2.2_EmMoney[[#Headers],[PM2.5]],Table2B.4_AQ_Dollars[[#Headers],[Year]:[VOC]],0)),"")} -> 34083.503 | F31: {=IFERROR(INDEX(Table2B.4_AQ_Dollars[[#Headers],[#Data],[Year]:[VOC]],MATCH(Table2.2_EmMoney[[#This Row],[Year]:[Year]],Table2B.4_AQ_Dollars[[#Headers],[#Data],[Year]:[Year]],0),MATCH(Table2.2_EmMoney[[#Headers],[CO2]],Table2B.4_AQ_Dollars[[#Headers],[Year]:[VOC]],0)),"")} -> 11624.368 | G31: {=IFERROR(INDEX(Table2B.4_AQ_Dollars[[#Headers],[#Data],[Year]:[VOC]],MATCH(Table2.2_EmMoney[[#This Row],[Year]:[Year]],Table2B.4_AQ_Dollars[[#Headers],[#Data],[Year]:[Year]],0),MATCH(Table2.2_EmMoney[[#Headers],[PM10]],Table2B.4_AQ_Dollars[[#Headers],[Year]:[VOC]],0)),"")} -> 0 | H31: {=IFERROR(INDEX(Table2B.4_AQ_Dollars[[#Headers],[#Data],[Year]:[VOC]],MATCH(Table2.2_EmMoney[[#This Row],[Year]:[Year]],Table2B.4_AQ_Dollars[[#Headers],[#Data],[Year]:[Year]],0),MATCH(Table2.2_EmMoney[[#Headers],[VOC]],Table2B.4_AQ_Dollars[[#Headers],[Year]:[VOC]],0)),"")} -> 0 | I31: =SUM(Table2.2_EmMoney[[#This Row],[NOX]:[VOC]]) -> 50961.901
B32: 2031 | C32: {=IFERROR(INDEX(Table2B.4_AQ_Dollars[[#Headers],[#Data],[Year]:[VOC]],MATCH(Table2.2_EmMoney[[#This Row],[Year]:[Year]],Table2B.4_AQ_Dollars[[#Headers],[#Data],[Year]:[Year]],0),MATCH(Table2.2_EmMoney[[#Headers],[NOX]],Table2B.4_AQ_Dollars[[#Headers],[Year]:[VOC]],0)),"")} -> 6451.7769 | D32: {=IFERROR(INDEX(Table2B.4_AQ_Dollars[[#Headers],[#Data],[Year]:[VOC]],MATCH(Table2.2_EmMoney[[#This Row],[Year]:[Year]],Table2B.4_AQ_Dollars[[#Headers],[#Data],[Year]:[Year]],0),MATCH(Table2.2_EmMoney[[#Headers],[SOx]],Table2B.4_AQ_Dollars[[#Headers],[Year]:[VOC]],0)),"")} -> 70.230854 | E32: {=IFERROR(INDEX(Table2B.4_AQ_Dollars[[#Headers],[#Data],[Year]:[VOC]],MATCH(Table2.2_EmMoney[[#This Row],[Year]:[Year]],Table2B.4_AQ_Dollars[[#Headers],[#Data],[Year]:[Year]],0),MATCH(Table2.2_EmMoney[[#Headers],[PM2.5]],Table2B.4_AQ_Dollars[[#Headers],[Year]:[VOC]],0)),"")} -> 44807.316 | F32: {=IFERROR(INDEX(Table2B.4_AQ_Dollars[[#Headers],[#Data],[Year]:[VOC]],MATCH(Table2.2_EmMoney[[#This Row],[Year]:[Year]],Table2B.4_AQ_Dollars[[#Headers],[#Data],[Year]:[Year]],0),MATCH(Table2.2_EmMoney[[#Headers],[CO2]],Table2B.4_AQ_Dollars[[#Headers],[Year]:[VOC]],0)),"")} -> 14714.628 | G32: {=IFERROR(INDEX(Table2B.4_AQ_Dollars[[#Headers],[#Data],[Year]:[VOC]],MATCH(Table2.2_EmMoney[[#This Row],[Year]:[Year]],Table2B.4_AQ_Dollars[[#Headers],[#Data],[Year]:[Year]],0),MATCH(Table2.2_EmMoney[[#Headers],[PM10]],Table2B.4_AQ_Dollars[[#Headers],[Year]:[VOC]],0)),"")} -> 0 | H32: {=IFERROR(INDEX(Table2B.4_AQ_Dollars[[#Headers],[#Data],[Year]:[VOC]],MATCH(Table2.2_EmMoney[[#This Row],[Year]:[Year]],Table2B.4_AQ_Dollars[[#Headers],[#Data],[Year]:[Year]],0),MATCH(Table2.2_EmMoney[[#Headers],[VOC]],Table2B.4_AQ_Dollars[[#Headers],[Year]:[VOC]],0)),"")} -> 0 | I32: =SUM(Table2.2_EmMoney[[#This Row],[NOX]:[VOC]]) -> 66043.952
B33: 2032 | C33: {=IFERROR(INDEX(Table2B.4_AQ_Dollars[[#Headers],[#Data],[Year]:[VOC]],MATCH(Table2.2_EmMoney[[#This Row],[Year]:[Year]],Table2B.4_AQ_Dollars[[#Headers],[#Data],[Year]:[Year]],0),MATCH(Table2.2_EmMoney[[#Headers],[NOX]],Table2B.4_AQ_Dollars[[#Headers],[Year]:[VOC]],0)),"")} -> 7621.9325 | D33: {=IFERROR(INDEX(Table2B.4_AQ_Dollars[[#Headers],[#Data],[Year]:[VOC]],MATCH(Table2.2_EmMoney[[#This Row],[Year]:[Year]],Table2B.4_AQ_Dollars[[#Headers],[#Data],[Year]:[Year]],0),MATCH(Table2.2_EmMoney[[#Headers],[SOx]],Table2B.4_AQ_Dollars[[#Headers],[Year]:[VOC]],0)),"")} -> 83.212658 | E33: {=IFERROR(INDEX(Table2B.4_AQ_Dollars[[#Headers],[#Data],[Year]:[VOC]],MATCH(Table2.2_EmMoney[[#This Row],[Year]:[Year]],Table2B.4_AQ_Dollars[[#Headers],[#Data],[Year]:[Year]],0),MATCH(Table2.2_EmMoney[[#Headers],[PM2.5]],Table2B.4_AQ_Dollars[[#Headers],[Year]:[VOC]],0)),"")} -> 54989.395 | F33: {=IFERROR(INDEX(Table2B.4_AQ_Dollars[[#Headers],[#Data],[Year]:[VOC]],MATCH(Table2.2_EmMoney[[#This Row],[Year]:[Year]],Table2B.4_AQ_Dollars[[#Headers],[#Data],[Year]:[Year]],0),MATCH(Table2.2_EmMoney[[#Headers],[CO2]],Table2B.4_AQ_Dollars[[#Headers],[Year]:[VOC]],0)),"")} -> 17704.105 | G33: {=IFERROR(INDEX(Table2B.4_AQ_Dollars[[#Headers],[#Data],[Year]:[VOC]],MATCH(Table2.2_EmMoney[[#This Row],[Year]:[Year]],Table2B.4_AQ_Dollars[[#Headers],[#Data],[Year]:[Year]],0),MATCH(Table2.2_EmMoney[[#Headers],[PM10]],Table2B.4_AQ_Dollars[[#Headers],[Year]:[VOC]],0)),"")} -> 0 | H33: {=IFERROR(INDEX(Table2B.4_AQ_Dollars[[#Headers],[#Data],[Year]:[VOC]],MATCH(Table2.2_EmMoney[[#This Row],[Year]:[Year]],Table2B.4_AQ_Dollars[[#Headers],[#Data],[Year]:[Year]],0),MATCH(Table2.2_EmMoney[[#Headers],[VOC]],Table2B.4_AQ_Dollars[[#Headers],[Year]:[VOC]],0)),"")} -> 0 | I33: =SUM(Table2.2_EmMoney[[#This Row],[NOX]:[VOC]]) -> 80398.645
C34: {=IFERROR(INDEX(Table2B.4_AQ_Dollars[[#Headers],[#Data],[Year]:[VOC]],MATCH(Table2.2_EmMoney[[#This Row],[Year]:[Year]],Table2B.4_AQ_Dollars[[#Headers],[#Data],[Year]:[Year]],0),MATCH(Table2.2_EmMoney[[#Headers],[NOX]],Table2B.4_AQ_Dollars[[#Headers],[Year]:[VOC]],0)),"")} | D34: {=IFERROR(INDEX(Table2B.4_AQ_Dollars[[#Headers],[#Data],[Year]:[VOC]],MATCH(Table2.2_EmMoney[[#This Row],[Year]:[Year]],Table2B.4_AQ_Dollars[[#Headers],[#Data],[Year]:[Year]],0),MATCH(Table2.2_EmMoney[[#Headers],[SOx]],Table2B.4_AQ_Dollars[[#Headers],[Year]:[VOC]],0)),"")} | E34: {=IFERROR(INDEX(Table2B.4_AQ_Dollars[[#Headers],[#Data],[Year]:[VOC]],MATCH(Table2.2_EmMoney[[#This Row],[Year]:[Year]],Table2B.4_AQ_Dollars[[#Headers],[#Data],[Year]:[Year]],0),MATCH(Table2.2_EmMoney[[#Headers],[PM2.5]],Table2B.4_AQ_Dollars[[#Headers],[Year]:[VOC]],0)),"")} | F34: {=IFERROR(INDEX(Table2B.4_AQ_Dollars[[#Headers],[#Data],[Year]:[VOC]],MATCH(Table2.2_EmMoney[[#This Row],[Year]:[Year]],Table2B.4_AQ_Dollars[[#Headers],[#Data],[Year]:[Year]],0),MATCH(Table2.2_EmMoney[[#Headers],[CO2]],Table2B.4_AQ_Dollars[[#Headers],[Year]:[VOC]],0)),"")} | G34: {=IFERROR(INDEX(Table2B.4_AQ_Dollars[[#Headers],[#Data],[Year]:[VOC]],MATCH(Table2.2_EmMoney[[#This Row],[Year]:[Year]],Table2B.4_AQ_Dollars[[#Headers],[#Data],[Year]:[Year]],0),MATCH(Table2.2_EmMoney[[#Headers],[PM10]],Table2B.4_AQ_Dollars[[#Headers],[Year]:[VOC]],0)),"")} | H34: {=IFERROR(INDEX(Table2B.4_AQ_Dollars[[#Headers],[#Data],[Year]:[VOC]],MATCH(Table2.2_EmMoney[[#This Row],[Year]:[Year]],Table2B.4_AQ_Dollars[[#Headers],[#Data],[Year]:[Year]],0),MATCH(Table2.2_EmMoney[[#Headers],[VOC]],Table2B.4_AQ_Dollars[[#Headers],[Year]:[VOC]],0)),"")}
